Workbook

Sheet REPUESTOS VEHICULOS
B1: Descuento | C1: 0.041
B2: IPC 2020 | C2: 0.038
B3: IPC2021 | C3: 0.03
A4: LISTA DE PRECIOS SECCIONAL MAGDALENA
E6: COTIZACIÓN No.1 | F6: COTIZACIÓN No.2 | G6: COTIZACIÓN No.3 | H6: HISTORICOS DE CONTRATACIÓN | I6: MINIMO | J6: PROMEDIO | K6: VALOR SELECCIONADO | M6: COTIZACIÓN No.1 | N6: COTIZACIÓN No.2 | O6: COTIZACIÓN No.3 | P6: HISTORICOS DE CONTRATACIÓN | Q6: MINIMO | R6: PROMEDIO | S6: VALOR SELECCIONADO | U6: COTIZACIÓN No.1 | V6: COTIZACIÓN No.2 | W6: COTIZACIÓN No.3 | X6: HISTORICOS DE CONTRATACIÓN | Y6: MINIMO | Z6: PROMEDIO | AA6: VALOR SELECCIONADO | AC6: COTIZACIÓN No.1 | AD6: COTIZACIÓN No.2 | AE6: COTIZACIÓN No.3 | AF6: HISTORICOS DE CONTRATACIÓN | AG6: MINIMO | AH6: PROMEDIO | AI6: VALOR SELECCIONADO | AK6: COTIZACIÓN No.1 | AL6: COTIZACIÓN No.2 | AM6: COTIZACIÓN No.3 | AN6: HISTORICOS DE CONTRATACIÓN | AO6: MINIMO | AP6: PROMEDIO | AQ6: VALOR SELECCIONADO | AS6: COTIZACIÓN No.1 | AT6: COTIZACIÓN No.2 | AU6: COTIZACIÓN No.3 | AV6: HISTORICOS DE CONTRATACIÓN | AW6: MINIMO | AX6: PROMEDIO | AY6: VALOR SELECCIONADO | BA6: COTIZACIÓN No.1 | BB6: COTIZACIÓN No.2 | BC6: COTIZACIÓN No.3 | BD6: HISTORICOS DE CONTRATACIÓN | BE6: MINIMO | BF6: PROMEDIO | BG6: VALOR SELECCIONADO | BI6: COTIZACIÓN No.1 | BJ6: COTIZACIÓN No.2 | BK6: COTIZACIÓN No.3 | BL6: HISTORICOS DE CONTRATACIÓN | BM6: MINIMO | BN6: PROMEDIO | BO6: VALOR SELECCIONADO | BQ6: COTIZACIÓN No.1 | BR6: COTIZACIÓN No.2 | BS6: COTIZACIÓN No.3 | BT6: HISTORICOS DE CONTRATACIÓN | BU6: MINIMO | BV6: PROMEDIO | BW6: VALOR SELECCIONADO | BY6: COTIZACIÓN No.1 | BZ6: COTIZACIÓN No.2 | CA6: COTIZACIÓN No.3 | CB6: HISTORICOS DE CONTRATACIÓN | CC6: MINIMO | CD6: PROMEDIO | CE6: VALOR SELECCIONADO | CG6: COTIZACIÓN No.1 | CH6: COTIZACIÓN No.2 | CI6: COTIZACIÓN No.3 | CJ6: HISTORICOS DE CONTRATACIÓN | CK6: MINIMO | CL6: PROMEDIO | CM6: VALOR SELECCIONADO | CO6: COTIZACIÓN No.1 | CP6: COTIZACIÓN No.2 | CQ6: COTIZACIÓN No.3 | CR6: HISTORICOS DE CONTRATACIÓN | CS6: MINIMO | CT6: PROMEDIO | CU6: VALOR SELECCIONADO | CW6: COTIZACIÓN No.1 | CX6: COTIZACIÓN No.2 | CY6: COTIZACIÓN No.3 | CZ6: HISTORICOS DE CONTRATACIÓN | DA6: MINIMO | DB6: PROMEDIO | DC6: VALOR SELECCIONADO | DE6: COTIZACIÓN No.1 | DF6: COTIZACIÓN No.2 | DG6: COTIZACIÓN No.3 | DH6: HISTORICOS DE CONTRATACIÓN | DI6: MINIMO | DJ6: PROMEDIO | DK6: VALOR SELECCIONADO | DM6: COTIZACIÓN No.1 | DN6: COTIZACIÓN No.2 | DO6: COTIZACIÓN No.3 | DP6: HISTORICOS DE CONTRATACIÓN | DQ6: MINIMO | DR6: PROMEDIO | DS6: VALOR SELECCIONADO | DU6: COTIZACIÓN No.1 | DV6: COTIZACIÓN No.2 | DW6: COTIZACIÓN No.3 | DX6: HISTORICOS DE CONTRATACIÓN | DY6: MINIMO | DZ6: PROMEDIO | EA6: VALOR SELECCIONADO | EC6: COTIZACIÓN No.1 | ED6: COTIZACIÓN No.2 | EE6: COTIZACIÓN No.3 | EF6: HISTORICOS DE CONTRATACIÓN | EG6: MINIMO | EH6: PROMEDIO | EI6: VALOR SELECCIONADO | EK6: COTIZACIÓN No.1 | EL6: COTIZACIÓN No.2 | EM6: COTIZACIÓN No.3 | EN6: HISTORICOS DE CONTRATACIÓN | EO6: MINIMO | EP6: PROMEDIO | EQ6: VALOR SELECCIONADO
A7: NECESIDAD CONTRATACÓN MULTIMARCA MANO DE OBRA | E7: 1. REPUESTOS | F7: 1. REPUESTOS | G7: 1. REPUESTOS | H7: 1. REPUESTOS | I7: 1. REPUESTOS | J7: 1. REPUESTOS | K7: 1. REPUESTOS | M7: 2. REPUESTOS | N7: 2. REPUESTOS | O7: 2. REPUESTOS | P7: 2. REPUESTOS | Q7: 2. REPUESTOS | R7: 2. REPUESTOS | S7: 2. REPUESTOS | U7: 3. REPUESTOS | V7: 3. REPUESTOS | W7: 3. REPUESTOS | X7: 3. REPUESTOS | Y7: 3. REPUESTOS | Z7: 3. REPUESTOS | AA7: 3. REPUESTOS | AC7: 4. REPUESTOS | AD7: 4. REPUESTOS | AE7: 4. REPUESTOS | AF7: 4. REPUESTOS | AG7: 4. REPUESTOS | AH7: 4. REPUESTOS | AI7: 4. REPUESTOS | AK7: 5. REPUESTOS | AL7: 5. REPUESTOS | AM7: 5. REPUESTOS | AN7: 5. REPUESTOS | AO7: 5. REPUESTOS | AP7: 5. REPUESTOS | AQ7: 5. REPUESTOS | AS7: 6. REPUESTOS | AT7: 6. REPUESTOS | AU7: 6. REPUESTOS | AV7: 6. REPUESTOS | AW7: 6. REPUESTOS | AX7: 6. REPUESTOS | AY7: 6. REPUESTOS | BA7: 7. REPUESTOS | BB7: 7. REPUESTOS | BC7: 7. REPUESTOS | BD7: 7. REPUESTOS | BE7: 7. REPUESTOS | BF7: 7. REPUESTOS | BG7: 7. REPUESTOS | BI7: 8. REPUESTOS | BJ7: 8. REPUESTOS | BK7: 8. REPUESTOS | BL7: 8. REPUESTOS | BM7: 8. REPUESTOS | BN7: 8. REPUESTOS | BO7: 8. REPUESTOS | BQ7: 9. REPUESTOS | BR7: 9. REPUESTOS | BS7: 9. REPUESTOS | BT7: 9. REPUESTOS | BU7: 9. REPUESTOS | BV7: 9. REPUESTOS | BW7: 9. REPUESTOS | BY7: 10. REPUESTOS | BZ7: 10. REPUESTOS | CA7: 10. REPUESTOS | CB7: 10. REPUESTOS | CC7: 10. REPUESTOS | CD7: 10. REPUESTOS | CE7: 10. REPUESTOS | CG7: 11. REPUESTOS | CH7: 11. REPUESTOS | CI7: 11. REPUESTOS | CJ7: 11. REPUESTOS | CK7: 11. REPUESTOS | CL7: 11. REPUESTOS | CM7: 11. REPUESTOS | CO7: 12. REPUESTOS | CP7: 12. REPUESTOS | CQ7: 12. REPUESTOS | CR7: 12. REPUESTOS | CS7: 12. REPUESTOS | CT7: 12. REPUESTOS | CU7: 12. REPUESTOS | CW7: 13. REPUESTOS | CX7: 13. REPUESTOS | CY7: 13. REPUESTOS | CZ7: 13. REPUESTOS | DA7: 13. REPUESTOS | DB7: 13. REPUESTOS | DC7: 13. REPUESTOS | DE7: 14. REPUESTOS | DF7: 14. REPUESTOS | DG7: 14. REPUESTOS | DH7: 14. REPUESTOS | DI7: 14. REPUESTOS | DJ7: 14. REPUESTOS | DK7: 14. REPUESTOS | DM7: 15. REPUESTOS | DN7: 15. REPUESTOS | DO7: 15. REPUESTOS | DP7: 15. REPUESTOS | DQ7: 15. REPUESTOS | DR7: 15. REPUESTOS | DS7: 15. REPUESTOS | DU7: 16. REPUESTOS | DV7: 16. REPUESTOS | DW7: 16. REPUESTOS | DX7: 16. REPUESTOS | DY7: 16. REPUESTOS | DZ7: 16. REPUESTOS | EA7: 16. REPUESTOS | EC7: 17. REPUESTOS | ED7: 17. REPUESTOS | EE7: 17. REPUESTOS | EF7: 17. REPUESTOS | EG7: 17. REPUESTOS | EH7: 17. REPUESTOS | EI7: 17. REPUESTOS | EK7: 18. REPUESTOS | EL7: 18. REPUESTOS | EM7: 18. REPUESTOS | EN7: 18. REPUESTOS | EO7: 18. REPUESTOS | EP7: 18. REPUESTOS | EQ7: 18. REPUESTOS
A9: NOMBRE DEL ACTIVO | E9: CAMIONETA | F9: CAMIONETA | G9: CAMIONETA | H9: CAMIONETA | I9: CAMIONETA | J9: CAMIONETA | K9: CAMIONETA | M9: CAMIONETA | N9: CAMIONETA | O9: CAMIONETA | P9: CAMIONETA | Q9: CAMIONETA | R9: CAMIONETA | S9: CAMIONETA | U9: AUTOMÓVIL | V9: AUTOMÓVIL | W9: AUTOMÓVIL | X9: AUTOMÓVIL | Y9: AUTOMÓVIL | Z9: AUTOMÓVIL | AA9: AUTOMÓVIL | AC9: AUTOMÓVIL | AD9: AUTOMÓVIL | AE9: AUTOMÓVIL | AF9: AUTOMÓVIL | AG9: AUTOMÓVIL | AH9: AUTOMÓVIL | AI9: AUTOMÓVIL | AK9: CAMIONETA | AL9: CAMIONETA | AM9: CAMIONETA | AN9: CAMIONETA | AO9: CAMIONETA | AP9: CAMIONETA | AQ9: CAMIONETA | AS9: AUTOMÓVIL | AT9: AUTOMÓVIL | AU9: AUTOMÓVIL | AV9: AUTOMÓVIL | AW9: AUTOMÓVIL | AX9: AUTOMÓVIL | AY9: AUTOMÓVIL | BA9: CAMIONETA | BB9: CAMIONETA | BC9: CAMIONETA | BD9: CAMIONETA | BE9: CAMIONETA | BF9: CAMIONETA | BG9: CAMIONETA | BI9: CAMIONETA | BJ9: CAMIONETA | BK9: CAMIONETA | BL9: CAMIONETA | BM9: CAMIONETA | BN9: CAMIONETA | BO9: CAMIONETA | BQ9: CAMPERO | BR9: CAMPERO | BS9: CAMPERO | BT9: CAMPERO | BU9: CAMPERO | BV9: CAMPERO | BW9: CAMPERO | BY9: AUTOMÓVIL | BZ9: AUTOMÓVIL | CA9: AUTOMÓVIL | CB9: AUTOMÓVIL | CC9: AUTOMÓVIL | CD9: AUTOMÓVIL | CE9: AUTOMÓVIL | CG9: CAMIONETA | CH9: CAMIONETA | CI9: CAMIONETA | CJ9: CAMIONETA | CK9: CAMIONETA | CL9: CAMIONETA | CM9: CAMIONETA | CO9: CAMIONETA / CAMERO | CP9: CAMIONETA / CAMERO | CQ9: CAMIONETA / CAMERO | CR9: CAMIONETA / CAMERO | CS9: CAMIONETA / CAMERO | CT9: CAMIONETA / CAMERO | CU9: CAMIONETA / CAMERO | CW9: CAMIONETA / CAMERO | CX9: CAMIONETA / CAMERO | CY9: CAMIONETA / CAMERO | CZ9: CAMIONETA / CAMERO | DA9: CAMIONETA / CAMERO | DB9: CAMIONETA / CAMERO | DC9: CAMIONETA / CAMERO | DE9: AUTOMÓVIL | DF9: AUTOMÓVIL | DG9: AUTOMÓVIL | DH9: AUTOMÓVIL | DI9: AUTOMÓVIL | DJ9: AUTOMÓVIL | DK9: AUTOMÓVIL | DM9: AUTOMÓVIL | DN9: AUTOMÓVIL | DO9: AUTOMÓVIL | DP9: AUTOMÓVIL | DQ9: AUTOMÓVIL | DR9: AUTOMÓVIL | DS9: AUTOMÓVIL | DU9: AUTOMÓVIL | DV9: AUTOMÓVIL | DW9: AUTOMÓVIL | DX9: AUTOMÓVIL | DY9: AUTOMÓVIL | DZ9: AUTOMÓVIL | EA9: AUTOMÓVIL | EC9: AUTOMÓVIL | ED9: AUTOMÓVIL | EE9: AUTOMÓVIL | EF9: AUTOMÓVIL | EG9: AUTOMÓVIL | EH9: AUTOMÓVIL | EI9: AUTOMÓVIL | EK9: AUTOMÓVIL | EL9: AUTOMÓVIL | EM9: AUTOMÓVIL | EN9: AUTOMÓVIL | EO9: AUTOMÓVIL | EP9: AUTOMÓVIL | EQ9: AUTOMÓVIL
A10: MARCA | E10: CHEVROLET | F10: CHEVROLET | G10: CHEVROLET | H10: CHEVROLET | I10: CHEVROLET | J10: CHEVROLET | K10: CHEVROLET | M10: CHEVROLET | N10: CHEVROLET | O10: CHEVROLET | P10: CHEVROLET | Q10: CHEVROLET | R10: CHEVROLET | S10: CHEVROLET | U10: CHEVROLET | V10: CHEVROLET | W10: CHEVROLET | X10: CHEVROLET | Y10: CHEVROLET | Z10: CHEVROLET | AA10: CHEVROLET | AC10: HYUNDAI | AD10: HYUNDAI | AE10: HYUNDAI | AF10: HYUNDAI | AG10: HYUNDAI | AH10: HYUNDAI | AI10: HYUNDAI | AK10: MAZDA | AL10: MAZDA | AM10: MAZDA | AN10: MAZDA | AO10: MAZDA | AP10: MAZDA | AQ10: MAZDA | AS10: MAZDA | AT10: MAZDA | AU10: MAZDA | AV10: MAZDA | AW10: MAZDA | AX10: MAZDA | AY10: MAZDA | BA10: NISSAN | BB10: NISSAN | BC10: NISSAN | BD10: NISSAN | BE10: NISSAN | BF10: NISSAN | BG10: NISSAN | BI10: NISSAN | BJ10: NISSAN | BK10: NISSAN | BL10: NISSAN | BM10: NISSAN | BN10: NISSAN | BO10: NISSAN | BQ10: NISSAN | BR10: NISSAN | BS10: NISSAN | BT10: NISSAN | BU10: NISSAN | BV10: NISSAN | BW10: NISSAN | BY10: NISSAN | BZ10: NISSAN | CA10: NISSAN | CB10: NISSAN | CC10: NISSAN | CD10: NISSAN | CE10: NISSAN | CG10: RENAULT | CH10: RENAULT | CI10: RENAULT | CJ10: RENAULT | CK10: RENAULT | CL10: RENAULT | CM10: RENAULT | CO10: RENAULT | CP10: RENAULT | CQ10: RENAULT | CR10: RENAULT | CS10: RENAULT | CT10: RENAULT | CU10: RENAULT | CW10: RENAULT | CX10: RENAULT | CY10: RENAULT | CZ10: RENAULT | DA10: RENAULT | DB10: RENAULT | DC10: RENAULT | DE10: RENAULT | DF10: RENAULT | DG10: RENAULT | DH10: RENAULT | DI10: RENAULT | DJ10: RENAULT | DK10: RENAULT | DM10: RENAULT | DN10: RENAULT | DO10: RENAULT | DP10: RENAULT | DQ10: RENAULT | DR10: RENAULT | DS10: RENAULT | DU10: FORD | DV10: FORD | DW10: FORD | DX10: FORD | DY10: FORD | DZ10: FORD | EA10: FORD | EC10: CHEVROLET | ED10: CHEVROLET | EE10: CHEVROLET | EF10: CHEVROLET | EG10: CHEVROLET | EH10: CHEVROLET | EI10: CHEVROLET | EK10: RENAULT | EL10: RENAULT | EM10: RENAULT | EN10: RENAULT | EO10: RENAULT | EP10: RENAULT | EQ10: RENAULT
A11: LÍNEA | C11: CANTIDAD | E11: LUV D-MAX (9) | F11: LUV D-MAX (9) | G11: LUV D-MAX (9) | H11: LUV D-MAX (9) | I11: LUV D-MAX (9) | J11: LUV D-MAX (9) | K11: LUV D-MAX (9) | M11: D-MAX (1) | N11: D-MAX (1) | O11: D-MAX (1) | P11: D-MAX (1) | Q11: D-MAX (1) | R11: D-MAX (1) | S11: D-MAX (1) | U11: SONIC (1) | V11: SONIC (1) | W11: SONIC (1) | X11: SONIC (1) | Y11: SONIC (1) | Z11: SONIC (1) | AA11: SONIC (1) | AC11: ACCENT (1) | AD11: ACCENT (1) | AE11: ACCENT (1) | AF11: ACCENT (1) | AG11: ACCENT (1) | AH11: ACCENT (1) | AI11: ACCENT (1) | AK11: BT-50 (1) | AL11: BT-50 (1) | AM11: BT-50 (1) | AN11: BT-50 (1) | AO11: BT-50 (1) | AP11: BT-50 (1) | AQ11: BT-50 (1) | AS11: TRES (1) | AT11: TRES (1) | AU11: TRES (1) | AV11: TRES (1) | AW11: TRES (1) | AX11: TRES (1) | AY11: TRES (1) | BA11: FRONTIER D22 (16) | BB11: FRONTIER D22 (16) | BC11: FRONTIER D22 (16) | BD11: FRONTIER D22 (16) | BE11: FRONTIER D22 (16) | BF11: FRONTIER D22 (16) | BG11: FRONTIER D22 (16) | BI11: NAVARA (1) | BJ11: NAVARA (1) | BK11: NAVARA (1) | BL11: NAVARA (1) | BM11: NAVARA (1) | BN11: NAVARA (1) | BO11: NAVARA (1) | BQ11: XTRAIL (1) | BR11: XTRAIL (1) | BS11: XTRAIL (1) | BT11: XTRAIL (1) | BU11: XTRAIL (1) | BV11: XTRAIL (1) | BW11: XTRAIL (1) | BY11: VERSA (1) | BZ11: VERSA (1) | CA11: VERSA (1) | CB11: VERSA (1) | CC11: VERSA (1) | CD11: VERSA (1) | CE11: VERSA (1) | CG11: ALASKAN (4) | CH11: ALASKAN (4) | CI11: ALASKAN (4) | CJ11: ALASKAN (4) | CK11: ALASKAN (4) | CL11: ALASKAN (4) | CM11: ALASKAN (4) | CO11: DUSTER (6) | CP11: DUSTER (6) | CQ11: DUSTER (6) | CR11: DUSTER (6) | CS11: DUSTER (6) | CT11: DUSTER (6) | CU11: DUSTER (6) | CW11: DUSTER OROCH (1) | CX11: DUSTER OROCH (1) | CY11: DUSTER OROCH (1) | CZ11: DUSTER OROCH (1) | DA11: DUSTER OROCH (1) | DB11: DUSTER OROCH (1) | DC11: DUSTER OROCH (1) | DE11: LOGAN (2) | DF11: LOGAN (2) | DG11: LOGAN (2) | DH11: LOGAN (2) | DI11: LOGAN (2) | DJ11: LOGAN (2) | DK11: LOGAN (2) | DM11: SCALA(1) | DN11: SCALA(1) | DO11: SCALA(1) | DP11: SCALA(1) | DQ11: SCALA(1) | DR11: SCALA(1) | DS11: SCALA(1) | DU11: FIESTA (1) | DV11: FIESTA (1) | DW11: FIESTA (1) | DX11: FIESTA (1) | DY11: FIESTA (1) | DZ11: FIESTA (1) | EA11: FIESTA (1) | EC11: SAIL (1) | ED11: SAIL (1) | EE11: SAIL (1) | EF11: SAIL (1) | EG11: SAIL (1) | EH11: SAIL (1) | EI11: SAIL (1) | EK11: CLIO | EL11: CLIO | EM11: CLIO | EN11: CLIO | EO11: CLIO | EP11: CLIO | EQ11: CLIO
A12: MODELO | E12: 2007 A 2013 | F12: 2007 A 2013 | G12: 2007 A 2013 | H12: 2007 A 2013 | I12: 2007 A 2013 | J12: 2007 A 2013 | K12: 2007 A 2013 | M12: 2020 | N12: 2020 | O12: 2020 | P12: 2020 | Q12: 2020 | R12: 2020 | S12: 2020 | U12: 2016 | V12: 2016 | W12: 2016 | X12: 2016 | Y12: 2016 | Z12: 2016 | AA12: 2016 | AC12: 2005 | AD12: 2005 | AE12: 2005 | AF12: 2005 | AG12: 2005 | AH12: 2005 | AI12: 2005 | AK12: 2009 | AL12: 2009 | AM12: 2009 | AN12: 2009 | AO12: 2009 | AP12: 2009 | AQ12: 2009 | AS12: 2007 | AT12: 2007 | AU12: 2007 | AV12: 2007 | AW12: 2007 | AX12: 2007 | AY12: 2007 | BA12: 2010-12-13-18 | BB12: 2010-12-13-18 | BC12: 2010-12-13-18 | BD12: 2010-12-13-18 | BE12: 2010-12-13-18 | BF12: 2010-12-13-18 | BG12: 2010-12-13-18 | BI12: 2014 | BJ12: 2014 | BK12: 2014 | BL12: 2014 | BM12: 2014 | BN12: 2014 | BO12: 2014 | BQ12: 2014 | BR12: 2014 | BS12: 2014 | BT12: 2014 | BU12: 2014 | BV12: 2014 | BW12: 2014 | BY12: 2015 | BZ12: 2015 | CA12: 2015 | CB12: 2015 | CC12: 2015 | CD12: 2015 | CE12: 2015 | CG12: 2018 | CH12: 2018 | CI12: 2018 | CJ12: 2018 | CK12: 2018 | CL12: 2018 | CM12: 2018 | CO12: 2016 A 2017 | CP12: 2016 A 2017 | CQ12: 2016 A 2017 | CR12: 2016 A 2017 | CS12: 2016 A 2017 | CT12: 2016 A 2017 | CU12: 2016 A 2017 | CW12: 2020 | CX12: 2020 | CY12: 2020 | CZ12: 2020 | DA12: 2020 | DB12: 2020 | DC12: 2020 | DE12: 2019 | DF12: 2019 | DG12: 2019 | DH12: 2019 | DI12: 2019 | DJ12: 2019 | DK12: 2019 | DM12: 2012 | DN12: 2012 | DO12: 2012 | DP12: 2012 | DQ12: 2012 | DR12: 2012 | DS12: 2012 | DU12: 2014 | DV12: 2014 | DW12: 2014 | DX12: 2014 | DY12: 2014 | DZ12: 2014 | EA12: 2014 | EC12: 2014 | ED12: 2014 | EE12: 2014 | EF12: 2014 | EG12: 2014 | EH12: 2014 | EI12: 2014 | EK12: 2016 | EL12: 2016 | EM12: 2016 | EN12: 2016 | EO12: 2016 | EP12: 2016 | EQ12: 2016
A13: MUTIMARCA CAMIONETAS Y AUTOMÓVILES | E13: COSTO REPUESTO (S) | F13: COSTO REPUESTO (S) | G13: COSTO REPUESTO (S) | H13: COSTO REPUESTO (S) | I13: COSTO REPUESTO (S) | J13: COSTO REPUESTO (S) | K13: COSTO REPUESTO (S) | M13: COSTO REPUESTO (S) | N13: COSTO REPUESTO (S) | O13: COSTO REPUESTO (S) | P13: COSTO REPUESTO (S) | Q13: COSTO REPUESTO (S) | R13: COSTO REPUESTO (S) | S13: COSTO REPUESTO (S) | U13: COSTO REPUESTO (S) | V13: COSTO REPUESTO (S) | W13: COSTO REPUESTO (S) | X13: COSTO REPUESTO (S) | Y13: COSTO REPUESTO (S) | Z13: COSTO REPUESTO (S) | AA13: COSTO REPUESTO (S) | AC13: COSTO REPUESTO (S) | AD13: COSTO REPUESTO (S) | AE13: COSTO REPUESTO (S) | AF13: COSTO REPUESTO (S) | AG13: COSTO REPUESTO (S) | AH13: COSTO REPUESTO (S) | AI13: COSTO REPUESTO (S) | AK13: COSTO REPUESTO (S) | AL13: COSTO REPUESTO (S) | AM13: COSTO REPUESTO (S) | AN13: COSTO REPUESTO (S) | AO13: COSTO REPUESTO (S) | AP13: COSTO REPUESTO (S) | AQ13: COSTO REPUESTO (S) | AS13: COSTO REPUESTO (S) | AT13: COSTO REPUESTO (S) | AU13: COSTO REPUESTO (S) | AV13: COSTO REPUESTO (S) | AW13: COSTO REPUESTO (S) | AX13: COSTO REPUESTO (S) | AY13: COSTO REPUESTO (S) | BA13: COSTO REPUESTO (S) | BB13: COSTO REPUESTO (S) | BC13: COSTO REPUESTO (S) | BD13: COSTO REPUESTO (S) | BE13: COSTO REPUESTO (S) | BF13: COSTO REPUESTO (S) | BG13: COSTO REPUESTO (S) | BI13: COSTO REPUESTO (S) | BJ13: COSTO REPUESTO (S) | BK13: COSTO REPUESTO (S) | BL13: COSTO REPUESTO (S) | BM13: COSTO REPUESTO (S) | BN13: COSTO REPUESTO (S) | BO13: COSTO REPUESTO (S) | BQ13: COSTO REPUESTO (S) | BR13: COSTO REPUESTO (S) | BS13: COSTO REPUESTO (S) | BT13: COSTO REPUESTO (S) | BU13: COSTO REPUESTO (S) | BV13: COSTO REPUESTO (S) | BW13: COSTO REPUESTO (S) | BY13: COSTO REPUESTO (S) | BZ13: COSTO REPUESTO (S) | CA13: COSTO REPUESTO (S) | CB13: COSTO REPUESTO (S) | CC13: COSTO REPUESTO (S) | CD13: COSTO REPUESTO (S) | CE13: COSTO REPUESTO (S) | CG13: COSTO REPUESTO (S) | CH13: COSTO REPUESTO (S) | CI13: COSTO REPUESTO (S) | CJ13: COSTO REPUESTO (S) | CK13: COSTO REPUESTO (S) | CL13: COSTO REPUESTO (S) | CM13: COSTO REPUESTO (S) | CO13: COSTO REPUESTO (S) | CP13: COSTO REPUESTO (S) | CQ13: COSTO REPUESTO (S) | CR13: COSTO REPUESTO (S) | CS13: COSTO REPUESTO (S) | CT13: COSTO REPUESTO (S) | CU13: COSTO REPUESTO (S) | CW13: COSTO REPUESTO (S) | CX13: COSTO REPUESTO (S) | CY13: COSTO REPUESTO (S) | CZ13: COSTO REPUESTO (S) | DA13: COSTO REPUESTO (S) | DB13: COSTO REPUESTO (S) | DC13: COSTO REPUESTO (S) | DE13: COSTO REPUESTO (S) | DF13: COSTO REPUESTO (S) | DG13: COSTO REPUESTO (S) | DH13: COSTO REPUESTO (S) | DI13: COSTO REPUESTO (S) | DJ13: COSTO REPUESTO (S) | DK13: COSTO REPUESTO (S) | DM13: COSTO REPUESTO (S) | DN13: COSTO REPUESTO (S) | DO13: COSTO REPUESTO (S) | DP13: COSTO REPUESTO (S) | DQ13: COSTO REPUESTO (S) | DR13: COSTO REPUESTO (S) | DS13: COSTO REPUESTO (S) | DU13: COSTO REPUESTO (S) | DV13: COSTO REPUESTO (S) | DW13: COSTO REPUESTO (S) | DX13: COSTO REPUESTO (S) | DY13: COSTO REPUESTO (S) | DZ13: COSTO REPUESTO (S) | EA13: COSTO REPUESTO (S) | EC13: COSTO REPUESTO (S) | ED13: COSTO REPUESTO (S) | EE13: COSTO REPUESTO (S) | EF13: COSTO REPUESTO (S) | EG13: COSTO REPUESTO (S) | EH13: COSTO REPUESTO (S) | EI13: COSTO REPUESTO (S) | EK13: COSTO REPUESTO (S) | EL13: COSTO REPUESTO (S) | EM13: COSTO REPUESTO (S) | EN13: COSTO REPUESTO (S) | EO13: COSTO REPUESTO (S) | EP13: COSTO REPUESTO (S) | EQ13: COSTO REPUESTO (S)
E14: VALOR UNITARIO INCLUIDO IVA | F14: VALOR UNITARIO INCLUIDO IVA | G14: VALOR UNITARIO INCLUIDO IVA | H14: VALOR UNITARIO INCLUIDO IVA | I14: VALOR UNITARIO INCLUIDO IVA | J14: VALOR UNITARIO INCLUIDO IVA | K14: VALOR UNITARIO INCLUIDO IVA | M14: VALOR UNITARIO INCLUIDO IVA | N14: VALOR UNITARIO INCLUIDO IVA | O14: VALOR UNITARIO INCLUIDO IVA | P14: VALOR UNITARIO INCLUIDO IVA | Q14: VALOR UNITARIO INCLUIDO IVA | R14: VALOR UNITARIO INCLUIDO IVA | S14: VALOR UNITARIO INCLUIDO IVA | U14: VALOR UNITARIO INCLUIDO IVA | V14: VALOR UNITARIO INCLUIDO IVA | W14: VALOR UNITARIO INCLUIDO IVA | X14: VALOR UNITARIO INCLUIDO IVA | Y14: VALOR UNITARIO INCLUIDO IVA | Z14: VALOR UNITARIO INCLUIDO IVA | AA14: VALOR UNITARIO INCLUIDO IVA | AC14: VALOR UNITARIO INCLUIDO IVA | AD14: VALOR UNITARIO INCLUIDO IVA | AE14: VALOR UNITARIO INCLUIDO IVA | AF14: VALOR UNITARIO INCLUIDO IVA | AG14: VALOR UNITARIO INCLUIDO IVA | AH14: VALOR UNITARIO INCLUIDO IVA | AI14: VALOR UNITARIO INCLUIDO IVA | AK14: VALOR UNITARIO INCLUIDO IVA | AL14: VALOR UNITARIO INCLUIDO IVA | AM14: VALOR UNITARIO INCLUIDO IVA | AN14: VALOR UNITARIO INCLUIDO IVA | AO14: VALOR UNITARIO INCLUIDO IVA | AP14: VALOR UNITARIO INCLUIDO IVA | AQ14: VALOR UNITARIO INCLUIDO IVA | AS14: VALOR UNITARIO INCLUIDO IVA | AT14: VALOR UNITARIO INCLUIDO IVA | AU14: VALOR UNITARIO INCLUIDO IVA | AV14: VALOR UNITARIO INCLUIDO IVA | AW14: VALOR UNITARIO INCLUIDO IVA | AX14: VALOR UNITARIO INCLUIDO IVA | AY14: VALOR UNITARIO INCLUIDO IVA | BA14: VALOR UNITARIO INCLUIDO IVA | BB14: VALOR UNITARIO INCLUIDO IVA | BC14: VALOR UNITARIO INCLUIDO IVA | BD14: VALOR UNITARIO INCLUIDO IVA | BE14: VALOR UNITARIO INCLUIDO IVA | BF14: VALOR UNITARIO INCLUIDO IVA | BG14: VALOR UNITARIO INCLUIDO IVA | BI14: VALOR UNITARIO INCLUIDO IVA | BJ14: VALOR UNITARIO INCLUIDO IVA | BK14: VALOR UNITARIO INCLUIDO IVA | BL14: VALOR UNITARIO INCLUIDO IVA | BM14: VALOR UNITARIO INCLUIDO IVA | BN14: VALOR UNITARIO INCLUIDO IVA | BO14: VALOR UNITARIO INCLUIDO IVA | BQ14: VALOR UNITARIO INCLUIDO IVA | BR14: VALOR UNITARIO INCLUIDO IVA | BS14: VALOR UNITARIO INCLUIDO IVA | BT14: VALOR UNITARIO INCLUIDO IVA | BU14: VALOR UNITARIO INCLUIDO IVA | BV14: VALOR UNITARIO INCLUIDO IVA | BW14: VALOR UNITARIO INCLUIDO IVA | BY14: VALOR UNITARIO INCLUIDO IVA | BZ14: VALOR UNITARIO INCLUIDO IVA | CA14: VALOR UNITARIO INCLUIDO IVA | CB14: VALOR UNITARIO INCLUIDO IVA | CC14: VALOR UNITARIO INCLUIDO IVA | CD14: VALOR UNITARIO INCLUIDO IVA | CE14: VALOR UNITARIO INCLUIDO IVA | CG14: VALOR UNITARIO INCLUIDO IVA | CH14: VALOR UNITARIO INCLUIDO IVA | CI14: VALOR UNITARIO INCLUIDO IVA | CJ14: VALOR UNITARIO INCLUIDO IVA | CK14: VALOR UNITARIO INCLUIDO IVA | CL14: VALOR UNITARIO INCLUIDO IVA | CM14: VALOR UNITARIO INCLUIDO IVA | CO14: VALOR UNITARIO INCLUIDO IVA | CP14: VALOR UNITARIO INCLUIDO IVA | CQ14: VALOR UNITARIO INCLUIDO IVA | CR14: VALOR UNITARIO INCLUIDO IVA | CS14: VALOR UNITARIO INCLUIDO IVA | CT14: VALOR UNITARIO INCLUIDO IVA | CU14: VALOR UNITARIO INCLUIDO IVA | CW14: VALOR UNITARIO INCLUIDO IVA | CX14: VALOR UNITARIO INCLUIDO IVA | CY14: VALOR UNITARIO INCLUIDO IVA | CZ14: VALOR UNITARIO INCLUIDO IVA | DA14: VALOR UNITARIO INCLUIDO IVA | DB14: VALOR UNITARIO INCLUIDO IVA | DC14: VALOR UNITARIO INCLUIDO IVA | DE14: VALOR UNITARIO INCLUIDO IVA | DF14: VALOR UNITARIO INCLUIDO IVA | DG14: VALOR UNITARIO INCLUIDO IVA | DH14: VALOR UNITARIO INCLUIDO IVA | DI14: VALOR UNITARIO INCLUIDO IVA | DJ14: VALOR UNITARIO INCLUIDO IVA | DK14: VALOR UNITARIO INCLUIDO IVA | DM14: VALOR UNITARIO INCLUIDO IVA | DN14: VALOR UNITARIO INCLUIDO IVA | DO14: VALOR UNITARIO INCLUIDO IVA | DP14: VALOR UNITARIO INCLUIDO IVA | DQ14: VALOR UNITARIO INCLUIDO IVA | DR14: VALOR UNITARIO INCLUIDO IVA | DS14: VALOR UNITARIO INCLUIDO IVA | DU14: VALOR UNITARIO INCLUIDO IVA | DV14: VALOR UNITARIO INCLUIDO IVA | DW14: VALOR UNITARIO INCLUIDO IVA | DX14: VALOR UNITARIO INCLUIDO IVA | DY14: VALOR UNITARIO INCLUIDO IVA | DZ14: VALOR UNITARIO INCLUIDO IVA | EA14: VALOR UNITARIO INCLUIDO IVA | EC14: VALOR UNITARIO INCLUIDO IVA | ED14: VALOR UNITARIO INCLUIDO IVA | EE14: VALOR UNITARIO INCLUIDO IVA | EF14: VALOR UNITARIO INCLUIDO IVA | EG14: VALOR UNITARIO INCLUIDO IVA | EH14: VALOR UNITARIO INCLUIDO IVA | EI14: VALOR UNITARIO INCLUIDO IVA | EK14: VALOR UNITARIO INCLUIDO IVA | EL14: VALOR UNITARIO INCLUIDO IVA | EM14: VALOR UNITARIO INCLUIDO IVA | EN14: VALOR UNITARIO INCLUIDO IVA | EO14: VALOR UNITARIO INCLUIDO IVA | EP14: VALOR UNITARIO INCLUIDO IVA | EQ14: VALOR UNITARIO INCLUIDO IVA
A15: ÌTEM | B15: SISTEMA DE FRENOS
A16: 1 | B16: Juego de Bandas Remachadas (Dos pares) | C16: 1 | E16: 180278.41 | F16: 190538.15 | H16: 136228.33 | I16: =+IF(E16="N/A","N/A",MIN(E16:H16)) -> 136228.33 | J16: =+IF(E16="N/A","N/A",ROUND(AVERAGE(E16:H16),0)) -> 169015 | K16: =+IF(I16="N/A","N/A",AVERAGE(I16:J16)) -> 152621.66 | M16: 218325 | N16: 230750 | P16: 164978.44 | Q16: =+IF(M16="N/A","N/A",MIN(M16:P16)) -> 164978.44 | R16: =+IF(M16="N/A","N/A",ROUND(AVERAGE(M16:P16),0)) -> 204684 | S16: =+IF(Q16="N/A","N/A",AVERAGE(Q16:R16)) -> 184831.22 | U16: 185525 | X16: 140192.95 | Y16: =+IF(U16="N/A","N/A",MIN(U16:X16)) -> 140192.95 | Z16: =+IF(U16="N/A","N/A",ROUND(AVERAGE(U16:X16),0)) -> 162859 | AA16: =+IF(Y16="N/A","N/A",AVERAGE(Y16:Z16)) -> 151525.97 | AC16: N/A | AD16: N/A | AE16: N/A | AF16: N/A | AG16: N/A | AH16: N/A | AI16: N/A | AK16: 180278.41 | AL16: 190538.15 | AN16: 136228.33 | AO16: =+IF(AK16="N/A","N/A",MIN(AK16:AN16)) -> 136228.33 | AP16: =+IF(AK16="N/A","N/A",ROUND(AVERAGE(AK16:AN16),0)) -> 169015 | AQ16: =+IF(AO16="N/A","N/A",AVERAGE(AO16:AP16)) -> 152621.66 | AS16: N/A | AT16: N/A | AU16: N/A | AV16: N/A | AW16: N/A | AX16: N/A | AY16: N/A | BA16: 208075 | BB16: 219916.67 | BD16: 157232.97 | BE16: =+IF(BA16="N/A","N/A",MIN(BA16:BD16)) -> 157232.97 | BF16: =+IF(BA16="N/A","N/A",ROUND(AVERAGE(BA16:BD16),0)) -> 195075 | BG16: =+IF(BE16="N/A","N/A",AVERAGE(BE16:BF16)) -> 176153.99 | BI16: 208075 | BJ16: 219916.67 | BL16: 157232.97 | BM16: =+IF(BI16="N/A","N/A",MIN(BI16:BL16)) -> 157232.97 | BN16: =+IF(BI16="N/A","N/A",ROUND(AVERAGE(BI16:BL16),0)) -> 195075 | BO16: =+IF(BM16="N/A","N/A",AVERAGE(BM16:BN16)) -> 176153.99 | BQ16: 208075 | BR16: 219916.67 | BT16: 157232.97 | BU16: =+IF(BQ16="N/A","N/A",MIN(BQ16:BT16)) -> 157232.97 | BV16: =+IF(BQ16="N/A","N/A",ROUND(AVERAGE(BQ16:BT16),0)) -> 195075 | BW16: =+IF(BU16="N/A","N/A",AVERAGE(BU16:BV16)) -> 176153.99 | BY16: N/A | BZ16: N/A | CA16: N/A | CB16: N/A | CC16: N/A | CD16: N/A | CE16: N/A | CG16: 177151.86 | CH16: 187233.68 | CJ16: 133865.74 | CK16: =+IF(CG16="N/A","N/A",MIN(CG16:CJ16)) -> 133865.74 | CL16: =+IF(CG16="N/A","N/A",ROUND(AVERAGE(CG16:CJ16),0)) -> 166084 | CM16: =+IF(CK16="N/A","N/A",AVERAGE(CK16:CL16)) -> 149974.87 | CO16: 175665.91 | CP16: 185663.15 | CR16: 132742.87 | CS16: =+IF(CO16="N/A","N/A",MIN(CO16:CR16)) -> 132742.87 | CT16: =+IF(CO16="N/A","N/A",ROUND(AVERAGE(CO16:CR16),0)) -> 164691 | CU16: =+IF(CS16="N/A","N/A",AVERAGE(CS16:CT16)) -> 148716.93 | CW16: 201925 | CX16: 213416.67 | CZ16: 152585.69 | DA16: =+IF(CW16="N/A","N/A",MIN(CW16:CZ16)) -> 152585.69 | DB16: =+IF(CW16="N/A","N/A",ROUND(AVERAGE(CW16:CZ16),0)) -> 189309 | DC16: =+IF(DA16="N/A","N/A",AVERAGE(DA16:DB16)) -> 170947.35 | DE16: N/A | DF16: N/A | DG16: N/A | DH16: N/A | DI16: N/A | DJ16: N/A | DK16: N/A | DM16: N/A | DN16: N/A | DO16: N/A | DP16: N/A | DQ16: N/A | DR16: N/A | DS16: N/A | DU16: N/A | DV16: N/A | DX16: N/A | DY16: N/A | DZ16: N/A | EA16: N/A | ED16: 219916.67 | EG16: =+IF(EC16="N/A","N/A",MIN(EC16:EF16)) -> 219916.67 | EH16: =+IF(EC16="N/A","N/A",ROUND(AVERAGE(EC16:EF16),0)) -> 219917 | EI16: =+IF(EG16="N/A","N/A",AVERAGE(EG16:EH16)) -> 219916.83 | EK16: N/A | EL16: N/A | EM16: N/A | EN16: N/A | EO16: N/A | EP16: N/A | EQ16: N/A
A17: 2 | B17: Juego De Bandas Frenos (Dos pares) | C17: 1 | E17: 303241.5 | F17: 320499.15 | H17: 229146.04 | I17: =+IF(E17="N/A","N/A",MIN(E17:H17)) -> 229146.04 | J17: =+IF(E17="N/A","N/A",ROUND(AVERAGE(E17:H17),0)) -> 284296 | K17: =+IF(I17="N/A","N/A",AVERAGE(I17:J17)) -> 256721.02 | M17: 481750 | N17: 509166.67 | P17: 364036.93 | Q17: =+IF(M17="N/A","N/A",MIN(M17:P17)) -> 364036.93 | R17: =+IF(M17="N/A","N/A",ROUND(AVERAGE(M17:P17),0)) -> 451651 | S17: =+IF(Q17="N/A","N/A",AVERAGE(Q17:R17)) -> 407843.97 | U17: 357327.19 | V17: 483166.67 | X17: 270016.18 | Y17: =+IF(U17="N/A","N/A",MIN(U17:X17)) -> 270016.18 | Z17: =+IF(U17="N/A","N/A",ROUND(AVERAGE(U17:X17),0)) -> 370170 | AA17: =+IF(Y17="N/A","N/A",AVERAGE(Y17:Z17)) -> 320093.09 | AC17: 345735.78 | AD17: 365411.8 | AF17: 261257.07 | AG17: =+IF(AC17="N/A","N/A",MIN(AC17:AF17)) -> 261257.07 | AH17: =+IF(AC17="N/A","N/A",ROUND(AVERAGE(AC17:AF17),0)) -> 324135 | AI17: =+IF(AG17="N/A","N/A",AVERAGE(AG17:AH17)) -> 292696.03 | AK17: 384667.18 | AL17: 406558.81 | AN17: 290675.79 | AO17: =+IF(AK17="N/A","N/A",MIN(AK17:AN17)) -> 290675.79 | AP17: =+IF(AK17="N/A","N/A",ROUND(AVERAGE(AK17:AN17),0)) -> 360634 | AQ17: =+IF(AO17="N/A","N/A",AVERAGE(AO17:AP17)) -> 325654.89 | AS17: 360324.88 | AT17: 380831.17 | AV17: 272281.4 | AW17: =+IF(AS17="N/A","N/A",MIN(AS17:AV17)) -> 272281.4 | AX17: =+IF(AS17="N/A","N/A",ROUND(AVERAGE(AS17:AV17),0)) -> 337812 | AY17: =+IF(AW17="N/A","N/A",AVERAGE(AW17:AX17)) -> 305046.7 | BA17: 578100 | BB17: 611000 | BD17: 436844.32 | BE17: =+IF(BA17="N/A","N/A",MIN(BA17:BD17)) -> 436844.32 | BF17: =+IF(BA17="N/A","N/A",ROUND(AVERAGE(BA17:BD17),0)) -> 541981 | BG17: =+IF(BE17="N/A","N/A",AVERAGE(BE17:BF17)) -> 489412.66 | BI17: 578100 | BJ17: 611000 | BL17: 436844.32 | BM17: =+IF(BI17="N/A","N/A",MIN(BI17:BL17)) -> 436844.32 | BN17: =+IF(BI17="N/A","N/A",ROUND(AVERAGE(BI17:BL17),0)) -> 541981 | BO17: =+IF(BM17="N/A","N/A",AVERAGE(BM17:BN17)) -> 489412.66 | BQ17: 557600 | BR17: 589333.33 | BT17: 421353.39 | BU17: =+IF(BQ17="N/A","N/A",MIN(BQ17:BT17)) -> 421353.39 | BV17: =+IF(BQ17="N/A","N/A",ROUND(AVERAGE(BQ17:BT17),0)) -> 522762 | BW17: =+IF(BU17="N/A","N/A",AVERAGE(BU17:BV17)) -> 472057.69 | BY17: 319800 | BZ17: 338000 | CB17: 241658.56 | CC17: =+IF(BY17="N/A","N/A",MIN(BY17:CB17)) -> 241658.56 | CD17: =+IF(BY17="N/A","N/A",ROUND(AVERAGE(BY17:CB17),0)) -> 299820 | CE17: =+IF(CC17="N/A","N/A",AVERAGE(CC17:CD17)) -> 270739.28 | CG17: 431362.53 | CH17: 455911.62 | CJ17: 325961.38 | CK17: =+IF(CG17="N/A","N/A",MIN(CG17:CJ17)) -> 325961.38 | CL17: =+IF(CG17="N/A","N/A",ROUND(AVERAGE(CG17:CJ17),0)) -> 404412 | CM17: =+IF(CK17="N/A","N/A",AVERAGE(CK17:CL17)) -> 365186.69 | CO17: 378542.95 | CP17: 400086.04 | CR17: 286047.98 | CS17: =+IF(CO17="N/A","N/A",MIN(CO17:CR17)) -> 286047.98 | CT17: =+IF(CO17="N/A","N/A",ROUND(AVERAGE(CO17:CR17),0)) -> 354892 | CU17: =+IF(CS17="N/A","N/A",AVERAGE(CS17:CT17)) -> 320469.99 | CW17: 526850 | CX17: 556833.33 | CZ17: 398116.99 | DA17: =+IF(CW17="N/A","N/A",MIN(CW17:CZ17)) -> 398116.99 | DB17: =+IF(CW17="N/A","N/A",ROUND(AVERAGE(CW17:CZ17),0)) -> 493933 | DC17: =+IF(DA17="N/A","N/A",AVERAGE(DA17:DB17)) -> 446024.99 | DE17: 254056.99 | DF17: 268515.52 | DH17: 191979.51 | DI17: =+IF(DE17="N/A","N/A",MIN(DE17:DH17)) -> 191979.51 | DJ17: =+IF(DE17="N/A","N/A",ROUND(AVERAGE(DE17:DH17),0)) -> 238184 | DK17: =+IF(DI17="N/A","N/A",AVERAGE(DI17:DJ17)) -> 215081.75 | DM17: 254056.99 | DN17: 268515.52 | DP17: 191979.51 | DQ17: =+IF(DM17="N/A","N/A",MIN(DM17:DP17)) -> 191979.51 | DR17: =+IF(DM17="N/A","N/A",ROUND(AVERAGE(DM17:DP17),0)) -> 238184 | DS17: =+IF(DQ17="N/A","N/A",AVERAGE(DQ17:DR17)) -> 215081.75 | DV17: 268787.88 | DY17: =+IF(DU17="N/A","N/A",MIN(DU17:DX17)) -> 268787.88 | DZ17: =+IF(DU17="N/A","N/A",ROUND(AVERAGE(DU17:DX17),0)) -> 268788 | EA17: =+IF(DY17="N/A","N/A",AVERAGE(DY17:DZ17)) -> 268787.94 | EC17: N/A | ED17: N/A | EE17: N/A | EF17: N/A | EG17: N/A | EH17: N/A | EI17: N/A | EL17: 338000 | EO17: =+IF(EK17="N/A","N/A",MIN(EK17:EN17)) -> 338000 | EP17: =+IF(EK17="N/A","N/A",ROUND(AVERAGE(EK17:EN17),0)) -> 338000 | EQ17: =+IF(EO17="N/A","N/A",AVERAGE(EO17:EP17)) -> 338000
A18: 3 | B18: Cilindro De Freno | C18: 1 | E18: 257941.53 | F18: 272621.13 | H18: 194914.88 | I18: =+IF(E18="N/A","N/A",MIN(E18:H18)) -> 194914.88 | J18: =+IF(E18="N/A","N/A",ROUND(AVERAGE(E18:H18),0)) -> 241826 | K18: =+IF(I18="N/A","N/A",AVERAGE(I18:J18)) -> 218370.44 | M18: 387450 | N18: 409500 | P18: 292778.64 | Q18: =+IF(M18="N/A","N/A",MIN(M18:P18)) -> 292778.64 | R18: =+IF(M18="N/A","N/A",ROUND(AVERAGE(M18:P18),0)) -> 363243 | S18: =+IF(Q18="N/A","N/A",AVERAGE(Q18:R18)) -> 328010.82 | U18: 224763.01 | V18: 255666.67 | X18: 169843.36 | Y18: =+IF(U18="N/A","N/A",MIN(U18:X18)) -> 169843.36 | Z18: =+IF(U18="N/A","N/A",ROUND(AVERAGE(U18:X18),0)) -> 216758 | AA18: =+IF(Y18="N/A","N/A",AVERAGE(Y18:Z18)) -> 193300.68 | AC18: 231792.67 | AD18: 244984.12 | AF18: 175155.36 | AG18: =+IF(AC18="N/A","N/A",MIN(AC18:AF18)) -> 175155.36 | AH18: =+IF(AC18="N/A","N/A",ROUND(AVERAGE(AC18:AF18),0)) -> 217311 | AI18: =+IF(AG18="N/A","N/A",AVERAGE(AG18:AH18)) -> 196233.18 | AK18: 263771.55 | AL18: 278782.94 | AN18: 199320.36 | AO18: =+IF(AK18="N/A","N/A",MIN(AK18:AN18)) -> 199320.36 | AP18: =+IF(AK18="N/A","N/A",ROUND(AVERAGE(AK18:AN18),0)) -> 247292 | AQ18: =+IF(AO18="N/A","N/A",AVERAGE(AO18:AP18)) -> 223306.18 | AS18: 231089.2 | AT18: 244240.62 | AV18: 174623.77 | AW18: =+IF(AS18="N/A","N/A",MIN(AS18:AV18)) -> 174623.77 | AX18: =+IF(AS18="N/A","N/A",ROUND(AVERAGE(AS18:AV18),0)) -> 216651 | AY18: =+IF(AW18="N/A","N/A",AVERAGE(AW18:AX18)) -> 195637.39 | BA18: 299300 | BB18: 316333.33 | BD18: 226167.63 | BE18: =+IF(BA18="N/A","N/A",MIN(BA18:BD18)) -> 226167.63 | BF18: =+IF(BA18="N/A","N/A",ROUND(AVERAGE(BA18:BD18),0)) -> 280600 | BG18: =+IF(BE18="N/A","N/A",AVERAGE(BE18:BF18)) -> 253383.81 | BI18: 309550 | BJ18: 327166.67 | BL18: 233913.09 | BM18: =+IF(BI18="N/A","N/A",MIN(BI18:BL18)) -> 233913.09 | BN18: =+IF(BI18="N/A","N/A",ROUND(AVERAGE(BI18:BL18),0)) -> 290210 | BO18: =+IF(BM18="N/A","N/A",AVERAGE(BM18:BN18)) -> 262061.55 | BQ18: 319800 | BR18: 338000 | BT18: 241658.56 | BU18: =+IF(BQ18="N/A","N/A",MIN(BQ18:BT18)) -> 241658.56 | BV18: =+IF(BQ18="N/A","N/A",ROUND(AVERAGE(BQ18:BT18),0)) -> 299820 | BW18: =+IF(BU18="N/A","N/A",AVERAGE(BU18:BV18)) -> 270739.28 | BY18: 258300 | BZ18: 273000 | CB18: 195185.76 | CC18: =+IF(BY18="N/A","N/A",MIN(BY18:CB18)) -> 195185.76 | CD18: =+IF(BY18="N/A","N/A",ROUND(AVERAGE(BY18:CB18),0)) -> 242162 | CE18: =+IF(CC18="N/A","N/A",AVERAGE(CC18:CD18)) -> 218673.88 | CG18: 298146.58 | CH18: 315114.28 | CJ18: 225296.04 | CK18: =+IF(CG18="N/A","N/A",MIN(CG18:CJ18)) -> 225296.04 | CL18: =+IF(CG18="N/A","N/A",ROUND(AVERAGE(CG18:CJ18),0)) -> 279519 | CM18: =+IF(CK18="N/A","N/A",AVERAGE(CK18:CL18)) -> 252407.52 | CO18: 266120.2 | CP18: 281265.25 | CR18: 201095.13 | CS18: =+IF(CO18="N/A","N/A",MIN(CO18:CR18)) -> 201095.13 | CT18: =+IF(CO18="N/A","N/A",ROUND(AVERAGE(CO18:CR18),0)) -> 249494 | CU18: =+IF(CS18="N/A","N/A",AVERAGE(CS18:CT18)) -> 225294.57 | CW18: 272650 | CX18: 288166.67 | CZ18: 206029.41 | DA18: =+IF(CW18="N/A","N/A",MIN(CW18:CZ18)) -> 206029.41 | DB18: =+IF(CW18="N/A","N/A",ROUND(AVERAGE(CW18:CZ18),0)) -> 255615 | DC18: =+IF(DA18="N/A","N/A",AVERAGE(DA18:DB18)) -> 230822.21 | DE18: 246332.63 | DF18: 260351.56 | DH18: 186142.55 | DI18: =+IF(DE18="N/A","N/A",MIN(DE18:DH18)) -> 186142.55 | DJ18: =+IF(DE18="N/A","N/A",ROUND(AVERAGE(DE18:DH18),0)) -> 230942 | DK18: =+IF(DI18="N/A","N/A",AVERAGE(DI18:DJ18)) -> 208542.28 | DM18: 250198.91 | DN18: 264437.87 | DP18: 189064.13 | DQ18: =+IF(DM18="N/A","N/A",MIN(DM18:DP18)) -> 189064.13 | DR18: =+IF(DM18="N/A","N/A",ROUND(AVERAGE(DM18:DP18),0)) -> 234567 | DS18: =+IF(DQ18="N/A","N/A",AVERAGE(DQ18:DR18)) -> 211815.56 | DV18: 250554.4 | DY18: =+IF(DU18="N/A","N/A",MIN(DU18:DX18)) -> 250554.4 | DZ18: =+IF(DU18="N/A","N/A",ROUND(AVERAGE(DU18:DX18),0)) -> 250554 | EA18: =+IF(DY18="N/A","N/A",AVERAGE(DY18:DZ18)) -> 250554.2 | EC18: N/A | ED18: N/A | EE18: N/A | EF18: N/A | EG18: N/A | EH18: N/A | EI18: N/A | EL18: 273000 | EO18: =+IF(EK18="N/A","N/A",MIN(EK18:EN18)) -> 273000 | EP18: =+IF(EK18="N/A","N/A",ROUND(AVERAGE(EK18:EN18),0)) -> 273000 | EQ18: =+IF(EO18="N/A","N/A",AVERAGE(EO18:EP18)) -> 273000
A19: 4 | B19: Discos De Frenos Delanteros (Par) | C19: 1 | E19: 669531.64 | F19: 707635.06 | H19: 505935.12 | I19: =+IF(E19="N/A","N/A",MIN(E19:H19)) -> 505935.12 | J19: =+IF(E19="N/A","N/A",ROUND(AVERAGE(E19:H19),0)) -> 627701 | K19: =+IF(I19="N/A","N/A",AVERAGE(I19:J19)) -> 566818.06 | M19: 891750 | N19: 942500 | P19: 673855.6 | Q19: =+IF(M19="N/A","N/A",MIN(M19:P19)) -> 673855.6 | R19: =+IF(M19="N/A","N/A",ROUND(AVERAGE(M19:P19),0)) -> 836035 | S19: =+IF(Q19="N/A","N/A",AVERAGE(Q19:R19)) -> 754945.3 | U19: 657464.15 | V19: 790833.33 | X19: 496816.26 | Y19: =+IF(U19="N/A","N/A",MIN(U19:X19)) -> 496816.26 | Z19: =+IF(U19="N/A","N/A",ROUND(AVERAGE(U19:X19),0)) -> 648371 | AA19: =+IF(Y19="N/A","N/A",AVERAGE(Y19:Z19)) -> 572593.63 | AC19: 607256.21 | AD19: 641815.51 | AF19: 458876.37 | AG19: =+IF(AC19="N/A","N/A",MIN(AC19:AF19)) -> 458876.37 | AH19: =+IF(AC19="N/A","N/A",ROUND(AVERAGE(AC19:AF19),0)) -> 569316 | AI19: =+IF(AG19="N/A","N/A",AVERAGE(AG19:AH19)) -> 514096.18 | AK19: 667829.5 | AL19: 705836.05 | AN19: 504648.89 | AO19: =+IF(AK19="N/A","N/A",MIN(AK19:AN19)) -> 504648.89 | AP19: =+IF(AK19="N/A","N/A",ROUND(AVERAGE(AK19:AN19),0)) -> 626105 | AQ19: =+IF(AO19="N/A","N/A",AVERAGE(AO19:AP19)) -> 565376.94 | AS19: 616768.95 | AT19: 651869.62 | AV19: 466064.72 | AW19: =+IF(AS19="N/A","N/A",MIN(AS19:AV19)) -> 466064.72 | AX19: =+IF(AS19="N/A","N/A",ROUND(AVERAGE(AS19:AV19),0)) -> 578234 | AY19: =+IF(AW19="N/A","N/A",AVERAGE(AW19:AX19)) -> 522149.36 | BA19: 707250 | BB19: 747500 | BD19: 534437.2 | BE19: =+IF(BA19="N/A","N/A",MIN(BA19:BD19)) -> 534437.2 | BF19: =+IF(BA19="N/A","N/A",ROUND(AVERAGE(BA19:BD19),0)) -> 663062 | BG19: =+IF(BE19="N/A","N/A",AVERAGE(BE19:BF19)) -> 598749.6 | BI19: 697000 | BJ19: 736666.67 | BL19: 526691.73 | BM19: =+IF(BI19="N/A","N/A",MIN(BI19:BL19)) -> 526691.73 | BN19: =+IF(BI19="N/A","N/A",ROUND(AVERAGE(BI19:BL19),0)) -> 653453 | BO19: =+IF(BM19="N/A","N/A",AVERAGE(BM19:BN19)) -> 590072.37 | BQ19: 799500 | BR19: 845000 | BT19: 604146.4 | BU19: =+IF(BQ19="N/A","N/A",MIN(BQ19:BT19)) -> 604146.4 | BV19: =+IF(BQ19="N/A","N/A",ROUND(AVERAGE(BQ19:BT19),0)) -> 749549 | BW19: =+IF(BU19="N/A","N/A",AVERAGE(BU19:BV19)) -> 676847.7 | BY19: 717500 | BZ19: 758333.33 | CB19: 542182.67 | CC19: =+IF(BY19="N/A","N/A",MIN(BY19:CB19)) -> 542182.67 | CD19: =+IF(BY19="N/A","N/A",ROUND(AVERAGE(BY19:CB19),0)) -> 672672 | CE19: =+IF(CC19="N/A","N/A",AVERAGE(CC19:CD19)) -> 607427.33 | CG19: 725545.9 | CH19: 766837.14 | CJ19: 548262.6 | CK19: =+IF(CG19="N/A","N/A",MIN(CG19:CJ19)) -> 548262.6 | CL19: =+IF(CG19="N/A","N/A",ROUND(AVERAGE(CG19:CJ19),0)) -> 680215 | CM19: =+IF(CK19="N/A","N/A",AVERAGE(CK19:CL19)) -> 614238.8 | CO19: 627832.99 | CP19: 663563.32 | CR19: 474425.32 | CS19: =+IF(CO19="N/A","N/A",MIN(CO19:CR19)) -> 474425.32 | CT19: =+IF(CO19="N/A","N/A",ROUND(AVERAGE(CO19:CR19),0)) -> 588607 | CU19: =+IF(CS19="N/A","N/A",AVERAGE(CS19:CT19)) -> 531516.16 | CW19: 666250 | CX19: 704166.67 | CZ19: 503455.33 | DA19: =+IF(CW19="N/A","N/A",MIN(CW19:CZ19)) -> 503455.33 | DB19: =+IF(CW19="N/A","N/A",ROUND(AVERAGE(CW19:CZ19),0)) -> 624624 | DC19: =+IF(DA19="N/A","N/A",AVERAGE(DA19:DB19)) -> 564039.67 | DE19: 589352.48 | DF19: 622892.87 | DH19: 445347.32 | DI19: =+IF(DE19="N/A","N/A",MIN(DE19:DH19)) -> 445347.32 | DJ19: =+IF(DE19="N/A","N/A",ROUND(AVERAGE(DE19:DH19),0)) -> 552531 | DK19: =+IF(DI19="N/A","N/A",AVERAGE(DI19:DJ19)) -> 498939.16 | DM19: 603421.91 | DN19: 637763 | DP19: 455978.96 | DQ19: =+IF(DM19="N/A","N/A",MIN(DM19:DP19)) -> 455978.96 | DR19: =+IF(DM19="N/A","N/A",ROUND(AVERAGE(DM19:DP19),0)) -> 565721 | DS19: =+IF(DQ19="N/A","N/A",AVERAGE(DQ19:DR19)) -> 510849.98 | DV19: 658976.16 | DY19: =+IF(DU19="N/A","N/A",MIN(DU19:DX19)) -> 658976.16 | DZ19: =+IF(DU19="N/A","N/A",ROUND(AVERAGE(DU19:DX19),0)) -> 658976 | EA19: =+IF(DY19="N/A","N/A",AVERAGE(DY19:DZ19)) -> 658976.08 | ED19: 834166.67 | EG19: =+IF(EC19="N/A","N/A",MIN(EC19:EF19)) -> 834166.67 | EH19: =+IF(EC19="N/A","N/A",ROUND(AVERAGE(EC19:EF19),0)) -> 834167 | EI19: =+IF(EG19="N/A","N/A",AVERAGE(EG19:EH19)) -> 834166.83 | EL19: 758333.33 | EO19: =+IF(EK19="N/A","N/A",MIN(EK19:EN19)) -> 758333.33 | EP19: =+IF(EK19="N/A","N/A",ROUND(AVERAGE(EK19:EN19),0)) -> 758333 | EQ19: =+IF(EO19="N/A","N/A",AVERAGE(EO19:EP19)) -> 758333.17
A20: 5 | B20: Juego De Pastillas De Frenos Delantera (Dos pares) | C20: 1 | E20: 287358.79 | F20: 303712.55 | H20: 217144.19 | I20: =+IF(E20="N/A","N/A",MIN(E20:H20)) -> 217144.19 | J20: =+IF(E20="N/A","N/A",ROUND(AVERAGE(E20:H20),0)) -> 269405 | K20: =+IF(I20="N/A","N/A",AVERAGE(I20:J20)) -> 243274.6 | M20: 303400 | N20: 320666.67 | P20: 229265.81 | Q20: =+IF(M20="N/A","N/A",MIN(M20:P20)) -> 229265.81 | R20: =+IF(M20="N/A","N/A",ROUND(AVERAGE(M20:P20),0)) -> 284444 | S20: =+IF(Q20="N/A","N/A",AVERAGE(Q20:R20)) -> 256854.91 | U20: 271739.47 | V20: 299000 | X20: 205341.37 | Y20: =+IF(U20="N/A","N/A",MIN(U20:X20)) -> 205341.37 | Z20: =+IF(U20="N/A","N/A",ROUND(AVERAGE(U20:X20),0)) -> 258694 | AA20: =+IF(Y20="N/A","N/A",AVERAGE(Y20:Z20)) -> 232017.68 | AC20: 276578.85 | AD20: 292319.11 | AF20: 208998.27 | AG20: =+IF(AC20="N/A","N/A",MIN(AC20:AF20)) -> 208998.27 | AH20: =+IF(AC20="N/A","N/A",ROUND(AVERAGE(AC20:AF20),0)) -> 259299 | AI20: =+IF(AG20="N/A","N/A",AVERAGE(AG20:AH20)) -> 234148.64 | AK20: 304175.95 | AL20: 321486.78 | AN20: 229852.17 | AO20: =+IF(AK20="N/A","N/A",MIN(AK20:AN20)) -> 229852.17 | AP20: =+IF(AK20="N/A","N/A",ROUND(AVERAGE(AK20:AN20),0)) -> 285172 | AQ20: =+IF(AO20="N/A","N/A",AVERAGE(AO20:AP20)) -> 257512.08 | AS20: 275171.91 | AT20: 290832.1 | AV20: 207935.11 | AW20: =+IF(AS20="N/A","N/A",MIN(AS20:AV20)) -> 207935.11 | AX20: =+IF(AS20="N/A","N/A",ROUND(AVERAGE(AS20:AV20),0)) -> 257980 | AY20: =+IF(AW20="N/A","N/A",AVERAGE(AW20:AX20)) -> 232957.55 | BA20: 328000 | BB20: 346666.67 | BD20: 247854.93 | BE20: =+IF(BA20="N/A","N/A",MIN(BA20:BD20)) -> 247854.93 | BF20: =+IF(BA20="N/A","N/A",ROUND(AVERAGE(BA20:BD20),0)) -> 307507 | BG20: =+IF(BE20="N/A","N/A",AVERAGE(BE20:BF20)) -> 277680.97 | BI20: 317750 | BJ20: 335833.33 | BL20: 240109.47 | BM20: =+IF(BI20="N/A","N/A",MIN(BI20:BL20)) -> 240109.47 | BN20: =+IF(BI20="N/A","N/A",ROUND(AVERAGE(BI20:BL20),0)) -> 297898 | BO20: =+IF(BM20="N/A","N/A",AVERAGE(BM20:BN20)) -> 269003.73 | BQ20: 313650 | BR20: 331500 | BT20: 237011.28 | BU20: =+IF(BQ20="N/A","N/A",MIN(BQ20:BT20)) -> 237011.28 | BV20: =+IF(BQ20="N/A","N/A",ROUND(AVERAGE(BQ20:BT20),0)) -> 294054 | BW20: =+IF(BU20="N/A","N/A",AVERAGE(BU20:BV20)) -> 265532.64 | BY20: 248050 | BZ20: 262166.67 | CB20: 187440.29 | CC20: =+IF(BY20="N/A","N/A",MIN(BY20:CB20)) -> 187440.29 | CD20: =+IF(BY20="N/A","N/A",ROUND(AVERAGE(BY20:CB20),0)) -> 232552 | CE20: =+IF(CC20="N/A","N/A",AVERAGE(CC20:CD20)) -> 209996.15 | CG20: 333766.56 | CH20: 352761.41 | CJ20: 252212.47 | CK20: =+IF(CG20="N/A","N/A",MIN(CG20:CJ20)) -> 252212.47 | CL20: =+IF(CG20="N/A","N/A",ROUND(AVERAGE(CG20:CJ20),0)) -> 312913 | CM20: =+IF(CK20="N/A","N/A",AVERAGE(CK20:CL20)) -> 282562.73 | CO20: 303149.68 | CP20: 320402.1 | CR20: 229076.66 | CS20: =+IF(CO20="N/A","N/A",MIN(CO20:CR20)) -> 229076.66 | CT20: =+IF(CO20="N/A","N/A",ROUND(AVERAGE(CO20:CR20),0)) -> 284209 | CU20: =+IF(CS20="N/A","N/A",AVERAGE(CS20:CT20)) -> 256642.83 | CW20: 307500 | CX20: 325000 | CZ20: 232364 | DA20: =+IF(CW20="N/A","N/A",MIN(CW20:CZ20)) -> 232364 | DB20: =+IF(CW20="N/A","N/A",ROUND(AVERAGE(CW20:CZ20),0)) -> 288288 | DC20: =+IF(DA20="N/A","N/A",AVERAGE(DA20:DB20)) -> 260326 | DE20: 244919.5 | DF20: 258858.01 | DH20: 185074.71 | DI20: =+IF(DE20="N/A","N/A",MIN(DE20:DH20)) -> 185074.71 | DJ20: =+IF(DE20="N/A","N/A",ROUND(AVERAGE(DE20:DH20),0)) -> 229617 | DK20: =+IF(DI20="N/A","N/A",AVERAGE(DI20:DJ20)) -> 207345.86 | DM20: 248790.89 | DN20: 262949.72 | DP20: 188000.15 | DQ20: =+IF(DM20="N/A","N/A",MIN(DM20:DP20)) -> 188000.15 | DR20: =+IF(DM20="N/A","N/A",ROUND(AVERAGE(DM20:DP20),0)) -> 233247 | DS20: =+IF(DQ20="N/A","N/A",AVERAGE(DQ20:DR20)) -> 210623.58 | DV20: 262829.32 | DY20: =+IF(DU20="N/A","N/A",MIN(DU20:DX20)) -> 262829.32 | DZ20: =+IF(DU20="N/A","N/A",ROUND(AVERAGE(DU20:DX20),0)) -> 262829 | EA20: =+IF(DY20="N/A","N/A",AVERAGE(DY20:DZ20)) -> 262829.16 | ED20: 348833.33 | EG20: =+IF(EC20="N/A","N/A",MIN(EC20:EF20)) -> 348833.33 | EH20: =+IF(EC20="N/A","N/A",ROUND(AVERAGE(EC20:EF20),0)) -> 348833 | EI20: =+IF(EG20="N/A","N/A",AVERAGE(EG20:EH20)) -> 348833.17 | EL20: 262166.67 | EO20: =+IF(EK20="N/A","N/A",MIN(EK20:EN20)) -> 262166.67 | EP20: =+IF(EK20="N/A","N/A",ROUND(AVERAGE(EK20:EN20),0)) -> 262167 | EQ20: =+IF(EO20="N/A","N/A",AVERAGE(EO20:EP20)) -> 262166.83
A21: 6 | B21: Juego De Pastillas De Frenos Traseras (Dos pares) | C21: 1 | E21: N/A | F21: N/A | G21: N/A | H21: N/A | I21: N/A | J21: N/A | K21: N/A | M21: N/A | N21: N/A | O21: N/A | P21: N/A | Q21: N/A | R21: N/A | S21: N/A | U21: N/A | V21: N/A | W21: N/A | X21: N/A | Y21: N/A | Z21: N/A | AA21: N/A | AC21: N/A | AD21: N/A | AE21: N/A | AF21: N/A | AG21: N/A | AH21: N/A | AI21: N/A | AK21: N/A | AL21: N/A | AM21: N/A | AN21: N/A | AO21: N/A | AP21: N/A | AQ21: N/A | AS21: N/A | AT21: N/A | AU21: N/A | AV21: N/A | AW21: N/A | AX21: N/A | AY21: N/A | BA21: N/A | BB21: N/A | BC21: N/A | BD21: N/A | BE21: N/A | BF21: N/A | BG21: N/A | BI21: N/A | BJ21: N/A | BK21: N/A | BL21: N/A | BM21: N/A | BN21: N/A | BO21: N/A | BQ21: N/A | BR21: N/A | BS21: N/A | BT21: N/A | BU21: N/A | BV21: N/A | BW21: N/A | BY21: N/A | BZ21: N/A | CA21: N/A | CB21: N/A | CC21: N/A | CD21: N/A | CE21: N/A | CG21: N/A | CH21: N/A | CI21: N/A | CJ21: N/A | CK21: N/A | CL21: N/A | CM21: N/A | CO21: N/A | CP21: N/A | CQ21: N/A | CR21: N/A | CS21: N/A | CT21: N/A | CU21: N/A | CW21: N/A | CX21: N/A | CY21: N/A | CZ21: N/A | DA21: N/A | DB21: N/A | DC21: N/A | DE21: N/A | DF21: N/A | DG21: N/A | DH21: N/A | DI21: N/A | DJ21: N/A | DK21: N/A | DM21: N/A | DN21: N/A | DO21: N/A | DP21: N/A | DQ21: N/A | DR21: N/A | DS21: N/A | DU21: N/A | DV21: N/A | DX21: N/A | DY21: N/A | DZ21: N/A | EA21: N/A | ED21: 422500 | EG21: =+IF(EC21="N/A","N/A",MIN(EC21:EF21)) -> 422500 | EH21: =+IF(EC21="N/A","N/A",ROUND(AVERAGE(EC21:EF21),0)) -> 422500 | EI21: =+IF(EG21="N/A","N/A",AVERAGE(EG21:EH21)) -> 422500 | EK21: N/A | EL21: N/A | EM21: N/A | EN21: N/A | EO21: N/A | EP21: N/A | EQ21: N/A
A22: 7 | B22: Pistón Caliper | C22: 1 | E22: 231241.86 | F22: 244401.97 | H22: 174739.13 | I22: =+IF(E22="N/A","N/A",MIN(E22:H22)) -> 174739.13 | J22: =+IF(E22="N/A","N/A",ROUND(AVERAGE(E22:H22),0)) -> 216794 | K22: =+IF(I22="N/A","N/A",AVERAGE(I22:J22)) -> 195766.57 | M22: 338250 | N22: 357500 | P22: 255600.4 | Q22: =+IF(M22="N/A","N/A",MIN(M22:P22)) -> 255600.4 | R22: =+IF(M22="N/A","N/A",ROUND(AVERAGE(M22:P22),0)) -> 317117 | S22: =+IF(Q22="N/A","N/A",AVERAGE(Q22:R22)) -> 286358.7 | U22: 218574.09 | V22: 251333.33 | X22: 165166.66 | Y22: =+IF(U22="N/A","N/A",MIN(U22:X22)) -> 165166.66 | Z22: =+IF(U22="N/A","N/A",ROUND(AVERAGE(U22:X22),0)) -> 211691 | AA22: =+IF(Y22="N/A","N/A",AVERAGE(Y22:Z22)) -> 188428.83 | AC22: 209984.64 | AD22: 221934.99 | AF22: 158676 | AG22: =+IF(AC22="N/A","N/A",MIN(AC22:AF22)) -> 158676 | AH22: =+IF(AC22="N/A","N/A",ROUND(AVERAGE(AC22:AF22),0)) -> 196865 | AI22: =+IF(AG22="N/A","N/A",AVERAGE(AG22:AH22)) -> 177770.5 | AK22: 241499.69 | AL22: 255243.58 | AN22: 182490.52 | AO22: =+IF(AK22="N/A","N/A",MIN(AK22:AN22)) -> 182490.52 | AP22: =+IF(AK22="N/A","N/A",ROUND(AVERAGE(AK22:AN22),0)) -> 226411 | AQ22: =+IF(AO22="N/A","N/A",AVERAGE(AO22:AP22)) -> 204450.76 | AS22: 224421.68 | AT22: 237193.65 | AV22: 169585.43 | AW22: =+IF(AS22="N/A","N/A",MIN(AS22:AV22)) -> 169585.43 | AX22: =+IF(AS22="N/A","N/A",ROUND(AVERAGE(AS22:AV22),0)) -> 210400 | AY22: =+IF(AW22="N/A","N/A",AVERAGE(AW22:AX22)) -> 189992.71 | BA22: 278800 | BB22: 294666.67 | BD22: 210676.69 | BE22: =+IF(BA22="N/A","N/A",MIN(BA22:BD22)) -> 210676.69 | BF22: =+IF(BA22="N/A","N/A",ROUND(AVERAGE(BA22:BD22),0)) -> 261381 | BG22: =+IF(BE22="N/A","N/A",AVERAGE(BE22:BF22)) -> 236028.85 | BI22: 268550 | BJ22: 283833.33 | BL22: 202931.23 | BM22: =+IF(BI22="N/A","N/A",MIN(BI22:BL22)) -> 202931.23 | BN22: =+IF(BI22="N/A","N/A",ROUND(AVERAGE(BI22:BL22),0)) -> 251772 | BO22: =+IF(BM22="N/A","N/A",AVERAGE(BM22:BN22)) -> 227351.61 | BQ22: 258300 | BR22: 273000 | BT22: 195185.76 | BU22: =+IF(BQ22="N/A","N/A",MIN(BQ22:BT22)) -> 195185.76 | BV22: =+IF(BQ22="N/A","N/A",ROUND(AVERAGE(BQ22:BT22),0)) -> 242162 | BW22: =+IF(BU22="N/A","N/A",AVERAGE(BU22:BV22)) -> 218673.88 | BY22: 237800 | BZ22: 251333.33 | CB22: 179694.83 | CC22: =+IF(BY22="N/A","N/A",MIN(BY22:CB22)) -> 179694.83 | CD22: =+IF(BY22="N/A","N/A",ROUND(AVERAGE(BY22:CB22),0)) -> 222943 | CE22: =+IF(CC22="N/A","N/A",AVERAGE(CC22:CD22)) -> 201318.91 | CG22: 250222.02 | CH22: 264462.3 | CJ22: 189081.59 | CK22: =+IF(CG22="N/A","N/A",MIN(CG22:CJ22)) -> 189081.59 | CL22: =+IF(CG22="N/A","N/A",ROUND(AVERAGE(CG22:CJ22),0)) -> 234589 | CM22: =+IF(CK22="N/A","N/A",AVERAGE(CK22:CL22)) -> 211835.3 | CO22: 185966.15 | CP22: 196549.58 | CR22: 140526.3 | CS22: =+IF(CO22="N/A","N/A",MIN(CO22:CR22)) -> 140526.3 | CT22: =+IF(CO22="N/A","N/A",ROUND(AVERAGE(CO22:CR22),0)) -> 174347 | CU22: =+IF(CS22="N/A","N/A",AVERAGE(CS22:CT22)) -> 157436.65 | CW22: 205000 | CX22: 216666.67 | CZ22: 154909.33 | DA22: =+IF(CW22="N/A","N/A",MIN(CW22:CZ22)) -> 154909.33 | DB22: =+IF(CW22="N/A","N/A",ROUND(AVERAGE(CW22:CZ22),0)) -> 192192 | DC22: =+IF(DA22="N/A","N/A",AVERAGE(DA22:DB22)) -> 173550.67 | DE22: 186052.44 | DF22: 196640.79 | DH22: 140591.51 | DI22: =+IF(DE22="N/A","N/A",MIN(DE22:DH22)) -> 140591.51 | DJ22: =+IF(DE22="N/A","N/A",ROUND(AVERAGE(DE22:DH22),0)) -> 174428 | DK22: =+IF(DI22="N/A","N/A",AVERAGE(DI22:DJ22)) -> 157509.75 | DM22: 195106.51 | DN22: 206210.13 | DP22: 147433.27 | DQ22: =+IF(DM22="N/A","N/A",MIN(DM22:DP22)) -> 147433.27 | DR22: =+IF(DM22="N/A","N/A",ROUND(AVERAGE(DM22:DP22),0)) -> 182917 | DS22: =+IF(DQ22="N/A","N/A",AVERAGE(DQ22:DR22)) -> 165175.13 | DV22: 195263.26 | DY22: =+IF(DU22="N/A","N/A",MIN(DU22:DX22)) -> 195263.26 | DZ22: =+IF(DU22="N/A","N/A",ROUND(AVERAGE(DU22:DX22),0)) -> 195263 | EA22: =+IF(DY22="N/A","N/A",AVERAGE(DY22:DZ22)) -> 195263.13 | ED22: 346666.67 | EG22: =+IF(EC22="N/A","N/A",MIN(EC22:EF22)) -> 346666.67 | EH22: =+IF(EC22="N/A","N/A",ROUND(AVERAGE(EC22:EF22),0)) -> 346667 | EI22: =+IF(EG22="N/A","N/A",AVERAGE(EG22:EH22)) -> 346666.83 | EL22: 251333.33 | EO22: =+IF(EK22="N/A","N/A",MIN(EK22:EN22)) -> 251333.33 | EP22: =+IF(EK22="N/A","N/A",ROUND(AVERAGE(EK22:EN22),0)) -> 251333 | EQ22: =+IF(EO22="N/A","N/A",AVERAGE(EO22:EP22)) -> 251333.17
A23: 8 | B23: Juego Interiores Caliper | C23: 1 | E23: 155963.92 | F23: 164839.91 | H23: 117854.96 | I23: =+IF(E23="N/A","N/A",MIN(E23:H23)) -> 117854.96 | J23: =+IF(E23="N/A","N/A",ROUND(AVERAGE(E23:H23),0)) -> 146220 | K23: =+IF(I23="N/A","N/A",AVERAGE(I23:J23)) -> 132037.48 | M23: 200900 | N23: 212333.33 | P23: 151811.15 | Q23: =+IF(M23="N/A","N/A",MIN(M23:P23)) -> 151811.15 | R23: =+IF(M23="N/A","N/A",ROUND(AVERAGE(M23:P23),0)) -> 188348 | S23: =+IF(Q23="N/A","N/A",AVERAGE(Q23:R23)) -> 170079.57 | U23: 134379.29 | V23: 158166.67 | X23: 101544.42 | Y23: =+IF(U23="N/A","N/A",MIN(U23:X23)) -> 101544.42 | Z23: =+IF(U23="N/A","N/A",ROUND(AVERAGE(U23:X23),0)) -> 131363 | AA23: =+IF(Y23="N/A","N/A",AVERAGE(Y23:Z23)) -> 116453.71 | AC23: 134114.2 | AD23: 141746.72 | AF23: 101344.1 | AG23: =+IF(AC23="N/A","N/A",MIN(AC23:AF23)) -> 101344.1 | AH23: =+IF(AC23="N/A","N/A",ROUND(AVERAGE(AC23:AF23),0)) -> 125735 | AI23: =+IF(AG23="N/A","N/A",AVERAGE(AG23:AH23)) -> 113539.55 | AK23: 160530.22 | AL23: 169666.08 | AN23: 121305.51 | AO23: =+IF(AK23="N/A","N/A",MIN(AK23:AN23)) -> 121305.51 | AP23: =+IF(AK23="N/A","N/A",ROUND(AVERAGE(AK23:AN23),0)) -> 150501 | AQ23: =+IF(AO23="N/A","N/A",AVERAGE(AO23:AP23)) -> 135903.25 | AS23: 153867.21 | AT23: 162623.88 | AV23: 116270.57 | AW23: =+IF(AS23="N/A","N/A",MIN(AS23:AV23)) -> 116270.57 | AX23: =+IF(AS23="N/A","N/A",ROUND(AVERAGE(AS23:AV23),0)) -> 144254 | AY23: =+IF(AW23="N/A","N/A",AVERAGE(AW23:AX23)) -> 130262.29 | BA23: 173225 | BB23: 183083.33 | BD23: 130898.39 | BE23: =+IF(BA23="N/A","N/A",MIN(BA23:BD23)) -> 130898.39 | BF23: =+IF(BA23="N/A","N/A",ROUND(AVERAGE(BA23:BD23),0)) -> 162402 | BG23: =+IF(BE23="N/A","N/A",AVERAGE(BE23:BF23)) -> 146650.19 | BI23: 172200 | BJ23: 182000 | BL23: 130123.84 | BM23: =+IF(BI23="N/A","N/A",MIN(BI23:BL23)) -> 130123.84 | BN23: =+IF(BI23="N/A","N/A",ROUND(AVERAGE(BI23:BL23),0)) -> 161441 | BO23: =+IF(BM23="N/A","N/A",AVERAGE(BM23:BN23)) -> 145782.42 | BQ23: 172200 | BR23: 182000 | BT23: 130123.84 | BU23: =+IF(BQ23="N/A","N/A",MIN(BQ23:BT23)) -> 130123.84 | BV23: =+IF(BQ23="N/A","N/A",ROUND(AVERAGE(BQ23:BT23),0)) -> 161441 | BW23: =+IF(BU23="N/A","N/A",AVERAGE(BU23:BV23)) -> 145782.42 | BY23: 149650 | BZ23: 158166.67 | CB23: 113083.81 | CC23: =+IF(BY23="N/A","N/A",MIN(BY23:CB23)) -> 113083.81 | CD23: =+IF(BY23="N/A","N/A",ROUND(AVERAGE(BY23:CB23),0)) -> 140300 | CE23: =+IF(CC23="N/A","N/A",AVERAGE(CC23:CD23)) -> 126691.91 | CG23: 161923.6 | CH23: 171138.76 | CJ23: 122358.42 | CK23: =+IF(CG23="N/A","N/A",MIN(CG23:CJ23)) -> 122358.42 | CL23: =+IF(CG23="N/A","N/A",ROUND(AVERAGE(CG23:CJ23),0)) -> 151807 | CM23: =+IF(CK23="N/A","N/A",AVERAGE(CK23:CL23)) -> 137082.71 | CO23: 147747.67 | CP23: 156156.08 | CR23: 111646.31 | CS23: =+IF(CO23="N/A","N/A",MIN(CO23:CR23)) -> 111646.31 | CT23: =+IF(CO23="N/A","N/A",ROUND(AVERAGE(CO23:CR23),0)) -> 138517 | CU23: =+IF(CS23="N/A","N/A",AVERAGE(CS23:CT23)) -> 125081.66 | CW23: 156825 | CX23: 165750 | CZ23: 118505.64 | DA23: =+IF(CW23="N/A","N/A",MIN(CW23:CZ23)) -> 118505.64 | DB23: =+IF(CW23="N/A","N/A",ROUND(AVERAGE(CW23:CZ23),0)) -> 147027 | DC23: =+IF(DA23="N/A","N/A",AVERAGE(DA23:DB23)) -> 132766.32 | DE23: 126172.84 | DF23: 133353.41 | DH23: 95343.172 | DI23: =+IF(DE23="N/A","N/A",MIN(DE23:DH23)) -> 95343.172 | DJ23: =+IF(DE23="N/A","N/A",ROUND(AVERAGE(DE23:DH23),0)) -> 118290 | DK23: =+IF(DI23="N/A","N/A",AVERAGE(DI23:DJ23)) -> 106816.59 | DM23: 134952.07 | DN23: 142632.27 | DP23: 101977.24 | DQ23: =+IF(DM23="N/A","N/A",MIN(DM23:DP23)) -> 101977.24 | DR23: =+IF(DM23="N/A","N/A",ROUND(AVERAGE(DM23:DP23),0)) -> 126521 | DS23: =+IF(DQ23="N/A","N/A",AVERAGE(DQ23:DR23)) -> 114249.12 | DV23: 130651.89 | DY23: =+IF(DU23="N/A","N/A",MIN(DU23:DX23)) -> 130651.89 | DZ23: =+IF(DU23="N/A","N/A",ROUND(AVERAGE(DU23:DX23),0)) -> 130652 | EA23: =+IF(DY23="N/A","N/A",AVERAGE(DY23:DZ23)) -> 130651.95 | ED23: 183083.33 | EG23: =+IF(EC23="N/A","N/A",MIN(EC23:EF23)) -> 183083.33 | EH23: =+IF(EC23="N/A","N/A",ROUND(AVERAGE(EC23:EF23),0)) -> 183083 | EI23: =+IF(EG23="N/A","N/A",AVERAGE(EG23:EH23)) -> 183083.17 | EL23: 158166.67 | EO23: =+IF(EK23="N/A","N/A",MIN(EK23:EN23)) -> 158166.67 | EP23: =+IF(EK23="N/A","N/A",ROUND(AVERAGE(EK23:EN23),0)) -> 158167 | EQ23: =+IF(EO23="N/A","N/A",AVERAGE(EO23:EP23)) -> 158166.83
A24: 9 | B24: Liquido De Freno (Pinta 290 ml) | C24: 1 | E24: 25121.553 | F24: 26551.235 | H24: 18983.234 | I24: =+IF(E24="N/A","N/A",MIN(E24:H24)) -> 18983.234 | J24: =+IF(E24="N/A","N/A",ROUND(AVERAGE(E24:H24),0)) -> 23552 | K24: =+IF(I24="N/A","N/A",AVERAGE(I24:J24)) -> 21267.617 | M24: 28700 | N24: 30333.333 | P24: 21687.307 | Q24: =+IF(M24="N/A","N/A",MIN(M24:P24)) -> 21687.307 | R24: =+IF(M24="N/A","N/A",ROUND(AVERAGE(M24:P24),0)) -> 26907 | S24: =+IF(Q24="N/A","N/A",AVERAGE(Q24:R24)) -> 24297.153 | U24: 25392.309 | V24: 30333.333 | X24: 19187.833 | Y24: =+IF(U24="N/A","N/A",MIN(U24:X24)) -> 19187.833 | Z24: =+IF(U24="N/A","N/A",ROUND(AVERAGE(U24:X24),0)) -> 24971 | AA24: =+IF(Y24="N/A","N/A",AVERAGE(Y24:Z24)) -> 22079.416 | AC24: 25392.309 | AD24: 26837.4 | AF24: 19187.833 | AG24: =+IF(AC24="N/A","N/A",MIN(AC24:AF24)) -> 19187.833 | AH24: =+IF(AC24="N/A","N/A",ROUND(AVERAGE(AC24:AF24),0)) -> 23806 | AI24: =+IF(AG24="N/A","N/A",AVERAGE(AG24:AH24)) -> 21496.916 | AK24: 26017.695 | AL24: 27498.377 | AN24: 19660.409 | AO24: =+IF(AK24="N/A","N/A",MIN(AK24:AN24)) -> 19660.409 | AP24: =+IF(AK24="N/A","N/A",ROUND(AVERAGE(AK24:AN24),0)) -> 24392 | AQ24: =+IF(AO24="N/A","N/A",AVERAGE(AO24:AP24)) -> 22026.204 | AS24: 25392.309 | AT24: 26837.4 | AV24: 19187.833 | AW24: =+IF(AS24="N/A","N/A",MIN(AS24:AV24)) -> 19187.833 | AX24: =+IF(AS24="N/A","N/A",ROUND(AVERAGE(AS24:AV24),0)) -> 23806 | AY24: =+IF(AW24="N/A","N/A",AVERAGE(AW24:AX24)) -> 21496.916 | BA24: 28700 | BB24: 30333.333 | BD24: 21687.307 | BE24: =+IF(BA24="N/A","N/A",MIN(BA24:BD24)) -> 21687.307 | BF24: =+IF(BA24="N/A","N/A",ROUND(AVERAGE(BA24:BD24),0)) -> 26907 | BG24: =+IF(BE24="N/A","N/A",AVERAGE(BE24:BF24)) -> 24297.153 | BI24: 28700 | BJ24: 30333.333 | BL24: 21687.307 | BM24: =+IF(BI24="N/A","N/A",MIN(BI24:BL24)) -> 21687.307 | BN24: =+IF(BI24="N/A","N/A",ROUND(AVERAGE(BI24:BL24),0)) -> 26907 | BO24: =+IF(BM24="N/A","N/A",AVERAGE(BM24:BN24)) -> 24297.153 | BQ24: 28700 | BR24: 30333.333 | BT24: 21687.307 | BU24: =+IF(BQ24="N/A","N/A",MIN(BQ24:BT24)) -> 21687.307 | BV24: =+IF(BQ24="N/A","N/A",ROUND(AVERAGE(BQ24:BT24),0)) -> 26907 | BW24: =+IF(BU24="N/A","N/A",AVERAGE(BU24:BV24)) -> 24297.153 | BY24: 28700 | BZ24: 30333.333 | CB24: 21687.307 | CC24: =+IF(BY24="N/A","N/A",MIN(BY24:CB24)) -> 21687.307 | CD24: =+IF(BY24="N/A","N/A",ROUND(AVERAGE(BY24:CB24),0)) -> 26907 | CE24: =+IF(CC24="N/A","N/A",AVERAGE(CC24:CD24)) -> 24297.153 | CG24: 26826.688 | CH24: 28353.41 | CJ24: 20271.728 | CK24: =+IF(CG24="N/A","N/A",MIN(CG24:CJ24)) -> 20271.728 | CL24: =+IF(CG24="N/A","N/A",ROUND(AVERAGE(CG24:CJ24),0)) -> 25151 | CM24: =+IF(CK24="N/A","N/A",AVERAGE(CK24:CL24)) -> 22711.364 | CO24: 25654.235 | CP24: 27114.232 | CR24: 19385.758 | CS24: =+IF(CO24="N/A","N/A",MIN(CO24:CR24)) -> 19385.758 | CT24: =+IF(CO24="N/A","N/A",ROUND(AVERAGE(CO24:CR24),0)) -> 24051 | CU24: =+IF(CS24="N/A","N/A",AVERAGE(CS24:CT24)) -> 21718.379 | CW24: 28700 | CX24: 30333.333 | CZ24: 21687.307 | DA24: =+IF(CW24="N/A","N/A",MIN(CW24:CZ24)) -> 21687.307 | DB24: =+IF(CW24="N/A","N/A",ROUND(AVERAGE(CW24:CZ24),0)) -> 26907 | DC24: =+IF(DA24="N/A","N/A",AVERAGE(DA24:DB24)) -> 24297.153 | DE24: 27178.423 | DF24: 28725.163 | DH24: 20537.519 | DI24: =+IF(DE24="N/A","N/A",MIN(DE24:DH24)) -> 20537.519 | DJ24: =+IF(DE24="N/A","N/A",ROUND(AVERAGE(DE24:DH24),0)) -> 25480 | DK24: =+IF(DI24="N/A","N/A",AVERAGE(DI24:DJ24)) -> 23008.76 | DM24: 27178.423 | DN24: 28725.163 | DP24: 20537.519 | DQ24: =+IF(DM24="N/A","N/A",MIN(DM24:DP24)) -> 20537.519 | DR24: =+IF(DM24="N/A","N/A",ROUND(AVERAGE(DM24:DP24),0)) -> 25480 | DS24: =+IF(DQ24="N/A","N/A",AVERAGE(DQ24:DR24)) -> 23008.76 | DV24: 26837.4 | DY24: =+IF(DU24="N/A","N/A",MIN(DU24:DX24)) -> 26837.4 | DZ24: =+IF(DU24="N/A","N/A",ROUND(AVERAGE(DU24:DX24),0)) -> 26837 | EA24: =+IF(DY24="N/A","N/A",AVERAGE(DY24:DZ24)) -> 26837.2 | ED24: 30333.333 | EG24: =+IF(EC24="N/A","N/A",MIN(EC24:EF24)) -> 30333.333 | EH24: =+IF(EC24="N/A","N/A",ROUND(AVERAGE(EC24:EF24),0)) -> 30333 | EI24: =+IF(EG24="N/A","N/A",AVERAGE(EG24:EH24)) -> 30333.167 | EL24: 30333.333 | EO24: =+IF(EK24="N/A","N/A",MIN(EK24:EN24)) -> 30333.333 | EP24: =+IF(EK24="N/A","N/A",ROUND(AVERAGE(EK24:EN24),0)) -> 30333 | EQ24: =+IF(EO24="N/A","N/A",AVERAGE(EO24:EP24)) -> 30333.167
A25: 10 | B25: Interiores De Bomba | C25: 1 | E25: 200785.52 | F25: 212212.34 | H25: 151724.64 | I25: =+IF(E25="N/A","N/A",MIN(E25:H25)) -> 151724.64 | J25: =+IF(E25="N/A","N/A",ROUND(AVERAGE(E25:H25),0)) -> 188241 | K25: =+IF(I25="N/A","N/A",AVERAGE(I25:J25)) -> 169982.82 | M25: 284950 | N25: 301166.67 | P25: 215323.97 | Q25: =+IF(M25="N/A","N/A",MIN(M25:P25)) -> 215323.97 | R25: =+IF(M25="N/A","N/A",ROUND(AVERAGE(M25:P25),0)) -> 267147 | S25: =+IF(Q25="N/A","N/A",AVERAGE(Q25:R25)) -> 241235.49 | U25: 185427.14 | V25: 195000 | X25: 140119 | Y25: =+IF(U25="N/A","N/A",MIN(U25:X25)) -> 140119 | Z25: =+IF(U25="N/A","N/A",ROUND(AVERAGE(U25:X25),0)) -> 173515 | AA25: =+IF(Y25="N/A","N/A",AVERAGE(Y25:Z25)) -> 156817 | AC25: 182572.01 | AD25: 192962.29 | AF25: 137961.51 | AG25: =+IF(AC25="N/A","N/A",MIN(AC25:AF25)) -> 137961.51 | AH25: =+IF(AC25="N/A","N/A",ROUND(AVERAGE(AC25:AF25),0)) -> 171165 | AI25: =+IF(AG25="N/A","N/A",AVERAGE(AG25:AH25)) -> 154563.25 | AK25: 208049.41 | AL25: 219889.62 | AN25: 157213.64 | AO25: =+IF(AK25="N/A","N/A",MIN(AK25:AN25)) -> 157213.64 | AP25: =+IF(AK25="N/A","N/A",ROUND(AVERAGE(AK25:AN25),0)) -> 195051 | AQ25: =+IF(AO25="N/A","N/A",AVERAGE(AO25:AP25)) -> 176132.32 | AS25: 179054.65 | AT25: 189244.76 | AV25: 135303.6 | AW25: =+IF(AS25="N/A","N/A",MIN(AS25:AV25)) -> 135303.6 | AX25: =+IF(AS25="N/A","N/A",ROUND(AVERAGE(AS25:AV25),0)) -> 167868 | AY25: =+IF(AW25="N/A","N/A",AVERAGE(AW25:AX25)) -> 151585.8 | BA25: 211150 | BB25: 223166.67 | BD25: 159556.61 | BE25: =+IF(BA25="N/A","N/A",MIN(BA25:BD25)) -> 159556.61 | BF25: =+IF(BA25="N/A","N/A",ROUND(AVERAGE(BA25:BD25),0)) -> 197958 | BG25: =+IF(BE25="N/A","N/A",AVERAGE(BE25:BF25)) -> 178757.31 | BI25: 211150 | BJ25: 223166.67 | BL25: 159556.61 | BM25: =+IF(BI25="N/A","N/A",MIN(BI25:BL25)) -> 159556.61 | BN25: =+IF(BI25="N/A","N/A",ROUND(AVERAGE(BI25:BL25),0)) -> 197958 | BO25: =+IF(BM25="N/A","N/A",AVERAGE(BM25:BN25)) -> 178757.31 | BQ25: 280850 | BR25: 296833.33 | BT25: 212225.79 | BU25: =+IF(BQ25="N/A","N/A",MIN(BQ25:BT25)) -> 212225.79 | BV25: =+IF(BQ25="N/A","N/A",ROUND(AVERAGE(BQ25:BT25),0)) -> 263303 | BW25: =+IF(BU25="N/A","N/A",AVERAGE(BU25:BV25)) -> 237764.39 | BY25: 184500 | BZ25: 195000 | CB25: 139418.4 | CC25: =+IF(BY25="N/A","N/A",MIN(BY25:CB25)) -> 139418.4 | CD25: =+IF(BY25="N/A","N/A",ROUND(AVERAGE(BY25:CB25),0)) -> 172973 | CE25: =+IF(CC25="N/A","N/A",AVERAGE(CC25:CD25)) -> 156195.7 | CG25: 213096.01 | CH25: 225223.43 | CJ25: 161027.13 | CK25: =+IF(CG25="N/A","N/A",MIN(CG25:CJ25)) -> 161027.13 | CL25: =+IF(CG25="N/A","N/A",ROUND(AVERAGE(CG25:CJ25),0)) -> 199782 | CM25: =+IF(CK25="N/A","N/A",AVERAGE(CK25:CL25)) -> 180404.56 | CO25: 198216.61 | CP25: 209497.23 | CR25: 149783.43 | CS25: =+IF(CO25="N/A","N/A",MIN(CO25:CR25)) -> 149783.43 | CT25: =+IF(CO25="N/A","N/A",ROUND(AVERAGE(CO25:CR25),0)) -> 185832 | CU25: =+IF(CS25="N/A","N/A",AVERAGE(CS25:CT25)) -> 167807.72 | CW25: 205000 | CX25: 216666.67 | CZ25: 154909.33 | DA25: =+IF(CW25="N/A","N/A",MIN(CW25:CZ25)) -> 154909.33 | DB25: =+IF(CW25="N/A","N/A",ROUND(AVERAGE(CW25:CZ25),0)) -> 192192 | DC25: =+IF(DA25="N/A","N/A",AVERAGE(DA25:DB25)) -> 173550.67 | DE25: 184920.09 | DF25: 195444 | DH25: 139735.84 | DI25: =+IF(DE25="N/A","N/A",MIN(DE25:DH25)) -> 139735.84 | DJ25: =+IF(DE25="N/A","N/A",ROUND(AVERAGE(DE25:DH25),0)) -> 173367 | DK25: =+IF(DI25="N/A","N/A",AVERAGE(DI25:DJ25)) -> 156551.42 | DM25: 184483.05 | DN25: 194982.08 | DP25: 139405.59 | DQ25: =+IF(DM25="N/A","N/A",MIN(DM25:DP25)) -> 139405.59 | DR25: =+IF(DM25="N/A","N/A",ROUND(AVERAGE(DM25:DP25),0)) -> 172957 | DS25: =+IF(DQ25="N/A","N/A",AVERAGE(DQ25:DR25)) -> 156181.3 | DV25: 194354.91 | DY25: =+IF(DU25="N/A","N/A",MIN(DU25:DX25)) -> 194354.91 | DZ25: =+IF(DU25="N/A","N/A",ROUND(AVERAGE(DU25:DX25),0)) -> 194355 | EA25: =+IF(DY25="N/A","N/A",AVERAGE(DY25:DZ25)) -> 194354.95 | ED25: 314166.67 | EG25: =+IF(EC25="N/A","N/A",MIN(EC25:EF25)) -> 314166.67 | EH25: =+IF(EC25="N/A","N/A",ROUND(AVERAGE(EC25:EF25),0)) -> 314167 | EI25: =+IF(EG25="N/A","N/A",AVERAGE(EG25:EH25)) -> 314166.83 | EL25: 195000 | EO25: =+IF(EK25="N/A","N/A",MIN(EK25:EN25)) -> 195000 | EP25: =+IF(EK25="N/A","N/A",ROUND(AVERAGE(EK25:EN25),0)) -> 195000 | EQ25: =+IF(EO25="N/A","N/A",AVERAGE(EO25:EP25)) -> 195000
B26: SINCRONIZACIÓN | P26: 0 | AV26: 0
A27: 11 | B27: Bujía | C27: 1 | E27: 43930.963 | F27: 46431.099 | H27: 33196.665 | I27: =+IF(E27="N/A","N/A",MIN(E27:H27)) -> 33196.665 | J27: =+IF(E27="N/A","N/A",ROUND(AVERAGE(E27:H27),0)) -> 41186 | K27: =+IF(I27="N/A","N/A",AVERAGE(I27:J27)) -> 37191.332 | M27: 61500 | N27: 65000 | P27: 46472.8 | Q27: =+IF(M27="N/A","N/A",MIN(M27:P27)) -> 46472.8 | R27: =+IF(M27="N/A","N/A",ROUND(AVERAGE(M27:P27),0)) -> 57658 | S27: =+IF(Q27="N/A","N/A",AVERAGE(Q27:R27)) -> 52065.4 | U27: 45402.924 | V27: 54166.667 | X27: 34308.959 | Y27: =+IF(U27="N/A","N/A",MIN(U27:X27)) -> 34308.959 | Z27: =+IF(U27="N/A","N/A",ROUND(AVERAGE(U27:X27),0)) -> 44626 | AA27: =+IF(Y27="N/A","N/A",AVERAGE(Y27:Z27)) -> 39467.48 | AC27: 47553.796 | AD27: 50260.11 | AF27: 35934.278 | AG27: =+IF(AC27="N/A","N/A",MIN(AC27:AF27)) -> 35934.278 | AH27: =+IF(AC27="N/A","N/A",ROUND(AVERAGE(AC27:AF27),0)) -> 44583 | AI27: =+IF(AG27="N/A","N/A",AVERAGE(AG27:AH27)) -> 40258.639 | AK27: 45051.904 | AL27: 47615.833 | AN27: 34043.709 | AO27: =+IF(AK27="N/A","N/A",MIN(AK27:AN27)) -> 34043.709 | AP27: =+IF(AK27="N/A","N/A",ROUND(AVERAGE(AK27:AN27),0)) -> 42237 | AQ27: =+IF(AO27="N/A","N/A",AVERAGE(AO27:AP27)) -> 38140.355 | AS27: 45426.861 | AT27: 48012.13 | AV27: 34327.048 | AW27: =+IF(AS27="N/A","N/A",MIN(AS27:AV27)) -> 34327.048 | AX27: =+IF(AS27="N/A","N/A",ROUND(AVERAGE(AS27:AV27),0)) -> 42589 | AY27: =+IF(AW27="N/A","N/A",AVERAGE(AW27:AX27)) -> 38458.024 | BA27: 53300 | BB27: 56333.333 | BD27: 40276.427 | BE27: =+IF(BA27="N/A","N/A",MIN(BA27:BD27)) -> 40276.427 | BF27: =+IF(BA27="N/A","N/A",ROUND(AVERAGE(BA27:BD27),0)) -> 49970 | BG27: =+IF(BE27="N/A","N/A",AVERAGE(BE27:BF27)) -> 45123.213 | BI27: 53300 | BJ27: 56333.333 | BL27: 40276.427 | BM27: =+IF(BI27="N/A","N/A",MIN(BI27:BL27)) -> 40276.427 | BN27: =+IF(BI27="N/A","N/A",ROUND(AVERAGE(BI27:BL27),0)) -> 49970 | BO27: =+IF(BM27="N/A","N/A",AVERAGE(BM27:BN27)) -> 45123.213 | BQ27: N/A | BR27: N/A | BS27: N/A | BT27: N/A | BU27: N/A | BV27: N/A | BW27: N/A | BY27: 51250 | BZ27: 54166.667 | CB27: 38727.333 | CC27: =+IF(BY27="N/A","N/A",MIN(BY27:CB27)) -> 38727.333 | CD27: =+IF(BY27="N/A","N/A",ROUND(AVERAGE(BY27:CB27),0)) -> 48048 | CE27: =+IF(CC27="N/A","N/A",AVERAGE(CC27:CD27)) -> 43387.667 | CG27: N/A | CH27: N/A | CI27: N/A | CJ27: N/A | CK27: N/A | CL27: N/A | CM27: N/A | CO27: 37667.682 | CP27: 39811.371 | CR27: 28463.783 | CS27: =+IF(CO27="N/A","N/A",MIN(CO27:CR27)) -> 28463.783 | CT27: =+IF(CO27="N/A","N/A",ROUND(AVERAGE(CO27:CR27),0)) -> 35314 | CU27: =+IF(CS27="N/A","N/A",AVERAGE(CS27:CT27)) -> 31888.892 | CW27: 41000 | CX27: 43333.333 | CZ27: 30981.867 | DA27: =+IF(CW27="N/A","N/A",MIN(CW27:CZ27)) -> 30981.867 | DB27: =+IF(CW27="N/A","N/A",ROUND(AVERAGE(CW27:CZ27),0)) -> 38438 | DC27: =+IF(DA27="N/A","N/A",AVERAGE(DA27:DB27)) -> 34709.933 | DE27: 37298.997 | DF27: 39421.704 | DH27: 28185.184 | DI27: =+IF(DE27="N/A","N/A",MIN(DE27:DH27)) -> 28185.184 | DJ27: =+IF(DE27="N/A","N/A",ROUND(AVERAGE(DE27:DH27),0)) -> 34969 | DK27: =+IF(DI27="N/A","N/A",AVERAGE(DI27:DJ27)) -> 31577.092 | DM27: 40741.669 | DN27: 43060.301 | DP27: 30786.658 | DQ27: =+IF(DM27="N/A","N/A",MIN(DM27:DP27)) -> 30786.658 | DR27: =+IF(DM27="N/A","N/A",ROUND(AVERAGE(DM27:DP27),0)) -> 38196 | DS27: =+IF(DQ27="N/A","N/A",AVERAGE(DQ27:DR27)) -> 34491.329 | DV27: 47986.83 | DY27: =+IF(DU27="N/A","N/A",MIN(DU27:DX27)) -> 47986.83 | DZ27: =+IF(DU27="N/A","N/A",ROUND(AVERAGE(DU27:DX27),0)) -> 47987 | EA27: =+IF(DY27="N/A","N/A",AVERAGE(DY27:DZ27)) -> 47986.915 | ED27: 73666.667 | EG27: =+IF(EC27="N/A","N/A",MIN(EC27:EF27)) -> 73666.667 | EH27: =+IF(EC27="N/A","N/A",ROUND(AVERAGE(EC27:EF27),0)) -> 73667 | EI27: =+IF(EG27="N/A","N/A",AVERAGE(EG27:EH27)) -> 73666.833 | EL27: 54166.667 | EO27: =+IF(EK27="N/A","N/A",MIN(EK27:EN27)) -> 54166.667 | EP27: =+IF(EK27="N/A","N/A",ROUND(AVERAGE(EK27:EN27),0)) -> 54167 | EQ27: =+IF(EO27="N/A","N/A",AVERAGE(EO27:EP27)) -> 54166.833
A28: 12 | B28: Filtro Aire | C28: 1 | E28: 90053.411 | F28: 95178.402 | H28: 68049.336 | I28: =+IF(E28="N/A","N/A",MIN(E28:H28)) -> 68049.336 | J28: =+IF(E28="N/A","N/A",ROUND(AVERAGE(E28:H28),0)) -> 84427 | K28: =+IF(I28="N/A","N/A",AVERAGE(I28:J28)) -> 76238.168 | M28: 115825 | N28: 122416.67 | P28: 87523.773 | Q28: =+IF(M28="N/A","N/A",MIN(M28:P28)) -> 87523.773 | R28: =+IF(M28="N/A","N/A",ROUND(AVERAGE(M28:P28),0)) -> 108588 | S28: =+IF(Q28="N/A","N/A",AVERAGE(Q28:R28)) -> 98055.887 | U28: 86788.471 | V28: 96416.667 | X28: 65582.167 | Y28: =+IF(U28="N/A","N/A",MIN(U28:X28)) -> 65582.167 | Z28: =+IF(U28="N/A","N/A",ROUND(AVERAGE(U28:X28),0)) -> 82929 | AA28: =+IF(Y28="N/A","N/A",AVERAGE(Y28:Z28)) -> 74255.583 | AC28: 85523.566 | AD28: 90390.761 | AF28: 64626.335 | AG28: =+IF(AC28="N/A","N/A",MIN(AC28:AF28)) -> 64626.335 | AH28: =+IF(AC28="N/A","N/A",ROUND(AVERAGE(AC28:AF28),0)) -> 80180 | AI28: =+IF(AG28="N/A","N/A",AVERAGE(AG28:AH28)) -> 72403.167 | AK28: 86928.703 | AL28: 91875.865 | AN28: 65688.134 | AO28: =+IF(AK28="N/A","N/A",MIN(AK28:AN28)) -> 65688.134 | AP28: =+IF(AK28="N/A","N/A",ROUND(AVERAGE(AK28:AN28),0)) -> 81498 | AQ28: =+IF(AO28="N/A","N/A",AVERAGE(AO28:AP28)) -> 73593.067 | AS28: 87426.114 | AT28: 92401.583 | AV28: 66064.005 | AW28: =+IF(AS28="N/A","N/A",MIN(AS28:AV28)) -> 66064.005 | AX28: =+IF(AS28="N/A","N/A",ROUND(AVERAGE(AS28:AV28),0)) -> 81964 | AY28: =+IF(AW28="N/A","N/A",AVERAGE(AW28:AX28)) -> 74014.002 | BA28: 121975 | BB28: 128916.67 | BD28: 92171.053 | BE28: =+IF(BA28="N/A","N/A",MIN(BA28:BD28)) -> 92171.053 | BF28: =+IF(BA28="N/A","N/A",ROUND(AVERAGE(BA28:BD28),0)) -> 114354 | BG28: =+IF(BE28="N/A","N/A",AVERAGE(BE28:BF28)) -> 103262.53 | BI28: 121975 | BJ28: 128916.67 | BL28: 92171.053 | BM28: =+IF(BI28="N/A","N/A",MIN(BI28:BL28)) -> 92171.053 | BN28: =+IF(BI28="N/A","N/A",ROUND(AVERAGE(BI28:BL28),0)) -> 114354 | BO28: =+IF(BM28="N/A","N/A",AVERAGE(BM28:BN28)) -> 103262.53 | BQ28: 115825 | BR28: 122416.67 | BT28: 87523.773 | BU28: =+IF(BQ28="N/A","N/A",MIN(BQ28:BT28)) -> 87523.773 | BV28: =+IF(BQ28="N/A","N/A",ROUND(AVERAGE(BQ28:BT28),0)) -> 108588 | BW28: =+IF(BU28="N/A","N/A",AVERAGE(BU28:BV28)) -> 98055.887 | BY28: 94300 | BZ28: 99666.667 | CB28: 71258.293 | CC28: =+IF(BY28="N/A","N/A",MIN(BY28:CB28)) -> 71258.293 | CD28: =+IF(BY28="N/A","N/A",ROUND(AVERAGE(BY28:CB28),0)) -> 88408 | CE28: =+IF(CC28="N/A","N/A",AVERAGE(CC28:CD28)) -> 79833.147 | CG28: 111410.58 | CH28: 117751.02 | CJ28: 84187.991 | CK28: =+IF(CG28="N/A","N/A",MIN(CG28:CJ28)) -> 84187.991 | CL28: =+IF(CG28="N/A","N/A",ROUND(AVERAGE(CG28:CJ28),0)) -> 104450 | CM28: =+IF(CK28="N/A","N/A",AVERAGE(CK28:CL28)) -> 94318.996 | CO28: 87817.657 | CP28: 92815.41 | CR28: 66359.877 | CS28: =+IF(CO28="N/A","N/A",MIN(CO28:CR28)) -> 66359.877 | CT28: =+IF(CO28="N/A","N/A",ROUND(AVERAGE(CO28:CR28),0)) -> 82331 | CU28: =+IF(CS28="N/A","N/A",AVERAGE(CS28:CT28)) -> 74345.438 | CW28: 117875 | CX28: 124583.33 | CZ28: 89072.867 | DA28: =+IF(CW28="N/A","N/A",MIN(CW28:CZ28)) -> 89072.867 | DB28: =+IF(CW28="N/A","N/A",ROUND(AVERAGE(CW28:CZ28),0)) -> 110510 | DC28: =+IF(DA28="N/A","N/A",AVERAGE(DA28:DB28)) -> 99791.433 | DE28: 89213.922 | DF28: 94291.137 | DH28: 67414.972 | DI28: =+IF(DE28="N/A","N/A",MIN(DE28:DH28)) -> 67414.972 | DJ28: =+IF(DE28="N/A","N/A",ROUND(AVERAGE(DE28:DH28),0)) -> 83640 | DK28: =+IF(DI28="N/A","N/A",AVERAGE(DI28:DJ28)) -> 75527.486 | DM28: 96936.164 | DN28: 102452.86 | DP28: 73250.325 | DQ28: =+IF(DM28="N/A","N/A",MIN(DM28:DP28)) -> 73250.325 | DR28: =+IF(DM28="N/A","N/A",ROUND(AVERAGE(DM28:DP28),0)) -> 90880 | DS28: =+IF(DQ28="N/A","N/A",AVERAGE(DQ28:DR28)) -> 82065.162 | DV28: 102290.15 | DY28: =+IF(DU28="N/A","N/A",MIN(DU28:DX28)) -> 102290.15 | DZ28: =+IF(DU28="N/A","N/A",ROUND(AVERAGE(DU28:DX28),0)) -> 102290 | EA28: =+IF(DY28="N/A","N/A",AVERAGE(DY28:DZ28)) -> 102290.08 | ED28: 135416.67 | EG28: =+IF(EC28="N/A","N/A",MIN(EC28:EF28)) -> 135416.67 | EH28: =+IF(EC28="N/A","N/A",ROUND(AVERAGE(EC28:EF28),0)) -> 135417 | EI28: =+IF(EG28="N/A","N/A",AVERAGE(EG28:EH28)) -> 135416.83 | EL28: 99666.667 | EO28: =+IF(EK28="N/A","N/A",MIN(EK28:EN28)) -> 99666.667 | EP28: =+IF(EK28="N/A","N/A",ROUND(AVERAGE(EK28:EN28),0)) -> 99667 | EQ28: =+IF(EO28="N/A","N/A",AVERAGE(EO28:EP28)) -> 99666.833
A29: 13 | B29: Filtro Combustible | C29: 1 | E29: 66252.478 | F29: 70022.944 | H29: 50064.035 | I29: =+IF(E29="N/A","N/A",MIN(E29:H29)) -> 50064.035 | J29: =+IF(E29="N/A","N/A",ROUND(AVERAGE(E29:H29),0)) -> 62113 | K29: =+IF(I29="N/A","N/A",AVERAGE(I29:J29)) -> 56088.518 | M29: 85075 | N29: 89916.667 | P29: 64287.373 | Q29: =+IF(M29="N/A","N/A",MIN(M29:P29)) -> 64287.373 | R29: =+IF(M29="N/A","N/A",ROUND(AVERAGE(M29:P29),0)) -> 79760 | S29: =+IF(Q29="N/A","N/A",AVERAGE(Q29:R29)) -> 72023.687 | U29: N/A | V29: N/A | W29: N/A | X29: N/A | Y29: N/A | Z29: N/A | AA29: N/A | AC29: N/A | AD29: N/A | AE29: N/A | AF29: N/A | AG29: N/A | AH29: N/A | AI29: N/A | AK29: 73259.607 | AL29: 77428.853 | AN29: 55359.009 | AO29: =+IF(AK29="N/A","N/A",MIN(AK29:AN29)) -> 55359.009 | AP29: =+IF(AK29="N/A","N/A",ROUND(AVERAGE(AK29:AN29),0)) -> 68682 | AQ29: =+IF(AO29="N/A","N/A",AVERAGE(AO29:AP29)) -> 62020.505 | AS29: N/A | AT29: N/A | AU29: N/A | AV29: N/A | AW29: N/A | AX29: N/A | AY29: N/A | BA29: 85075 | BB29: 89916.667 | BD29: 64287.373 | BE29: =+IF(BA29="N/A","N/A",MIN(BA29:BD29)) -> 64287.373 | BF29: =+IF(BA29="N/A","N/A",ROUND(AVERAGE(BA29:BD29),0)) -> 79760 | BG29: =+IF(BE29="N/A","N/A",AVERAGE(BE29:BF29)) -> 72023.687 | BI29: 85075 | BJ29: 89916.667 | BL29: 64287.373 | BM29: =+IF(BI29="N/A","N/A",MIN(BI29:BL29)) -> 64287.373 | BN29: =+IF(BI29="N/A","N/A",ROUND(AVERAGE(BI29:BL29),0)) -> 79760 | BO29: =+IF(BM29="N/A","N/A",AVERAGE(BM29:BN29)) -> 72023.687 | BQ29: 121975 | BR29: 128916.67 | BT29: 92171.053 | BU29: =+IF(BQ29="N/A","N/A",MIN(BQ29:BT29)) -> 92171.053 | BV29: =+IF(BQ29="N/A","N/A",ROUND(AVERAGE(BQ29:BT29),0)) -> 114354 | BW29: =+IF(BU29="N/A","N/A",AVERAGE(BU29:BV29)) -> 103262.53 | BY29: N/A | BZ29: N/A | CA29: N/A | CB29: N/A | CC29: N/A | CD29: N/A | CE29: N/A | CG29: 85033.593 | CH29: 89872.903 | CJ29: 64256.084 | CK29: =+IF(CG29="N/A","N/A",MIN(CG29:CJ29)) -> 64256.084 | CL29: =+IF(CG29="N/A","N/A",ROUND(AVERAGE(CG29:CJ29),0)) -> 79721 | CM29: =+IF(CK29="N/A","N/A",AVERAGE(CK29:CL29)) -> 71988.542 | CO29: 81015.562 | CP29: 85626.204 | CR29: 61219.838 | CS29: =+IF(CO29="N/A","N/A",MIN(CO29:CR29)) -> 61219.838 | CT29: =+IF(CO29="N/A","N/A",ROUND(AVERAGE(CO29:CR29),0)) -> 75954 | CU29: =+IF(CS29="N/A","N/A",AVERAGE(CS29:CT29)) -> 68586.919 | CW29: 87125 | CX29: 92083.333 | CZ29: 65836.467 | DA29: =+IF(CW29="N/A","N/A",MIN(CW29:CZ29)) -> 65836.467 | DB29: =+IF(CW29="N/A","N/A",ROUND(AVERAGE(CW29:CZ29),0)) -> 81682 | DC29: =+IF(DA29="N/A","N/A",AVERAGE(DA29:DB29)) -> 73759.233 | DE29: 89321.183 | DF29: 94404.502 | DH29: 67496.024 | DI29: =+IF(DE29="N/A","N/A",MIN(DE29:DH29)) -> 67496.024 | DJ29: =+IF(DE29="N/A","N/A",ROUND(AVERAGE(DE29:DH29),0)) -> 83741 | DK29: =+IF(DI29="N/A","N/A",AVERAGE(DI29:DJ29)) -> 75618.512 | DM29: 101941.23 | DN29: 107742.76 | DP29: 77032.428 | DQ29: =+IF(DM29="N/A","N/A",MIN(DM29:DP29)) -> 77032.428 | DR29: =+IF(DM29="N/A","N/A",ROUND(AVERAGE(DM29:DP29),0)) -> 95572 | DS29: =+IF(DQ29="N/A","N/A",AVERAGE(DQ29:DR29)) -> 86302.214 | DU29: N/A | DV29: N/A | DX29: N/A | DY29: N/A | DZ29: N/A | EA29: N/A | ED29: 128916.67 | EG29: =+IF(EC29="N/A","N/A",MIN(EC29:EF29)) -> 128916.67 | EH29: =+IF(EC29="N/A","N/A",ROUND(AVERAGE(EC29:EF29),0)) -> 128917 | EI29: =+IF(EG29="N/A","N/A",AVERAGE(EG29:EH29)) -> 128916.83 | EK29: N/A | EL29: N/A | EM29: N/A | EN29: N/A | EO29: N/A | EP29: N/A | EQ29: N/A
A30: 14 | B30: Juego Cables De Alta | C30: 1 | E30: N/A | F30: N/A | G30: N/A | H30: N/A | I30: N/A | J30: N/A | K30: N/A | M30: N/A | N30: N/A | O30: N/A | P30: N/A | Q30: N/A | R30: N/A | S30: N/A | U30: N/A | V30: N/A | W30: N/A | X30: N/A | Y30: N/A | Z30: N/A | AA30: N/A | AC30: 234567.42 | AD30: 247916.79 | AF30: 177252.11 | AG30: =+IF(AC30="N/A","N/A",MIN(AC30:AF30)) -> 177252.11 | AH30: =+IF(AC30="N/A","N/A",ROUND(AVERAGE(AC30:AF30),0)) -> 219912 | AI30: =+IF(AG30="N/A","N/A",AVERAGE(AG30:AH30)) -> 198582.06 | AK30: 240081.12 | AL30: 253744.27 | AN30: 181418.57 | AO30: =+IF(AK30="N/A","N/A",MIN(AK30:AN30)) -> 181418.57 | AP30: =+IF(AK30="N/A","N/A",ROUND(AVERAGE(AK30:AN30),0)) -> 225081 | AQ30: =+IF(AO30="N/A","N/A",AVERAGE(AO30:AP30)) -> 203249.78 | AS30: N/A | AT30: N/A | AU30: N/A | AV30: N/A | AW30: N/A | AX30: N/A | AY30: N/A | BA30: N/A | BB30: N/A | BC30: N/A | BD30: N/A | BE30: N/A | BF30: N/A | BG30: N/A | BI30: N/A | BJ30: N/A | BK30: N/A | BL30: N/A | BM30: N/A | BN30: N/A | BO30: N/A | BQ30: N/A | BR30: N/A | BS30: N/A | BT30: N/A | BU30: N/A | BV30: N/A | BW30: N/A | BY30: 137350 | BZ30: 145166.67 | CB30: 103789.25 | CC30: =+IF(BY30="N/A","N/A",MIN(BY30:CB30)) -> 103789.25 | CD30: =+IF(BY30="N/A","N/A",ROUND(AVERAGE(BY30:CB30),0)) -> 128769 | CE30: =+IF(CC30="N/A","N/A",AVERAGE(CC30:CD30)) -> 116279.13 | CG30: N/A | CH30: N/A | CI30: N/A | CJ30: N/A | CK30: N/A | CL30: N/A | CM30: N/A | CO30: N/A | CP30: N/A | CQ30: N/A | CR30: N/A | CS30: N/A | CT30: N/A | CU30: N/A | CW30: N/A | CX30: N/A | CY30: N/A | CZ30: N/A | DA30: N/A | DB30: N/A | DC30: N/A | DE30: 132183.92 | DF30: 139706.58 | DH30: 99885.48 | DI30: =+IF(DE30="N/A","N/A",MIN(DE30:DH30)) -> 99885.48 | DJ30: =+IF(DE30="N/A","N/A",ROUND(AVERAGE(DE30:DH30),0)) -> 123925 | DK30: =+IF(DI30="N/A","N/A",AVERAGE(DI30:DJ30)) -> 111905.24 | DM30: 122038.73 | DN30: 128984.02 | DP30: 92219.211 | DQ30: =+IF(DM30="N/A","N/A",MIN(DM30:DP30)) -> 92219.211 | DR30: =+IF(DM30="N/A","N/A",ROUND(AVERAGE(DM30:DP30),0)) -> 114414 | DS30: =+IF(DQ30="N/A","N/A",AVERAGE(DQ30:DR30)) -> 103316.61 | DU30: N/A | DV30: N/A | DX30: N/A | DY30: N/A | DZ30: N/A | EA30: N/A | EC30: N/A | ED30: N/A | EE30: N/A | EF30: N/A | EG30: N/A | EH30: N/A | EI30: N/A | EL30: 145166.67 | EO30: =+IF(EK30="N/A","N/A",MIN(EK30:EN30)) -> 145166.67 | EP30: =+IF(EK30="N/A","N/A",ROUND(AVERAGE(EK30:EN30),0)) -> 145167 | EQ30: =+IF(EO30="N/A","N/A",AVERAGE(EO30:EP30)) -> 145166.83
A31: 15 | B31: Filtro De Aceite | C31: 1 | E31: 47713.779 | F31: 50429.197 | H31: 36055.169 | I31: =+IF(E31="N/A","N/A",MIN(E31:H31)) -> 36055.169 | J31: =+IF(E31="N/A","N/A",ROUND(AVERAGE(E31:H31),0)) -> 44733 | K31: =+IF(I31="N/A","N/A",AVERAGE(I31:J31)) -> 40394.085 | M31: 52275 | N31: 55250 | P31: 39501.88 | Q31: =+IF(M31="N/A","N/A",MIN(M31:P31)) -> 39501.88 | R31: =+IF(M31="N/A","N/A",ROUND(AVERAGE(M31:P31),0)) -> 49009 | S31: =+IF(Q31="N/A","N/A",AVERAGE(Q31:R31)) -> 44255.44 | U31: 39460.558 | V31: 49833.333 | X31: 29818.579 | Y31: =+IF(U31="N/A","N/A",MIN(U31:X31)) -> 29818.579 | Z31: =+IF(U31="N/A","N/A",ROUND(AVERAGE(U31:X31),0)) -> 39704 | AA31: =+IF(Y31="N/A","N/A",AVERAGE(Y31:Z31)) -> 34761.289 | AC31: 42137.529 | AD31: 44535.599 | AF31: 31841.446 | AG31: =+IF(AC31="N/A","N/A",MIN(AC31:AF31)) -> 31841.446 | AH31: =+IF(AC31="N/A","N/A",ROUND(AVERAGE(AC31:AF31),0)) -> 39505 | AI31: =+IF(AG31="N/A","N/A",AVERAGE(AG31:AH31)) -> 35673.223 | AK31: 52376.49 | AL31: 55357.266 | AN31: 39578.571 | AO31: =+IF(AK31="N/A","N/A",MIN(AK31:AN31)) -> 39578.571 | AP31: =+IF(AK31="N/A","N/A",ROUND(AVERAGE(AK31:AN31),0)) -> 49104 | AQ31: =+IF(AO31="N/A","N/A",AVERAGE(AO31:AP31)) -> 44341.286 | AS31: 47518.779 | AT31: 50223.099 | AV31: 35907.816 | AW31: =+IF(AS31="N/A","N/A",MIN(AS31:AV31)) -> 35907.816 | AX31: =+IF(AS31="N/A","N/A",ROUND(AVERAGE(AS31:AV31),0)) -> 44550 | AY31: =+IF(AW31="N/A","N/A",AVERAGE(AW31:AX31)) -> 40228.908 | BA31: 55350 | BB31: 58500 | BD31: 41825.52 | BE31: =+IF(BA31="N/A","N/A",MIN(BA31:BD31)) -> 41825.52 | BF31: =+IF(BA31="N/A","N/A",ROUND(AVERAGE(BA31:BD31),0)) -> 51892 | BG31: =+IF(BE31="N/A","N/A",AVERAGE(BE31:BF31)) -> 46858.76 | BI31: 55350 | BJ31: 58500 | BL31: 41825.52 | BM31: =+IF(BI31="N/A","N/A",MIN(BI31:BL31)) -> 41825.52 | BN31: =+IF(BI31="N/A","N/A",ROUND(AVERAGE(BI31:BL31),0)) -> 51892 | BO31: =+IF(BM31="N/A","N/A",AVERAGE(BM31:BN31)) -> 46858.76 | BQ31: 58425 | BR31: 61750 | BT31: 44149.16 | BU31: =+IF(BQ31="N/A","N/A",MIN(BQ31:BT31)) -> 44149.16 | BV31: =+IF(BQ31="N/A","N/A",ROUND(AVERAGE(BQ31:BT31),0)) -> 54775 | BW31: =+IF(BU31="N/A","N/A",AVERAGE(BU31:BV31)) -> 49462.08 | BY31: 53300 | BZ31: 56333.333 | CB31: 40276.427 | CC31: =+IF(BY31="N/A","N/A",MIN(BY31:CB31)) -> 40276.427 | CD31: =+IF(BY31="N/A","N/A",ROUND(AVERAGE(BY31:CB31),0)) -> 49970 | CE31: =+IF(CC31="N/A","N/A",AVERAGE(CC31:CD31)) -> 45123.213 | CG31: 53689.704 | CH31: 56745.215 | CJ31: 40570.908 | CK31: =+IF(CG31="N/A","N/A",MIN(CG31:CJ31)) -> 40570.908 | CL31: =+IF(CG31="N/A","N/A",ROUND(AVERAGE(CG31:CJ31),0)) -> 50335 | CM31: =+IF(CK31="N/A","N/A",AVERAGE(CK31:CL31)) -> 45452.954 | CO31: 46348.871 | CP31: 48986.611 | CR31: 35023.769 | CS31: =+IF(CO31="N/A","N/A",MIN(CO31:CR31)) -> 35023.769 | CT31: =+IF(CO31="N/A","N/A",ROUND(AVERAGE(CO31:CR31),0)) -> 43453 | CU31: =+IF(CS31="N/A","N/A",AVERAGE(CS31:CT31)) -> 39238.385 | CW31: 47150 | CX31: 49833.333 | CZ31: 35629.147 | DA31: =+IF(CW31="N/A","N/A",MIN(CW31:CZ31)) -> 35629.147 | DB31: =+IF(CW31="N/A","N/A",ROUND(AVERAGE(CW31:CZ31),0)) -> 44204 | DC31: =+IF(DA31="N/A","N/A",AVERAGE(DA31:DB31)) -> 39916.573 | DE31: 42441.049 | DF31: 44856.394 | DH31: 32070.803 | DI31: =+IF(DE31="N/A","N/A",MIN(DE31:DH31)) -> 32070.803 | DJ31: =+IF(DE31="N/A","N/A",ROUND(AVERAGE(DE31:DH31),0)) -> 39789 | DK31: =+IF(DI31="N/A","N/A",AVERAGE(DI31:DJ31)) -> 35929.902 | DM31: 42906.279 | DN31: 45348.099 | DP31: 32422.356 | DQ31: =+IF(DM31="N/A","N/A",MIN(DM31:DP31)) -> 32422.356 | DR31: =+IF(DM31="N/A","N/A",ROUND(AVERAGE(DM31:DP31),0)) -> 40226 | DS31: =+IF(DQ31="N/A","N/A",AVERAGE(DQ31:DR31)) -> 36324.178 | DV31: 41706.28 | DY31: =+IF(DU31="N/A","N/A",MIN(DU31:DX31)) -> 41706.28 | DZ31: =+IF(DU31="N/A","N/A",ROUND(AVERAGE(DU31:DX31),0)) -> 41706 | EA31: =+IF(DY31="N/A","N/A",AVERAGE(DY31:DZ31)) -> 41706.14 | ED31: 58500 | EG31: =+IF(EC31="N/A","N/A",MIN(EC31:EF31)) -> 58500 | EH31: =+IF(EC31="N/A","N/A",ROUND(AVERAGE(EC31:EF31),0)) -> 58500 | EI31: =+IF(EG31="N/A","N/A",AVERAGE(EG31:EH31)) -> 58500 | EL31: 56333.333 | EO31: =+IF(EK31="N/A","N/A",MIN(EK31:EN31)) -> 56333.333 | EP31: =+IF(EK31="N/A","N/A",ROUND(AVERAGE(EK31:EN31),0)) -> 56333 | EQ31: =+IF(EO31="N/A","N/A",AVERAGE(EO31:EP31)) -> 56333.167
A32: 16 | B32: Filtro Trampa | C32: 1 | E32: 64264.353 | F32: 67921.674 | H32: 48561.698 | I32: =+IF(E32="N/A","N/A",MIN(E32:H32)) -> 48561.698 | J32: =+IF(E32="N/A","N/A",ROUND(AVERAGE(E32:H32),0)) -> 60249 | K32: =+IF(I32="N/A","N/A",AVERAGE(I32:J32)) -> 54405.349 | M32: 69700 | N32: 73666.667 | P32: 52669.173 | Q32: =+IF(M32="N/A","N/A",MIN(M32:P32)) -> 52669.173 | R32: =+IF(M32="N/A","N/A",ROUND(AVERAGE(M32:P32),0)) -> 65345 | S32: =+IF(Q32="N/A","N/A",AVERAGE(Q32:R32)) -> 59007.087 | U32: N/A | V32: N/A | W32: N/A | X32: N/A | Y32: N/A | Z32: N/A | AA32: N/A | AC32: N/A | AD32: N/A | AE32: N/A | AF32: N/A | AG32: N/A | AH32: N/A | AI32: N/A | AK32: N/A | AL32: N/A | AM32: N/A | AN32: N/A | AO32: N/A | AP32: N/A | AQ32: N/A | AS32: N/A | AT32: N/A | AU32: N/A | AV32: N/A | AW32: N/A | AX32: N/A | AY32: N/A | BA32: 63550 | BB32: 67166.667 | BD32: 48021.893 | BE32: =+IF(BA32="N/A","N/A",MIN(BA32:BD32)) -> 48021.893 | BF32: =+IF(BA32="N/A","N/A",ROUND(AVERAGE(BA32:BD32),0)) -> 59580 | BG32: =+IF(BE32="N/A","N/A",AVERAGE(BE32:BF32)) -> 53800.947 | BI32: 62525 | BJ32: 66083.333 | BL32: 47247.347 | BM32: =+IF(BI32="N/A","N/A",MIN(BI32:BL32)) -> 47247.347 | BN32: =+IF(BI32="N/A","N/A",ROUND(AVERAGE(BI32:BL32),0)) -> 58619 | BO32: =+IF(BM32="N/A","N/A",AVERAGE(BM32:BN32)) -> 52933.173 | BQ32: 65600 | BR32: 69333.333 | BT32: 49570.987 | BU32: =+IF(BQ32="N/A","N/A",MIN(BQ32:BT32)) -> 49570.987 | BV32: =+IF(BQ32="N/A","N/A",ROUND(AVERAGE(BQ32:BT32),0)) -> 61501 | BW32: =+IF(BU32="N/A","N/A",AVERAGE(BU32:BV32)) -> 55535.993 | BY32: N/A | BZ32: N/A | CA32: N/A | CB32: N/A | CC32: N/A | CD32: N/A | CE32: N/A | CG32: 75516.184 | CH32: 79813.854 | CJ32: 57064.204 | CK32: =+IF(CG32="N/A","N/A",MIN(CG32:CJ32)) -> 57064.204 | CL32: =+IF(CG32="N/A","N/A",ROUND(AVERAGE(CG32:CJ32),0)) -> 70798 | CM32: =+IF(CK32="N/A","N/A",AVERAGE(CK32:CL32)) -> 63931.102 | CO32: N/A | CP32: N/A | CQ32: N/A | CR32: N/A | CS32: N/A | CT32: N/A | CU32: N/A | CW32: N/A | CX32: N/A | CY32: N/A | CZ32: N/A | DA32: N/A | DB32: N/A | DC32: N/A | DE32: N/A | DF32: N/A | DG32: N/A | DH32: N/A | DI32: N/A | DJ32: N/A | DK32: N/A | DM32: N/A | DN32: N/A | DO32: N/A | DP32: N/A | DQ32: N/A | DR32: N/A | DS32: N/A | DU32: N/A | DV32: N/A | DX32: N/A | DY32: N/A | DZ32: N/A | EA32: N/A | EC32: N/A | ED32: N/A | EE32: N/A | EF32: N/A | EG32: N/A | EH32: N/A | EI32: N/A | EK32: N/A | EL32: N/A | EM32: N/A | EN32: N/A | EO32: N/A | EP32: N/A | EQ32: N/A
A33: 17 | B33: Inyector | C33: 1 | E33: 1691250 | F33: 1787500 | H33: 1278002 | I33: =+IF(E33="N/A","N/A",MIN(E33:H33)) -> 1278002 | J33: =+IF(E33="N/A","N/A",ROUND(AVERAGE(E33:H33),0)) -> 1585584 | K33: =+IF(I33="N/A","N/A",AVERAGE(I33:J33)) -> 1431793 | M33: 1875750 | N33: 1982500 | P33: 1417420.4 | Q33: =+IF(M33="N/A","N/A",MIN(M33:P33)) -> 1417420.4 | R33: =+IF(M33="N/A","N/A",ROUND(AVERAGE(M33:P33),0)) -> 1758557 | S33: =+IF(Q33="N/A","N/A",AVERAGE(Q33:R33)) -> 1587988.7 | U33: 757207.68 | V33: 1040000 | X33: 572187.99 | Y33: =+IF(U33="N/A","N/A",MIN(U33:X33)) -> 572187.99 | Z33: =+IF(U33="N/A","N/A",ROUND(AVERAGE(U33:X33),0)) -> 789799 | AA33: =+IF(Y33="N/A","N/A",AVERAGE(Y33:Z33)) -> 680993.49 | AC33: 793200.35 | AD33: 838341.84 | AF33: 599386.04 | AG33: =+IF(AC33="N/A","N/A",MIN(AC33:AF33)) -> 599386.04 | AH33: =+IF(AC33="N/A","N/A",ROUND(AVERAGE(AC33:AF33),0)) -> 743643 | AI33: =+IF(AG33="N/A","N/A",AVERAGE(AG33:AH33)) -> 671514.52 | AK33: 1141294.1 | AL33: 1206245.8 | AN33: 862424.93 | AO33: =+IF(AK33="N/A","N/A",MIN(AK33:AN33)) -> 862424.93 | AP33: =+IF(AK33="N/A","N/A",ROUND(AVERAGE(AK33:AN33),0)) -> 1069988 | AQ33: =+IF(AO33="N/A","N/A",AVERAGE(AO33:AP33)) -> 966206.46 | AS33: 918412.14 | AT33: 970679.5 | AV33: 694002.99 | AW33: =+IF(AS33="N/A","N/A",MIN(AS33:AV33)) -> 694002.99 | AX33: =+IF(AS33="N/A","N/A",ROUND(AVERAGE(AS33:AV33),0)) -> 861032 | AY33: =+IF(AW33="N/A","N/A",AVERAGE(AW33:AX33)) -> 777517.49 | BA33: 1937250 | BB33: 2047500 | BD33: 1463893.2 | BE33: =+IF(BA33="N/A","N/A",MIN(BA33:BD33)) -> 1463893.2 | BF33: =+IF(BA33="N/A","N/A",ROUND(AVERAGE(BA33:BD33),0)) -> 1816214 | BG33: =+IF(BE33="N/A","N/A",AVERAGE(BE33:BF33)) -> 1640053.6 | BI33: 1937250 | BJ33: 2047500 | BL33: 1463893.2 | BM33: =+IF(BI33="N/A","N/A",MIN(BI33:BL33)) -> 1463893.2 | BN33: =+IF(BI33="N/A","N/A",ROUND(AVERAGE(BI33:BL33),0)) -> 1816214 | BO33: =+IF(BM33="N/A","N/A",AVERAGE(BM33:BN33)) -> 1640053.6 | BQ33: 2121750 | BR33: 2242500 | BT33: 1603311.6 | BU33: =+IF(BQ33="N/A","N/A",MIN(BQ33:BT33)) -> 1603311.6 | BV33: =+IF(BQ33="N/A","N/A",ROUND(AVERAGE(BQ33:BT33),0)) -> 1989187 | BW33: =+IF(BU33="N/A","N/A",AVERAGE(BU33:BV33)) -> 1796249.3 | BY33: 1096750 | BZ33: 1159166.7 | CB33: 828764.93 | CC33: =+IF(BY33="N/A","N/A",MIN(BY33:CB33)) -> 828764.93 | CD33: =+IF(BY33="N/A","N/A",ROUND(AVERAGE(BY33:CB33),0)) -> 1028227 | CE33: =+IF(CC33="N/A","N/A",AVERAGE(CC33:CD33)) -> 928495.97 | CG33: 1561187.4 | CH33: 1650035.5 | CJ33: 1179719.5 | CK33: =+IF(CG33="N/A","N/A",MIN(CG33:CJ33)) -> 1179719.5 | CL33: =+IF(CG33="N/A","N/A",ROUND(AVERAGE(CG33:CJ33),0)) -> 1463647 | CM33: =+IF(CK33="N/A","N/A",AVERAGE(CK33:CL33)) -> 1321683.3 | CO33: 921617.09 | CP33: 974066.84 | CR33: 696424.82 | CS33: =+IF(CO33="N/A","N/A",MIN(CO33:CR33)) -> 696424.82 | CT33: =+IF(CO33="N/A","N/A",ROUND(AVERAGE(CO33:CR33),0)) -> 864036 | CU33: =+IF(CS33="N/A","N/A",AVERAGE(CS33:CT33)) -> 780230.41 | CW33: 1312000 | CX33: 1386666.7 | CZ33: 991419.73 | DA33: =+IF(CW33="N/A","N/A",MIN(CW33:CZ33)) -> 991419.73 | DB33: =+IF(CW33="N/A","N/A",ROUND(AVERAGE(CW33:CZ33),0)) -> 1230029 | DC33: =+IF(DA33="N/A","N/A",AVERAGE(DA33:DB33)) -> 1110724.4 | DE33: 673481.97 | DF33: 711810.21 | DH33: 508920.21 | DI33: =+IF(DE33="N/A","N/A",MIN(DE33:DH33)) -> 508920.21 | DJ33: =+IF(DE33="N/A","N/A",ROUND(AVERAGE(DE33:DH33),0)) -> 631404 | DK33: =+IF(DI33="N/A","N/A",AVERAGE(DI33:DJ33)) -> 570162.1 | DM33: 843303.4 | DN33: 891296.28 | DP33: 637246.67 | DQ33: =+IF(DM33="N/A","N/A",MIN(DM33:DP33)) -> 637246.67 | DR33: =+IF(DM33="N/A","N/A",ROUND(AVERAGE(DM33:DP33),0)) -> 790615 | DS33: =+IF(DQ33="N/A","N/A",AVERAGE(DQ33:DR33)) -> 713930.84 | DV33: 827879.02 | DY33: =+IF(DU33="N/A","N/A",MIN(DU33:DX33)) -> 827879.02 | DZ33: =+IF(DU33="N/A","N/A",ROUND(AVERAGE(DU33:DX33),0)) -> 827879 | EA33: =+IF(DY33="N/A","N/A",AVERAGE(DY33:DZ33)) -> 827879.01 | ED33: 1960833.3 | EG33: =+IF(EC33="N/A","N/A",MIN(EC33:EF33)) -> 1960833.3 | EH33: =+IF(EC33="N/A","N/A",ROUND(AVERAGE(EC33:EF33),0)) -> 1960833 | EI33: =+IF(EG33="N/A","N/A",AVERAGE(EG33:EH33)) -> 1960833.2 | EL33: 1159166.7 | EO33: =+IF(EK33="N/A","N/A",MIN(EK33:EN33)) -> 1159166.7 | EP33: =+IF(EK33="N/A","N/A",ROUND(AVERAGE(EK33:EN33),0)) -> 1159167 | EQ33: =+IF(EO33="N/A","N/A",AVERAGE(EO33:EP33)) -> 1159166.8
A34: 18 | B34: Bomba De Inyección | C34: 1 | E34: 10872018 | F34: 11490751 | H34: 8215498.1 | I34: =+IF(E34="N/A","N/A",MIN(E34:H34)) -> 8215498.1 | J34: =+IF(E34="N/A","N/A",ROUND(AVERAGE(E34:H34),0)) -> 10192756 | K34: =+IF(I34="N/A","N/A",AVERAGE(I34:J34)) -> 9204127 | M34: 11787500 | N34: 12458333 | P34: 8907286.7 | Q34: =+IF(M34="N/A","N/A",MIN(M34:P34)) -> 8907286.7 | R34: =+IF(M34="N/A","N/A",ROUND(AVERAGE(M34:P34),0)) -> 11051040 | S34: =+IF(Q34="N/A","N/A",AVERAGE(Q34:R34)) -> 9979163.3 | U34: N/A | V34: N/A | W34: N/A | X34: N/A | Y34: N/A | Z34: N/A | AA34: N/A | AC34: N/A | AD34: N/A | AE34: N/A | AF34: N/A | AG34: N/A | AH34: N/A | AI34: N/A | AK34: N/A | AL34: N/A | AM34: N/A | AN34: N/A | AO34: N/A | AP34: N/A | AQ34: N/A | AS34: N/A | AT34: N/A | AU34: N/A | AV34: N/A | AW34: N/A | AX34: N/A | AY34: N/A | BA34: 11582500 | BB34: 12241667 | BD34: 8752377.3 | BE34: =+IF(BA34="N/A","N/A",MIN(BA34:BD34)) -> 8752377.3 | BF34: =+IF(BA34="N/A","N/A",ROUND(AVERAGE(BA34:BD34),0)) -> 10858848 | BG34: =+IF(BE34="N/A","N/A",AVERAGE(BE34:BF34)) -> 9805612.7 | BI34: 11992500 | BJ34: 12675000 | BL34: 9062196 | BM34: =+IF(BI34="N/A","N/A",MIN(BI34:BL34)) -> 9062196 | BN34: =+IF(BI34="N/A","N/A",ROUND(AVERAGE(BI34:BL34),0)) -> 11243232 | BO34: =+IF(BM34="N/A","N/A",AVERAGE(BM34:BN34)) -> 10152714 | BQ34: 11992500 | BR34: 12675000 | BT34: 9062196 | BU34: =+IF(BQ34="N/A","N/A",MIN(BQ34:BT34)) -> 9062196 | BV34: =+IF(BQ34="N/A","N/A",ROUND(AVERAGE(BQ34:BT34),0)) -> 11243232 | BW34: =+IF(BU34="N/A","N/A",AVERAGE(BU34:BV34)) -> 10152714 | BY34: N/A | BZ34: N/A | CA34: N/A | CB34: N/A | CC34: N/A | CD34: N/A | CE34: N/A | CG34: 11304393 | CH34: 11947733 | CJ34: 8542224.5 | CK34: =+IF(CG34="N/A","N/A",MIN(CG34:CJ34)) -> 8542224.5 | CL34: =+IF(CG34="N/A","N/A",ROUND(AVERAGE(CG34:CJ34),0)) -> 10598117 | CM34: =+IF(CK34="N/A","N/A",AVERAGE(CK34:CL34)) -> 9570170.8 | CO34: N/A | CP34: N/A | CQ34: N/A | CR34: N/A | CS34: N/A | CT34: N/A | CU34: N/A | CW34: N/A | CX34: N/A | CY34: N/A | CZ34: N/A | DA34: N/A | DB34: N/A | DC34: N/A | DE34: N/A | DF34: N/A | DG34: N/A | DH34: N/A | DI34: N/A | DJ34: N/A | DK34: N/A | DM34: N/A | DN34: N/A | DO34: N/A | DP34: N/A | DQ34: N/A | DR34: N/A | DS34: N/A | DU34: N/A | DV34: N/A | DX34: N/A | DY34: N/A | DZ34: N/A | EA34: N/A | EC34: N/A | ED34: N/A | EE34: N/A | EF34: N/A | EG34: N/A | EH34: N/A | EI34: N/A | EK34: N/A | EL34: N/A | EM34: N/A | EN34: N/A | EO34: N/A | EP34: N/A | EQ34: N/A
A35: 19 | B35: Oring Sellos | C35: 1 | E35: 50699.843 | F35: 53585.2 | H35: 38311.605 | I35: =+IF(E35="N/A","N/A",MIN(E35:H35)) -> 38311.605 | J35: =+IF(E35="N/A","N/A",ROUND(AVERAGE(E35:H35),0)) -> 47532 | K35: =+IF(I35="N/A","N/A",AVERAGE(I35:J35)) -> 42921.802 | M35: 70058.75 | N35: 74045.833 | P35: 52940.265 | Q35: =+IF(M35="N/A","N/A",MIN(M35:P35)) -> 52940.265 | R35: =+IF(M35="N/A","N/A",ROUND(AVERAGE(M35:P35),0)) -> 65682 | S35: =+IF(Q35="N/A","N/A",AVERAGE(Q35:R35)) -> 59311.132 | U35: N/A | V35: N/A | W35: N/A | X35: N/A | Y35: N/A | Z35: N/A | AA35: N/A | AC35: N/A | AD35: N/A | AE35: N/A | AF35: N/A | AG35: N/A | AH35: N/A | AI35: N/A | AK35: 52039.23 | AL35: 55000.812 | AN35: 39323.719 | AO35: =+IF(AK35="N/A","N/A",MIN(AK35:AN35)) -> 39323.719 | AP35: =+IF(AK35="N/A","N/A",ROUND(AVERAGE(AK35:AN35),0)) -> 48788 | AQ35: =+IF(AO35="N/A","N/A",AVERAGE(AO35:AP35)) -> 44055.859 | AS35: N/A | AT35: N/A | AU35: N/A | AV35: N/A | AW35: N/A | AX35: N/A | AY35: N/A | BA35: 60475 | BB35: 63916.667 | BD35: 45698.253 | BE35: =+IF(BA35="N/A","N/A",MIN(BA35:BD35)) -> 45698.253 | BF35: =+IF(BA35="N/A","N/A",ROUND(AVERAGE(BA35:BD35),0)) -> 56697 | BG35: =+IF(BE35="N/A","N/A",AVERAGE(BE35:BF35)) -> 51197.627 | BI35: 56375 | BJ35: 59583.333 | BL35: 42600.067 | BM35: =+IF(BI35="N/A","N/A",MIN(BI35:BL35)) -> 42600.067 | BN35: =+IF(BI35="N/A","N/A",ROUND(AVERAGE(BI35:BL35),0)) -> 52853 | BO35: =+IF(BM35="N/A","N/A",AVERAGE(BM35:BN35)) -> 47726.533 | BQ35: 56375 | BR35: 59583.333 | BT35: 42600.067 | BU35: =+IF(BQ35="N/A","N/A",MIN(BQ35:BT35)) -> 42600.067 | BV35: =+IF(BQ35="N/A","N/A",ROUND(AVERAGE(BQ35:BT35),0)) -> 52853 | BW35: =+IF(BU35="N/A","N/A",AVERAGE(BU35:BV35)) -> 47726.533 | BY35: N/A | BZ35: N/A | CA35: N/A | CB35: N/A | CC35: N/A | CD35: N/A | CE35: N/A | CG35: 59804.04 | CH35: 63207.522 | CJ35: 45191.239 | CK35: =+IF(CG35="N/A","N/A",MIN(CG35:CJ35)) -> 45191.239 | CL35: =+IF(CG35="N/A","N/A",ROUND(AVERAGE(CG35:CJ35),0)) -> 56068 | CM35: =+IF(CK35="N/A","N/A",AVERAGE(CK35:CL35)) -> 50629.619 | CO35: 47426.73 | CP35: 50125.812 | CR35: 35838.259 | CS35: =+IF(CO35="N/A","N/A",MIN(CO35:CR35)) -> 35838.259 | CT35: =+IF(CO35="N/A","N/A",ROUND(AVERAGE(CO35:CR35),0)) -> 44464 | CU35: =+IF(CS35="N/A","N/A",AVERAGE(CS35:CT35)) -> 40151.129 | CW35: 50225 | CX35: 53083.333 | CZ35: 37952.787 | DA35: =+IF(CW35="N/A","N/A",MIN(CW35:CZ35)) -> 37952.787 | DB35: =+IF(CW35="N/A","N/A",ROUND(AVERAGE(CW35:CZ35),0)) -> 47087 | DC35: =+IF(DA35="N/A","N/A",AVERAGE(DA35:DB35)) -> 42519.893 | DE35: N/A | DF35: N/A | DG35: N/A | DH35: N/A | DI35: N/A | DJ35: N/A | DK35: N/A | DM35: N/A | DN35: N/A | DO35: N/A | DP35: N/A | DQ35: N/A | DR35: N/A | DS35: N/A | DU35: N/A | DV35: N/A | DX35: N/A | DY35: N/A | DZ35: N/A | EA35: N/A | ED35: 81250 | EG35: =+IF(EC35="N/A","N/A",MIN(EC35:EF35)) -> 81250 | EH35: =+IF(EC35="N/A","N/A",ROUND(AVERAGE(EC35:EF35),0)) -> 81250 | EI35: =+IF(EG35="N/A","N/A",AVERAGE(EG35:EH35)) -> 81250 | EK35: N/A | EL35: N/A | EM35: N/A | EN35: N/A | EO35: N/A | EP35: N/A | EQ35: N/A
A36: 20 | B36: Bomba De Combustible | C36: 1 | E36: 1498615.7 | F36: 1583902.8 | H36: 1132436.9 | I36: =+IF(E36="N/A","N/A",MIN(E36:H36)) -> 1132436.9 | J36: =+IF(E36="N/A","N/A",ROUND(AVERAGE(E36:H36),0)) -> 1404985 | K36: =+IF(I36="N/A","N/A",AVERAGE(I36:J36)) -> 1268710.9 | M36: 2197600 | N36: 2322666.7 | P36: 1660628.1 | Q36: =+IF(M36="N/A","N/A",MIN(M36:P36)) -> 1660628.1 | R36: =+IF(M36="N/A","N/A",ROUND(AVERAGE(M36:P36),0)) -> 2060298 | S36: =+IF(Q36="N/A","N/A",AVERAGE(Q36:R36)) -> 1860463 | U36: 1663064 | V36: 2610833.3 | X36: 1256703.1 | Y36: =+IF(U36="N/A","N/A",MIN(U36:X36)) -> 1256703.1 | Z36: =+IF(U36="N/A","N/A",ROUND(AVERAGE(U36:X36),0)) -> 1843533 | AA36: =+IF(Y36="N/A","N/A",AVERAGE(Y36:Z36)) -> 1550118 | AC36: 1693800.4 | AD36: 1790195.6 | AF36: 1279929.2 | AG36: =+IF(AC36="N/A","N/A",MIN(AC36:AF36)) -> 1279929.2 | AH36: =+IF(AC36="N/A","N/A",ROUND(AVERAGE(AC36:AF36),0)) -> 1587975 | AI36: =+IF(AG36="N/A","N/A",AVERAGE(AG36:AH36)) -> 1433952.1 | AK36: 1731579.4 | AL36: 1830124.6 | AN36: 1308477.1 | AO36: =+IF(AK36="N/A","N/A",MIN(AK36:AN36)) -> 1308477.1 | AP36: =+IF(AK36="N/A","N/A",ROUND(AVERAGE(AK36:AN36),0)) -> 1623394 | AQ36: =+IF(AO36="N/A","N/A",AVERAGE(AO36:AP36)) -> 1465935.6 | AS36: 1715037.7 | AT36: 1812641.4 | AV36: 1295977.3 | AW36: =+IF(AS36="N/A","N/A",MIN(AS36:AV36)) -> 1295977.3 | AX36: =+IF(AS36="N/A","N/A",ROUND(AVERAGE(AS36:AV36),0)) -> 1607885 | AY36: =+IF(AW36="N/A","N/A",AVERAGE(AW36:AX36)) -> 1451931.1 | BA36: 2285750 | BB36: 2415833.3 | BD36: 1727239.1 | BE36: =+IF(BA36="N/A","N/A",MIN(BA36:BD36)) -> 1727239.1 | BF36: =+IF(BA36="N/A","N/A",ROUND(AVERAGE(BA36:BD36),0)) -> 2142941 | BG36: =+IF(BE36="N/A","N/A",AVERAGE(BE36:BF36)) -> 1935090 | BI36: 2285750 | BJ36: 2415833.3 | BL36: 1727239.1 | BM36: =+IF(BI36="N/A","N/A",MIN(BI36:BL36)) -> 1727239.1 | BN36: =+IF(BI36="N/A","N/A",ROUND(AVERAGE(BI36:BL36),0)) -> 2142941 | BO36: =+IF(BM36="N/A","N/A",AVERAGE(BM36:BN36)) -> 1935090 | BQ36: N/A | BR36: N/A | BS36: N/A | BT36: N/A | BU36: N/A | BV36: N/A | BW36: N/A | BY36: 2449750 | BZ36: 2589166.7 | CB36: 1851166.5 | CC36: =+IF(BY36="N/A","N/A",MIN(BY36:CB36)) -> 1851166.5 | CD36: =+IF(BY36="N/A","N/A",ROUND(AVERAGE(BY36:CB36),0)) -> 2296694 | CE36: =+IF(CC36="N/A","N/A",AVERAGE(CC36:CD36)) -> 2073930.3 | CG36: N/A | CH36: N/A | CI36: N/A | CJ36: N/A | CK36: N/A | CL36: N/A | CM36: N/A | CO36: 1867822.5 | CP36: 1974121.3 | CR36: 1411429.9 | CS36: =+IF(CO36="N/A","N/A",MIN(CO36:CR36)) -> 1411429.9 | CT36: =+IF(CO36="N/A","N/A",ROUND(AVERAGE(CO36:CR36),0)) -> 1751125 | CU36: =+IF(CS36="N/A","N/A",AVERAGE(CS36:CT36)) -> 1581277.5 | CW36: 2470250 | CX36: 2610833.3 | CZ36: 1866657.5 | DA36: =+IF(CW36="N/A","N/A",MIN(CW36:CZ36)) -> 1866657.5 | DB36: =+IF(CW36="N/A","N/A",ROUND(AVERAGE(CW36:CZ36),0)) -> 2315914 | DC36: =+IF(DA36="N/A","N/A",AVERAGE(DA36:DB36)) -> 2091285.7 | DE36: 1651202.4 | DF36: 1745173.2 | DH36: 1247739.8 | DI36: =+IF(DE36="N/A","N/A",MIN(DE36:DH36)) -> 1247739.8 | DJ36: =+IF(DE36="N/A","N/A",ROUND(AVERAGE(DE36:DH36),0)) -> 1548038 | DK36: =+IF(DI36="N/A","N/A",AVERAGE(DI36:DJ36)) -> 1397888.9 | DM36: 1847491.4 | DN36: 1952633.2 | DP36: 1396066.7 | DQ36: =+IF(DM36="N/A","N/A",MIN(DM36:DP36)) -> 1396066.7 | DR36: =+IF(DM36="N/A","N/A",ROUND(AVERAGE(DM36:DP36),0)) -> 1732064 | DS36: =+IF(DQ36="N/A","N/A",AVERAGE(DQ36:DR36)) -> 1564065.3 | DV36: 1782084.9 | DY36: =+IF(DU36="N/A","N/A",MIN(DU36:DX36)) -> 1782084.9 | DZ36: =+IF(DU36="N/A","N/A",ROUND(AVERAGE(DU36:DX36),0)) -> 1782085 | EA36: =+IF(DY36="N/A","N/A",AVERAGE(DY36:DZ36)) -> 1782084.9 | ED36: 2610833.3 | EG36: =+IF(EC36="N/A","N/A",MIN(EC36:EF36)) -> 2610833.3 | EH36: =+IF(EC36="N/A","N/A",ROUND(AVERAGE(EC36:EF36),0)) -> 2610833 | EI36: =+IF(EG36="N/A","N/A",AVERAGE(EG36:EH36)) -> 2610833.2 | EL36: 2589166.7 | EO36: =+IF(EK36="N/A","N/A",MIN(EK36:EN36)) -> 2589166.7 | EP36: =+IF(EK36="N/A","N/A",ROUND(AVERAGE(EK36:EN36),0)) -> 2589167 | EQ36: =+IF(EO36="N/A","N/A",AVERAGE(EO36:EP36)) -> 2589166.8
A37: 21 | B37: Bujía Precalentadora | C37: 1 | E37: 387785.77 | F37: 409854.88 | H37: 293032.37 | I37: =+IF(E37="N/A","N/A",MIN(E37:H37)) -> 293032.37 | J37: =+IF(E37="N/A","N/A",ROUND(AVERAGE(E37:H37),0)) -> 363558 | K37: =+IF(I37="N/A","N/A",AVERAGE(I37:J37)) -> 328295.18 | M37: 526850 | N37: 556833.33 | P37: 398116.99 | Q37: =+IF(M37="N/A","N/A",MIN(M37:P37)) -> 398116.99 | R37: =+IF(M37="N/A","N/A",ROUND(AVERAGE(M37:P37),0)) -> 493933 | S37: =+IF(Q37="N/A","N/A",AVERAGE(Q37:R37)) -> 446024.99 | U37: N/A | V37: N/A | W37: N/A | X37: N/A | Y37: N/A | Z37: N/A | AA37: N/A | AC37: N/A | AD37: N/A | AE37: N/A | AF37: N/A | AG37: N/A | AH37: N/A | AI37: N/A | AK37: N/A | AL37: N/A | AM37: N/A | AN37: N/A | AO37: N/A | AP37: N/A | AQ37: N/A | AS37: N/A | AT37: N/A | AU37: N/A | AV37: N/A | AW37: N/A | AX37: N/A | AY37: N/A | BA37: 498150 | BB37: 526500 | BD37: 376429.68 | BE37: =+IF(BA37="N/A","N/A",MIN(BA37:BD37)) -> 376429.68 | BF37: =+IF(BA37="N/A","N/A",ROUND(AVERAGE(BA37:BD37),0)) -> 467027 | BG37: =+IF(BE37="N/A","N/A",AVERAGE(BE37:BF37)) -> 421728.34 | BI37: 518650 | BJ37: 548166.67 | BL37: 391920.61 | BM37: =+IF(BI37="N/A","N/A",MIN(BI37:BL37)) -> 391920.61 | BN37: =+IF(BI37="N/A","N/A",ROUND(AVERAGE(BI37:BL37),0)) -> 486246 | BO37: =+IF(BM37="N/A","N/A",AVERAGE(BM37:BN37)) -> 439083.31 | BQ37: 551450 | BR37: 582833.33 | BT37: 416706.11 | BU37: =+IF(BQ37="N/A","N/A",MIN(BQ37:BT37)) -> 416706.11 | BV37: =+IF(BQ37="N/A","N/A",ROUND(AVERAGE(BQ37:BT37),0)) -> 516996 | BW37: =+IF(BU37="N/A","N/A",AVERAGE(BU37:BV37)) -> 466851.05 | BY37: N/A | BZ37: N/A | CA37: N/A | CB37: N/A | CC37: N/A | CD37: N/A | CE37: N/A | CG37: 430677.42 | CH37: 455187.52 | CJ37: 325443.67 | CK37: =+IF(CG37="N/A","N/A",MIN(CG37:CJ37)) -> 325443.67 | CL37: =+IF(CG37="N/A","N/A",ROUND(AVERAGE(CG37:CJ37),0)) -> 403770 | CM37: =+IF(CK37="N/A","N/A",AVERAGE(CK37:CL37)) -> 364606.84 | CO37: N/A | CP37: N/A | CQ37: N/A | CR37: N/A | CS37: N/A | CT37: N/A | CU37: N/A | CW37: N/A | CX37: N/A | CY37: N/A | CZ37: N/A | DA37: N/A | DB37: N/A | DC37: N/A | DE37: N/A | DF37: N/A | DG37: N/A | DH37: N/A | DI37: N/A | DJ37: N/A | DK37: N/A | DM37: N/A | DN37: N/A | DO37: N/A | DP37: N/A | DQ37: N/A | DR37: N/A | DS37: N/A | DU37: N/A | DV37: N/A | DX37: N/A | DY37: N/A | DZ37: N/A | EA37: N/A | EC37: N/A | ED37: N/A | EE37: N/A | EF37: N/A | EG37: N/A | EH37: N/A | EI37: N/A | EK37: N/A | EL37: N/A | EM37: N/A | EN37: N/A | EO37: N/A | EP37: N/A | EQ37: N/A
A38: 22 | B38: Bombín | C38: 1 | E38: 402353 | F38: 425251.14 | H38: 304040.17 | I38: =+IF(E38="N/A","N/A",MIN(E38:H38)) -> 304040.17 | J38: =+IF(E38="N/A","N/A",ROUND(AVERAGE(E38:H38),0)) -> 377215 | K38: =+IF(I38="N/A","N/A",AVERAGE(I38:J38)) -> 340627.59 | M38: 641650 | N38: 678166.67 | P38: 484866.21 | Q38: =+IF(M38="N/A","N/A",MIN(M38:P38)) -> 484866.21 | R38: =+IF(M38="N/A","N/A",ROUND(AVERAGE(M38:P38),0)) -> 601561 | S38: =+IF(Q38="N/A","N/A",AVERAGE(Q38:R38)) -> 543213.61 | U38: N/A | V38: N/A | W38: N/A | X38: N/A | Y38: N/A | Z38: N/A | AA38: N/A | AC38: N/A | AD38: N/A | AE38: N/A | AF38: N/A | AG38: N/A | AH38: N/A | AI38: N/A | AK38: N/A | AL38: N/A | AM38: N/A | AN38: N/A | AO38: N/A | AP38: N/A | AQ38: N/A | AS38: N/A | AT38: N/A | AU38: N/A | AV38: N/A | AW38: N/A | AX38: N/A | AY38: N/A | BA38: 656000 | BB38: 693333.33 | BD38: 495709.87 | BE38: =+IF(BA38="N/A","N/A",MIN(BA38:BD38)) -> 495709.87 | BF38: =+IF(BA38="N/A","N/A",ROUND(AVERAGE(BA38:BD38),0)) -> 615014 | BG38: =+IF(BE38="N/A","N/A",AVERAGE(BE38:BF38)) -> 555361.93 | BI38: 656000 | BJ38: 693333.33 | BL38: 495709.87 | BM38: =+IF(BI38="N/A","N/A",MIN(BI38:BL38)) -> 495709.87 | BN38: =+IF(BI38="N/A","N/A",ROUND(AVERAGE(BI38:BL38),0)) -> 615014 | BO38: =+IF(BM38="N/A","N/A",AVERAGE(BM38:BN38)) -> 555361.93 | BQ38: 748250 | BR38: 790833.33 | BT38: 565419.07 | BU38: =+IF(BQ38="N/A","N/A",MIN(BQ38:BT38)) -> 565419.07 | BV38: =+IF(BQ38="N/A","N/A",ROUND(AVERAGE(BQ38:BT38),0)) -> 701501 | BW38: =+IF(BU38="N/A","N/A",AVERAGE(BU38:BV38)) -> 633460.03 | BY38: N/A | BZ38: N/A | CA38: N/A | CB38: N/A | CC38: N/A | CD38: N/A | CE38: N/A | CG38: 510503.16 | CH38: 539556.19 | CJ38: 385764.41 | CK38: =+IF(CG38="N/A","N/A",MIN(CG38:CJ38)) -> 385764.41 | CL38: =+IF(CG38="N/A","N/A",ROUND(AVERAGE(CG38:CJ38),0)) -> 478608 | CM38: =+IF(CK38="N/A","N/A",AVERAGE(CK38:CL38)) -> 432186.21 | CO38: N/A | CP38: N/A | CQ38: N/A | CR38: N/A | CS38: N/A | CT38: N/A | CU38: N/A | CW38: N/A | CX38: N/A | CY38: N/A | CZ38: N/A | DA38: N/A | DB38: N/A | DC38: N/A | DE38: N/A | DF38: N/A | DG38: N/A | DH38: N/A | DI38: N/A | DJ38: N/A | DK38: N/A | DM38: N/A | DN38: N/A | DO38: N/A | DP38: N/A | DQ38: N/A | DR38: N/A | DS38: N/A | DU38: N/A | DV38: N/A | DX38: N/A | DY38: N/A | DZ38: N/A | EA38: N/A | EC38: N/A | ED38: N/A | EE38: N/A | EF38: N/A | EG38: N/A | EH38: N/A | EI38: N/A | EK38: N/A | EL38: N/A | EM38: N/A | EN38: N/A | EO38: N/A | EP38: N/A | EQ38: N/A
A39: 23 | B39: Tornillo Peter | C39: 1 | E39: 137870.75 | F39: 145717.05 | H39: 104182.76 | I39: =+IF(E39="N/A","N/A",MIN(E39:H39)) -> 104182.76 | J39: =+IF(E39="N/A","N/A",ROUND(AVERAGE(E39:H39),0)) -> 129257 | K39: =+IF(I39="N/A","N/A",AVERAGE(I39:J39)) -> 116719.88 | M39: 161950 | N39: 171166.67 | P39: 122378.37 | Q39: =+IF(M39="N/A","N/A",MIN(M39:P39)) -> 122378.37 | R39: =+IF(M39="N/A","N/A",ROUND(AVERAGE(M39:P39),0)) -> 151832 | S39: =+IF(Q39="N/A","N/A",AVERAGE(Q39:R39)) -> 137105.19 | U39: N/A | V39: N/A | W39: N/A | X39: N/A | Y39: N/A | Z39: N/A | AA39: N/A | AC39: N/A | AD39: N/A | AE39: N/A | AF39: N/A | AG39: N/A | AH39: N/A | AI39: N/A | AK39: N/A | AL39: N/A | AM39: N/A | AN39: N/A | AO39: N/A | AP39: N/A | AQ39: N/A | AS39: N/A | AT39: N/A | AU39: N/A | AV39: N/A | AW39: N/A | AX39: N/A | AY39: N/A | BA39: 156825 | BB39: 165750 | BD39: 118505.64 | BE39: =+IF(BA39="N/A","N/A",MIN(BA39:BD39)) -> 118505.64 | BF39: =+IF(BA39="N/A","N/A",ROUND(AVERAGE(BA39:BD39),0)) -> 147027 | BG39: =+IF(BE39="N/A","N/A",AVERAGE(BE39:BF39)) -> 132766.32 | BI39: 164000 | BJ39: 173333.33 | BL39: 123927.47 | BM39: =+IF(BI39="N/A","N/A",MIN(BI39:BL39)) -> 123927.47 | BN39: =+IF(BI39="N/A","N/A",ROUND(AVERAGE(BI39:BL39),0)) -> 153754 | BO39: =+IF(BM39="N/A","N/A",AVERAGE(BM39:BN39)) -> 138840.73 | BQ39: 172200 | BR39: 182000 | BT39: 130123.84 | BU39: =+IF(BQ39="N/A","N/A",MIN(BQ39:BT39)) -> 130123.84 | BV39: =+IF(BQ39="N/A","N/A",ROUND(AVERAGE(BQ39:BT39),0)) -> 161441 | BW39: =+IF(BU39="N/A","N/A",AVERAGE(BU39:BV39)) -> 145782.42 | BY39: N/A | BZ39: N/A | CA39: N/A | CB39: N/A | CC39: N/A | CD39: N/A | CE39: N/A | CG39: 151720.58 | CH39: 160355.08 | CJ39: 114648.46 | CK39: =+IF(CG39="N/A","N/A",MIN(CG39:CJ39)) -> 114648.46 | CL39: =+IF(CG39="N/A","N/A",ROUND(AVERAGE(CG39:CJ39),0)) -> 142241 | CM39: =+IF(CK39="N/A","N/A",AVERAGE(CK39:CL39)) -> 128444.73 | CO39: N/A | CP39: N/A | CQ39: N/A | CR39: N/A | CS39: N/A | CT39: N/A | CU39: N/A | CW39: N/A | CX39: N/A | CY39: N/A | CZ39: N/A | DA39: N/A | DB39: N/A | DC39: N/A | DE39: N/A | DF39: N/A | DG39: N/A | DH39: N/A | DI39: N/A | DJ39: N/A | DK39: N/A | DM39: N/A | DN39: N/A | DO39: N/A | DP39: N/A | DQ39: N/A | DR39: N/A | DS39: N/A | DU39: N/A | DV39: N/A | DX39: N/A | DY39: N/A | DZ39: N/A | EA39: N/A | EC39: N/A | ED39: N/A | EE39: N/A | EF39: N/A | EG39: N/A | EH39: N/A | EI39: N/A | EK39: N/A | EL39: N/A | EM39: N/A | EN39: N/A | EO39: N/A | EP39: N/A | EQ39: N/A
B40: SISTEMA DE SUSPENSIÓN | P40: 0 | AV40: 0
A41: 24 | B41: Brazo Axial | C41: 1 | E41: 294108.7 | F41: 310846.59 | H41: 222244.79 | I41: =+IF(E41="N/A","N/A",MIN(E41:H41)) -> 222244.79 | J41: =+IF(E41="N/A","N/A",ROUND(AVERAGE(E41:H41),0)) -> 275733 | K41: =+IF(I41="N/A","N/A",AVERAGE(I41:J41)) -> 248988.9 | M41: 362850 | N41: 383500 | P41: 274189.52 | Q41: =+IF(M41="N/A","N/A",MIN(M41:P41)) -> 274189.52 | R41: =+IF(M41="N/A","N/A",ROUND(AVERAGE(M41:P41),0)) -> 340180 | S41: =+IF(Q41="N/A","N/A",AVERAGE(Q41:R41)) -> 307184.76 | U41: 240227.18 | V41: 327166.67 | X41: 181528.94 | Y41: =+IF(U41="N/A","N/A",MIN(U41:X41)) -> 181528.94 | Z41: =+IF(U41="N/A","N/A",ROUND(AVERAGE(U41:X41),0)) -> 249641 | AA41: =+IF(Y41="N/A","N/A",AVERAGE(Y41:Z41)) -> 215584.97 | AC41: 251503.79 | AD41: 265817.01 | AF41: 190050.17 | AG41: =+IF(AC41="N/A","N/A",MIN(AC41:AF41)) -> 190050.17 | AH41: =+IF(AC41="N/A","N/A",ROUND(AVERAGE(AC41:AF41),0)) -> 235790 | AI41: =+IF(AG41="N/A","N/A",AVERAGE(AG41:AH41)) -> 212920.08 | AK41: N/A | AL41: N/A | AM41: N/A | AN41: N/A | AO41: N/A | AP41: N/A | AQ41: N/A | AS41: 278083.64 | AT41: 293909.54 | AV41: 210135.38 | AW41: =+IF(AS41="N/A","N/A",MIN(AS41:AV41)) -> 210135.38 | AX41: =+IF(AS41="N/A","N/A",ROUND(AVERAGE(AS41:AV41),0)) -> 260710 | AY41: =+IF(AW41="N/A","N/A",AVERAGE(AW41:AX41)) -> 235422.69 | BA41: 323900 | BB41: 342333.33 | BD41: 244756.75 | BE41: =+IF(BA41="N/A","N/A",MIN(BA41:BD41)) -> 244756.75 | BF41: =+IF(BA41="N/A","N/A",ROUND(AVERAGE(BA41:BD41),0)) -> 303663 | BG41: =+IF(BE41="N/A","N/A",AVERAGE(BE41:BF41)) -> 274209.87 | BI41: 330050 | BJ41: 348833.33 | BL41: 249404.03 | BM41: =+IF(BI41="N/A","N/A",MIN(BI41:BL41)) -> 249404.03 | BN41: =+IF(BI41="N/A","N/A",ROUND(AVERAGE(BI41:BL41),0)) -> 309429 | BO41: =+IF(BM41="N/A","N/A",AVERAGE(BM41:BN41)) -> 279416.51 | BQ41: 397700 | BR41: 420333.33 | BT41: 300524.11 | BU41: =+IF(BQ41="N/A","N/A",MIN(BQ41:BT41)) -> 300524.11 | BV41: =+IF(BQ41="N/A","N/A",ROUND(AVERAGE(BQ41:BT41),0)) -> 372852 | BW41: =+IF(BU41="N/A","N/A",AVERAGE(BU41:BV41)) -> 336688.05 | BY41: 315700 | BZ41: 333666.67 | CB41: 238560.37 | CC41: =+IF(BY41="N/A","N/A",MIN(BY41:CB41)) -> 238560.37 | CD41: =+IF(BY41="N/A","N/A",ROUND(AVERAGE(BY41:CB41),0)) -> 295976 | CE41: =+IF(CC41="N/A","N/A",AVERAGE(CC41:CD41)) -> 267268.19 | CG41: 307145.16 | CH41: 324624.97 | CJ41: 232095.87 | CK41: =+IF(CG41="N/A","N/A",MIN(CG41:CJ41)) -> 232095.87 | CL41: =+IF(CG41="N/A","N/A",ROUND(AVERAGE(CG41:CJ41),0)) -> 287955 | CM41: =+IF(CK41="N/A","N/A",AVERAGE(CK41:CL41)) -> 260025.43 | CO41: 287368.09 | CP41: 303722.37 | CR41: 217151.22 | CS41: =+IF(CO41="N/A","N/A",MIN(CO41:CR41)) -> 217151.22 | CT41: =+IF(CO41="N/A","N/A",ROUND(AVERAGE(CO41:CR41),0)) -> 269414 | CU41: =+IF(CS41="N/A","N/A",AVERAGE(CS41:CT41)) -> 243282.61 | CW41: 315700 | CX41: 333666.67 | CZ41: 238560.37 | DA41: =+IF(CW41="N/A","N/A",MIN(CW41:CZ41)) -> 238560.37 | DB41: =+IF(CW41="N/A","N/A",ROUND(AVERAGE(CW41:CZ41),0)) -> 295976 | DC41: =+IF(DA41="N/A","N/A",AVERAGE(DA41:DB41)) -> 267268.19 | DE41: 247467.84 | DF41: 261551.38 | DH41: 187000.38 | DI41: =+IF(DE41="N/A","N/A",MIN(DE41:DH41)) -> 187000.38 | DJ41: =+IF(DE41="N/A","N/A",ROUND(AVERAGE(DE41:DH41),0)) -> 232007 | DK41: =+IF(DI41="N/A","N/A",AVERAGE(DI41:DJ41)) -> 209503.69 | DM41: 262613.47 | DN41: 277558.95 | DP41: 198445.26 | DQ41: =+IF(DM41="N/A","N/A",MIN(DM41:DP41)) -> 198445.26 | DR41: =+IF(DM41="N/A","N/A",ROUND(AVERAGE(DM41:DP41),0)) -> 246206 | DS41: =+IF(DQ41="N/A","N/A",AVERAGE(DQ41:DR41)) -> 222325.63 | DV41: 239273.65 | DY41: =+IF(DU41="N/A","N/A",MIN(DU41:DX41)) -> 239273.65 | DZ41: =+IF(DU41="N/A","N/A",ROUND(AVERAGE(DU41:DX41),0)) -> 239274 | EA41: =+IF(DY41="N/A","N/A",AVERAGE(DY41:DZ41)) -> 239273.82 | ED41: 416000 | EG41: =+IF(EC41="N/A","N/A",MIN(EC41:EF41)) -> 416000 | EH41: =+IF(EC41="N/A","N/A",ROUND(AVERAGE(EC41:EF41),0)) -> 416000 | EI41: =+IF(EG41="N/A","N/A",AVERAGE(EG41:EH41)) -> 416000 | EL41: 333666.67 | EO41: =+IF(EK41="N/A","N/A",MIN(EK41:EN41)) -> 333666.67 | EP41: =+IF(EK41="N/A","N/A",ROUND(AVERAGE(EK41:EN41),0)) -> 333667 | EQ41: =+IF(EO41="N/A","N/A",AVERAGE(EO41:EP41)) -> 333666.83
A42: 25 | B42: Juego de Terminales Direccion (Largo y Corto) | C42: 1 | E42: 411091.11 | F42: 434486.54 | H42: 310643.17 | I42: =+IF(E42="N/A","N/A",MIN(E42:H42)) -> 310643.17 | J42: =+IF(E42="N/A","N/A",ROUND(AVERAGE(E42:H42),0)) -> 385407 | K42: =+IF(I42="N/A","N/A",AVERAGE(I42:J42)) -> 348025.08 | M42: 432550 | N42: 457166.67 | P42: 326858.69 | Q42: =+IF(M42="N/A","N/A",MIN(M42:P42)) -> 326858.69 | R42: =+IF(M42="N/A","N/A",ROUND(AVERAGE(M42:P42),0)) -> 405525 | S42: =+IF(Q42="N/A","N/A",AVERAGE(Q42:R42)) -> 366191.85 | U42: 254935.14 | V42: 275166.67 | X42: 192643.08 | Y42: =+IF(U42="N/A","N/A",MIN(U42:X42)) -> 192643.08 | Z42: =+IF(U42="N/A","N/A",ROUND(AVERAGE(U42:X42),0)) -> 240915 | AA42: =+IF(Y42="N/A","N/A",AVERAGE(Y42:Z42)) -> 216779.04 | AC42: 254307.19 | AD42: 268779.96 | AF42: 192168.57 | AG42: =+IF(AC42="N/A","N/A",MIN(AC42:AF42)) -> 192168.57 | AH42: =+IF(AC42="N/A","N/A",ROUND(AVERAGE(AC42:AF42),0)) -> 238419 | AI42: =+IF(AG42="N/A","N/A",AVERAGE(AG42:AH42)) -> 215293.79 | AK42: 393195.59 | AL42: 415572.57 | AN42: 297120.32 | AO42: =+IF(AK42="N/A","N/A",MIN(AK42:AN42)) -> 297120.32 | AP42: =+IF(AK42="N/A","N/A",ROUND(AVERAGE(AK42:AN42),0)) -> 368629 | AQ42: =+IF(AO42="N/A","N/A",AVERAGE(AO42:AP42)) -> 332874.66 | AS42: 254776.17 | AT42: 269275.63 | AV42: 192522.96 | AW42: =+IF(AS42="N/A","N/A",MIN(AS42:AV42)) -> 192522.96 | AX42: =+IF(AS42="N/A","N/A",ROUND(AVERAGE(AS42:AV42),0)) -> 238858 | AY42: =+IF(AW42="N/A","N/A",AVERAGE(AW42:AX42)) -> 215690.48 | BA42: 438700 | BB42: 463666.67 | BD42: 331505.97 | BE42: =+IF(BA42="N/A","N/A",MIN(BA42:BD42)) -> 331505.97 | BF42: =+IF(BA42="N/A","N/A",ROUND(AVERAGE(BA42:BD42),0)) -> 411291 | BG42: =+IF(BE42="N/A","N/A",AVERAGE(BE42:BF42)) -> 371398.49 | BI42: 459200 | BJ42: 485333.33 | BL42: 346996.91 | BM42: =+IF(BI42="N/A","N/A",MIN(BI42:BL42)) -> 346996.91 | BN42: =+IF(BI42="N/A","N/A",ROUND(AVERAGE(BI42:BL42),0)) -> 430510 | BO42: =+IF(BM42="N/A","N/A",AVERAGE(BM42:BN42)) -> 388753.45 | BQ42: 438700 | BR42: 463666.67 | BT42: 331505.97 | BU42: =+IF(BQ42="N/A","N/A",MIN(BQ42:BT42)) -> 331505.97 | BV42: =+IF(BQ42="N/A","N/A",ROUND(AVERAGE(BQ42:BT42),0)) -> 411291 | BW42: =+IF(BU42="N/A","N/A",AVERAGE(BU42:BV42)) -> 371398.49 | BY42: 280850 | BZ42: 296833.33 | CB42: 212225.79 | CC42: =+IF(BY42="N/A","N/A",MIN(BY42:CB42)) -> 212225.79 | CD42: =+IF(BY42="N/A","N/A",ROUND(AVERAGE(BY42:CB42),0)) -> 263303 | CE42: =+IF(CC42="N/A","N/A",AVERAGE(CC42:CD42)) -> 237764.39 | CG42: 452880.64 | CH42: 478654.33 | CJ42: 342221.65 | CK42: =+IF(CG42="N/A","N/A",MIN(CG42:CJ42)) -> 342221.65 | CL42: =+IF(CG42="N/A","N/A",ROUND(AVERAGE(CG42:CJ42),0)) -> 424586 | CM42: =+IF(CK42="N/A","N/A",AVERAGE(CK42:CL42)) -> 383403.82 | CO42: 369774.66 | CP42: 390818.75 | CR42: 279422.18 | CS42: =+IF(CO42="N/A","N/A",MIN(CO42:CR42)) -> 279422.18 | CT42: =+IF(CO42="N/A","N/A",ROUND(AVERAGE(CO42:CR42),0)) -> 346672 | CU42: =+IF(CS42="N/A","N/A",AVERAGE(CS42:CT42)) -> 313047.09 | CW42: 389500 | CX42: 411666.67 | CZ42: 294327.73 | DA42: =+IF(CW42="N/A","N/A",MIN(CW42:CZ42)) -> 294327.73 | DB42: =+IF(CW42="N/A","N/A",ROUND(AVERAGE(CW42:CZ42),0)) -> 365165 | DC42: =+IF(DA42="N/A","N/A",AVERAGE(DA42:DB42)) -> 329746.37 | DE42: 257116.27 | DF42: 271748.91 | DH42: 194291.27 | DI42: =+IF(DE42="N/A","N/A",MIN(DE42:DH42)) -> 194291.27 | DJ42: =+IF(DE42="N/A","N/A",ROUND(AVERAGE(DE42:DH42),0)) -> 241052 | DK42: =+IF(DI42="N/A","N/A",AVERAGE(DI42:DJ42)) -> 217671.64 | DM42: 262987.35 | DN42: 277954.11 | DP42: 198727.78 | DQ42: =+IF(DM42="N/A","N/A",MIN(DM42:DP42)) -> 198727.78 | DR42: =+IF(DM42="N/A","N/A",ROUND(AVERAGE(DM42:DP42),0)) -> 246556 | DS42: =+IF(DQ42="N/A","N/A",AVERAGE(DQ42:DR42)) -> 222641.89 | DV42: 274318.64 | DY42: =+IF(DU42="N/A","N/A",MIN(DU42:DX42)) -> 274318.64 | DZ42: =+IF(DU42="N/A","N/A",ROUND(AVERAGE(DU42:DX42),0)) -> 274319 | EA42: =+IF(DY42="N/A","N/A",AVERAGE(DY42:DZ42)) -> 274318.82 | ED42: 437666.67 | EG42: =+IF(EC42="N/A","N/A",MIN(EC42:EF42)) -> 437666.67 | EH42: =+IF(EC42="N/A","N/A",ROUND(AVERAGE(EC42:EF42),0)) -> 437667 | EI42: =+IF(EG42="N/A","N/A",AVERAGE(EG42:EH42)) -> 437666.83 | EL42: 296833.33 | EO42: =+IF(EK42="N/A","N/A",MIN(EK42:EN42)) -> 296833.33 | EP42: =+IF(EK42="N/A","N/A",ROUND(AVERAGE(EK42:EN42),0)) -> 296833 | EQ42: =+IF(EO42="N/A","N/A",AVERAGE(EO42:EP42)) -> 296833.17
A43: 26 | B43: Fuelle De La Botella | C43: 1 | E43: 74213.7 | F43: 78437.244 | H43: 56079.974 | I43: =+IF(E43="N/A","N/A",MIN(E43:H43)) -> 56079.974 | J43: =+IF(E43="N/A","N/A",ROUND(AVERAGE(E43:H43),0)) -> 69577 | K43: =+IF(I43="N/A","N/A",AVERAGE(I43:J43)) -> 62828.487 | M43: 107625 | N43: 113750 | P43: 81327.4 | Q43: =+IF(M43="N/A","N/A",MIN(M43:P43)) -> 81327.4 | R43: =+IF(M43="N/A","N/A",ROUND(AVERAGE(M43:P43),0)) -> 100901 | S43: =+IF(Q43="N/A","N/A",AVERAGE(Q43:R43)) -> 91114.2 | U43: 85462.422 | V43: 94250 | X43: 64580.131 | Y43: =+IF(U43="N/A","N/A",MIN(U43:X43)) -> 64580.131 | Z43: =+IF(U43="N/A","N/A",ROUND(AVERAGE(U43:X43),0)) -> 81431 | AA43: =+IF(Y43="N/A","N/A",AVERAGE(Y43:Z43)) -> 73005.565 | AC43: 78483.412 | AD43: 82949.947 | AF43: 59306.405 | AG43: =+IF(AC43="N/A","N/A",MIN(AC43:AF43)) -> 59306.405 | AH43: =+IF(AC43="N/A","N/A",ROUND(AVERAGE(AC43:AF43),0)) -> 73580 | AI43: =+IF(AG43="N/A","N/A",AVERAGE(AG43:AH43)) -> 66443.202 | AK43: N/A | AL43: N/A | AM43: N/A | AN43: N/A | AO43: N/A | AP43: N/A | AQ43: N/A | AS43: 79655.864 | AT43: 84189.125 | AV43: 60192.375 | AW43: =+IF(AS43="N/A","N/A",MIN(AS43:AV43)) -> 60192.375 | AX43: =+IF(AS43="N/A","N/A",ROUND(AVERAGE(AS43:AV43),0)) -> 74679 | AY43: =+IF(AW43="N/A","N/A",AVERAGE(AW43:AX43)) -> 67435.687 | BA43: 109675 | BB43: 115916.67 | BD43: 82876.493 | BE43: =+IF(BA43="N/A","N/A",MIN(BA43:BD43)) -> 82876.493 | BF43: =+IF(BA43="N/A","N/A",ROUND(AVERAGE(BA43:BD43),0)) -> 102823 | BG43: =+IF(BE43="N/A","N/A",AVERAGE(BE43:BF43)) -> 92849.747 | BI43: 109675 | BJ43: 115916.67 | BL43: 82876.493 | BM43: =+IF(BI43="N/A","N/A",MIN(BI43:BL43)) -> 82876.493 | BN43: =+IF(BI43="N/A","N/A",ROUND(AVERAGE(BI43:BL43),0)) -> 102823 | BO43: =+IF(BM43="N/A","N/A",AVERAGE(BM43:BN43)) -> 92849.747 | BQ43: 109675 | BR43: 115916.67 | BT43: 82876.493 | BU43: =+IF(BQ43="N/A","N/A",MIN(BQ43:BT43)) -> 82876.493 | BV43: =+IF(BQ43="N/A","N/A",ROUND(AVERAGE(BQ43:BT43),0)) -> 102823 | BW43: =+IF(BU43="N/A","N/A",AVERAGE(BU43:BV43)) -> 92849.747 | BY43: 93275 | BZ43: 98583.333 | CB43: 70483.747 | CC43: =+IF(BY43="N/A","N/A",MIN(BY43:CB43)) -> 70483.747 | CD43: =+IF(BY43="N/A","N/A",ROUND(AVERAGE(BY43:CB43),0)) -> 87447 | CE43: =+IF(CC43="N/A","N/A",AVERAGE(CC43:CD43)) -> 78965.373 | CG43: 98702.843 | CH43: 104320.08 | CJ43: 74585.325 | CK43: =+IF(CG43="N/A","N/A",MIN(CG43:CJ43)) -> 74585.325 | CL43: =+IF(CG43="N/A","N/A",ROUND(AVERAGE(CG43:CJ43),0)) -> 92536 | CM43: =+IF(CK43="N/A","N/A",AVERAGE(CK43:CL43)) -> 83560.662 | CO43: 86939.662 | CP43: 91887.447 | CR43: 65696.415 | CS43: =+IF(CO43="N/A","N/A",MIN(CO43:CR43)) -> 65696.415 | CT43: =+IF(CO43="N/A","N/A",ROUND(AVERAGE(CO43:CR43),0)) -> 81508 | CU43: =+IF(CS43="N/A","N/A",AVERAGE(CS43:CT43)) -> 73602.207 | CW43: 112750 | CX43: 119166.67 | CZ43: 85200.133 | DA43: =+IF(CW43="N/A","N/A",MIN(CW43:CZ43)) -> 85200.133 | DB43: =+IF(CW43="N/A","N/A",ROUND(AVERAGE(CW43:CZ43),0)) -> 105706 | DC43: =+IF(DA43="N/A","N/A",AVERAGE(DA43:DB43)) -> 95453.067 | DE43: 92391.309 | DF43: 97649.351 | DH43: 69815.981 | DI43: =+IF(DE43="N/A","N/A",MIN(DE43:DH43)) -> 69815.981 | DJ43: =+IF(DE43="N/A","N/A",ROUND(AVERAGE(DE43:DH43),0)) -> 86619 | DK43: =+IF(DI43="N/A","N/A",AVERAGE(DI43:DJ43)) -> 78217.49 | DM43: 92391.309 | DN43: 97649.351 | DP43: 69815.981 | DQ43: =+IF(DM43="N/A","N/A",MIN(DM43:DP43)) -> 69815.981 | DR43: =+IF(DM43="N/A","N/A",ROUND(AVERAGE(DM43:DP43),0)) -> 86619 | DS43: =+IF(DQ43="N/A","N/A",AVERAGE(DQ43:DR43)) -> 78217.49 | DV43: 96013.637 | DY43: =+IF(DU43="N/A","N/A",MIN(DU43:DX43)) -> 96013.637 | DZ43: =+IF(DU43="N/A","N/A",ROUND(AVERAGE(DU43:DX43),0)) -> 96014 | EA43: =+IF(DY43="N/A","N/A",AVERAGE(DY43:DZ43)) -> 96013.818 | ED43: 127833.33 | EG43: =+IF(EC43="N/A","N/A",MIN(EC43:EF43)) -> 127833.33 | EH43: =+IF(EC43="N/A","N/A",ROUND(AVERAGE(EC43:EF43),0)) -> 127833 | EI43: =+IF(EG43="N/A","N/A",AVERAGE(EG43:EH43)) -> 127833.17 | EL43: 98583.333 | EO43: =+IF(EK43="N/A","N/A",MIN(EK43:EN43)) -> 98583.333 | EP43: =+IF(EK43="N/A","N/A",ROUND(AVERAGE(EK43:EN43),0)) -> 98583 | EQ43: =+IF(EO43="N/A","N/A",AVERAGE(EO43:EP43)) -> 98583.167
A44: 27 | B44: Interiores De Botella | C44: 1 | E44: 613035.8 | F44: 647924.02 | H44: 463243.74 | I44: =+IF(E44="N/A","N/A",MIN(E44:H44)) -> 463243.74 | J44: =+IF(E44="N/A","N/A",ROUND(AVERAGE(E44:H44),0)) -> 574735 | K44: =+IF(I44="N/A","N/A",AVERAGE(I44:J44)) -> 518989.37 | M44: 768750 | N44: 812500 | P44: 580910 | Q44: =+IF(M44="N/A","N/A",MIN(M44:P44)) -> 580910 | R44: =+IF(M44="N/A","N/A",ROUND(AVERAGE(M44:P44),0)) -> 720720 | S44: =+IF(Q44="N/A","N/A",AVERAGE(Q44:R44)) -> 650815 | U44: 445388.08 | V44: 487500 | X44: 336559.86 | Y44: =+IF(U44="N/A","N/A",MIN(U44:X44)) -> 336559.86 | Z44: =+IF(U44="N/A","N/A",ROUND(AVERAGE(U44:X44),0)) -> 423149 | AA44: =+IF(Y44="N/A","N/A",AVERAGE(Y44:Z44)) -> 379854.43 | AC44: 441835.34 | AD44: 466980.44 | AF44: 333875.21 | AG44: =+IF(AC44="N/A","N/A",MIN(AC44:AF44)) -> 333875.21 | AH44: =+IF(AC44="N/A","N/A",ROUND(AVERAGE(AC44:AF44),0)) -> 414230 | AI44: =+IF(AG44="N/A","N/A",AVERAGE(AG44:AH44)) -> 374052.6 | AK44: 619255.26 | AL44: 654497.43 | AN44: 467943.51 | AO44: =+IF(AK44="N/A","N/A",MIN(AK44:AN44)) -> 467943.51 | AP44: =+IF(AK44="N/A","N/A",ROUND(AVERAGE(AK44:AN44),0)) -> 580565 | AQ44: =+IF(AO44="N/A","N/A",AVERAGE(AO44:AP44)) -> 524254.25 | AS44: 444180.25 | AT44: 469458.8 | AV44: 335647.15 | AW44: =+IF(AS44="N/A","N/A",MIN(AS44:AV44)) -> 335647.15 | AX44: =+IF(AS44="N/A","N/A",ROUND(AVERAGE(AS44:AV44),0)) -> 416429 | AY44: =+IF(AW44="N/A","N/A",AVERAGE(AW44:AX44)) -> 376038.07 | BA44: 635500 | BB44: 671666.67 | BD44: 480218.93 | BE44: =+IF(BA44="N/A","N/A",MIN(BA44:BD44)) -> 480218.93 | BF44: =+IF(BA44="N/A","N/A",ROUND(AVERAGE(BA44:BD44),0)) -> 595795 | BG44: =+IF(BE44="N/A","N/A",AVERAGE(BE44:BF44)) -> 538006.97 | BI44: 656000 | BJ44: 693333.33 | BL44: 495709.87 | BM44: =+IF(BI44="N/A","N/A",MIN(BI44:BL44)) -> 495709.87 | BN44: =+IF(BI44="N/A","N/A",ROUND(AVERAGE(BI44:BL44),0)) -> 615014 | BO44: =+IF(BM44="N/A","N/A",AVERAGE(BM44:BN44)) -> 555361.93 | BQ44: 748250 | BR44: 790833.33 | BT44: 565419.07 | BU44: =+IF(BQ44="N/A","N/A",MIN(BQ44:BT44)) -> 565419.07 | BV44: =+IF(BQ44="N/A","N/A",ROUND(AVERAGE(BQ44:BT44),0)) -> 701501 | BW44: =+IF(BU44="N/A","N/A",AVERAGE(BU44:BV44)) -> 633460.03 | BY44: 477650 | BZ44: 504833.33 | CB44: 360938.75 | CC44: =+IF(BY44="N/A","N/A",MIN(BY44:CB44)) -> 360938.75 | CD44: =+IF(BY44="N/A","N/A",ROUND(AVERAGE(BY44:CB44),0)) -> 447807 | CE44: =+IF(CC44="N/A","N/A",AVERAGE(CC44:CD44)) -> 404372.87 | CG44: 694260.85 | CH44: 733771.63 | CJ44: 524621.88 | CK44: =+IF(CG44="N/A","N/A",MIN(CG44:CJ44)) -> 524621.88 | CL44: =+IF(CG44="N/A","N/A",ROUND(AVERAGE(CG44:CJ44),0)) -> 650885 | CM44: =+IF(CK44="N/A","N/A",AVERAGE(CK44:CL44)) -> 587753.44 | CO44: 494744.76 | CP44: 522900.97 | CR44: 373856.5 | CS44: =+IF(CO44="N/A","N/A",MIN(CO44:CR44)) -> 373856.5 | CT44: =+IF(CO44="N/A","N/A",ROUND(AVERAGE(CO44:CR44),0)) -> 463834 | CU44: =+IF(CS44="N/A","N/A",AVERAGE(CS44:CT44)) -> 418845.25 | CW44: 494050 | CX44: 522166.67 | CZ44: 373331.49 | DA44: =+IF(CW44="N/A","N/A",MIN(CW44:CZ44)) -> 373331.49 | DB44: =+IF(CW44="N/A","N/A",ROUND(AVERAGE(CW44:CZ44),0)) -> 463183 | DC44: =+IF(DA44="N/A","N/A",AVERAGE(DA44:DB44)) -> 418257.25 | DE44: 383683.91 | DF44: 405519.58 | DH44: 289932.78 | DI44: =+IF(DE44="N/A","N/A",MIN(DE44:DH44)) -> 289932.78 | DJ44: =+IF(DE44="N/A","N/A",ROUND(AVERAGE(DE44:DH44),0)) -> 359712 | DK44: =+IF(DI44="N/A","N/A",AVERAGE(DI44:DJ44)) -> 324822.39 | DM44: 388425.33 | DN44: 410530.84 | DP44: 293515.66 | DQ44: =+IF(DM44="N/A","N/A",MIN(DM44:DP44)) -> 293515.66 | DR44: =+IF(DM44="N/A","N/A",ROUND(AVERAGE(DM44:DP44),0)) -> 364157 | DS44: =+IF(DQ44="N/A","N/A",AVERAGE(DQ44:DR44)) -> 328836.33 | DV44: 405735.37 | DY44: =+IF(DU44="N/A","N/A",MIN(DU44:DX44)) -> 405735.37 | DZ44: =+IF(DU44="N/A","N/A",ROUND(AVERAGE(DU44:DX44),0)) -> 405735 | EA44: =+IF(DY44="N/A","N/A",AVERAGE(DY44:DZ44)) -> 405735.19 | ED44: 478833.33 | EG44: =+IF(EC44="N/A","N/A",MIN(EC44:EF44)) -> 478833.33 | EH44: =+IF(EC44="N/A","N/A",ROUND(AVERAGE(EC44:EF44),0)) -> 478833 | EI44: =+IF(EG44="N/A","N/A",AVERAGE(EG44:EH44)) -> 478833.17 | EL44: 504833.33 | EO44: =+IF(EK44="N/A","N/A",MIN(EK44:EN44)) -> 504833.33 | EP44: =+IF(EK44="N/A","N/A",ROUND(AVERAGE(EK44:EN44),0)) -> 504833 | EQ44: =+IF(EO44="N/A","N/A",AVERAGE(EO44:EP44)) -> 504833.17
A45: 28 | B45: Juego de Amortiguadores Delanteros (PAR) | C45: 1 | E45: 513075.17 | F45: 542274.57 | H45: 387707.96 | I45: =+IF(E45="N/A","N/A",MIN(E45:H45)) -> 387707.96 | J45: =+IF(E45="N/A","N/A",ROUND(AVERAGE(E45:H45),0)) -> 481019 | K45: =+IF(I45="N/A","N/A",AVERAGE(I45:J45)) -> 434363.48 | M45: 606800 | N45: 641333.33 | P45: 458531.63 | Q45: =+IF(M45="N/A","N/A",MIN(M45:P45)) -> 458531.63 | R45: =+IF(M45="N/A","N/A",ROUND(AVERAGE(M45:P45),0)) -> 568888 | S45: =+IF(Q45="N/A","N/A",AVERAGE(Q45:R45)) -> 513709.81 | U45: 610934.91 | V45: 652166.67 | X45: 461656.19 | Y45: =+IF(U45="N/A","N/A",MIN(U45:X45)) -> 461656.19 | Z45: =+IF(U45="N/A","N/A",ROUND(AVERAGE(U45:X45),0)) -> 574919 | AA45: =+IF(Y45="N/A","N/A",AVERAGE(Y45:Z45)) -> 518287.59 | AC45: 605663.09 | AD45: 640131.72 | AF45: 457672.51 | AG45: =+IF(AC45="N/A","N/A",MIN(AC45:AF45)) -> 457672.51 | AH45: =+IF(AC45="N/A","N/A",ROUND(AVERAGE(AC45:AF45),0)) -> 567822 | AI45: =+IF(AG45="N/A","N/A",AVERAGE(AG45:AH45)) -> 512747.26 | AK45: 318730.67 | AL45: 336869.81 | AN45: 240850.51 | AO45: =+IF(AK45="N/A","N/A",MIN(AK45:AN45)) -> 240850.51 | AP45: =+IF(AK45="N/A","N/A",ROUND(AVERAGE(AK45:AN45),0)) -> 298817 | AQ45: =+IF(AO45="N/A","N/A",AVERAGE(AO45:AP45)) -> 269833.76 | AS45: 609103.14 | AT45: 643767.54 | AV45: 460272 | AW45: =+IF(AS45="N/A","N/A",MIN(AS45:AV45)) -> 460272 | AX45: =+IF(AS45="N/A","N/A",ROUND(AVERAGE(AS45:AV45),0)) -> 571048 | AY45: =+IF(AW45="N/A","N/A",AVERAGE(AW45:AX45)) -> 515660 | BA45: 287000 | BB45: 303333.33 | BD45: 216873.07 | BE45: =+IF(BA45="N/A","N/A",MIN(BA45:BD45)) -> 216873.07 | BF45: =+IF(BA45="N/A","N/A",ROUND(AVERAGE(BA45:BD45),0)) -> 269069 | BG45: =+IF(BE45="N/A","N/A",AVERAGE(BE45:BF45)) -> 242971.03 | BI45: 287000 | BJ45: 303333.33 | BL45: 216873.07 | BM45: =+IF(BI45="N/A","N/A",MIN(BI45:BL45)) -> 216873.07 | BN45: =+IF(BI45="N/A","N/A",ROUND(AVERAGE(BI45:BL45),0)) -> 269069 | BO45: =+IF(BM45="N/A","N/A",AVERAGE(BM45:BN45)) -> 242971.03 | BQ45: 461250 | BR45: 487500 | BT45: 348546 | BU45: =+IF(BQ45="N/A","N/A",MIN(BQ45:BT45)) -> 348546 | BV45: =+IF(BQ45="N/A","N/A",ROUND(AVERAGE(BQ45:BT45),0)) -> 432432 | BW45: =+IF(BU45="N/A","N/A",AVERAGE(BU45:BV45)) -> 390489 | BY45: 666250 | BZ45: 704166.67 | CB45: 503455.33 | CC45: =+IF(BY45="N/A","N/A",MIN(BY45:CB45)) -> 503455.33 | CD45: =+IF(BY45="N/A","N/A",ROUND(AVERAGE(BY45:CB45),0)) -> 624624 | CE45: =+IF(CC45="N/A","N/A",AVERAGE(CC45:CD45)) -> 564039.67 | CG45: 329991.91 | CH45: 348771.94 | CJ45: 249360.13 | CK45: =+IF(CG45="N/A","N/A",MIN(CG45:CJ45)) -> 249360.13 | CL45: =+IF(CG45="N/A","N/A",ROUND(AVERAGE(CG45:CJ45),0)) -> 309375 | CM45: =+IF(CK45="N/A","N/A",AVERAGE(CK45:CL45)) -> 279367.57 | CO45: 552890.76 | CP45: 584356.08 | CR45: 417794.82 | CS45: =+IF(CO45="N/A","N/A",MIN(CO45:CR45)) -> 417794.82 | CT45: =+IF(CO45="N/A","N/A",ROUND(AVERAGE(CO45:CR45),0)) -> 518347 | CU45: =+IF(CS45="N/A","N/A",AVERAGE(CS45:CT45)) -> 468070.91 | CW45: 547350 | CX45: 578500 | CZ45: 413607.92 | DA45: =+IF(CW45="N/A","N/A",MIN(CW45:CZ45)) -> 413607.92 | DB45: =+IF(CW45="N/A","N/A",ROUND(AVERAGE(CW45:CZ45),0)) -> 513153 | DC45: =+IF(DA45="N/A","N/A",AVERAGE(DA45:DB45)) -> 463380.46 | DE45: 637173.12 | DF45: 673435.01 | DH45: 481483.24 | DI45: =+IF(DE45="N/A","N/A",MIN(DE45:DH45)) -> 481483.24 | DJ45: =+IF(DE45="N/A","N/A",ROUND(AVERAGE(DE45:DH45),0)) -> 597364 | DK45: =+IF(DI45="N/A","N/A",AVERAGE(DI45:DJ45)) -> 539423.62 | DM45: 646470.39 | DN45: 683261.39 | DP45: 488508.76 | DQ45: =+IF(DM45="N/A","N/A",MIN(DM45:DP45)) -> 488508.76 | DR45: =+IF(DM45="N/A","N/A",ROUND(AVERAGE(DM45:DP45),0)) -> 606080 | DS45: =+IF(DQ45="N/A","N/A",AVERAGE(DQ45:DR45)) -> 547294.38 | DV45: 678203.56 | DY45: =+IF(DU45="N/A","N/A",MIN(DU45:DX45)) -> 678203.56 | DZ45: =+IF(DU45="N/A","N/A",ROUND(AVERAGE(DU45:DX45),0)) -> 678204 | EA45: =+IF(DY45="N/A","N/A",AVERAGE(DY45:DZ45)) -> 678203.78 | ED45: 686833.33 | EG45: =+IF(EC45="N/A","N/A",MIN(EC45:EF45)) -> 686833.33 | EH45: =+IF(EC45="N/A","N/A",ROUND(AVERAGE(EC45:EF45),0)) -> 686833 | EI45: =+IF(EG45="N/A","N/A",AVERAGE(EG45:EH45)) -> 686833.17 | EL45: 704166.67 | EO45: =+IF(EK45="N/A","N/A",MIN(EK45:EN45)) -> 704166.67 | EP45: =+IF(EK45="N/A","N/A",ROUND(AVERAGE(EK45:EN45),0)) -> 704167 | EQ45: =+IF(EO45="N/A","N/A",AVERAGE(EO45:EP45)) -> 704166.83
A46: 29 | B46: Juego de Amortiguadores Traseros (PAR) | C46: 1 | E46: 537542.83 | F46: 568134.7 | H46: 406197.08 | I46: =+IF(E46="N/A","N/A",MIN(E46:H46)) -> 406197.08 | J46: =+IF(E46="N/A","N/A",ROUND(AVERAGE(E46:H46),0)) -> 503958 | K46: =+IF(I46="N/A","N/A",AVERAGE(I46:J46)) -> 455077.54 | M46: 612950 | N46: 647833.33 | P46: 463178.91 | Q46: =+IF(M46="N/A","N/A",MIN(M46:P46)) -> 463178.91 | R46: =+IF(M46="N/A","N/A",ROUND(AVERAGE(M46:P46),0)) -> 574654 | S46: =+IF(Q46="N/A","N/A",AVERAGE(Q46:R46)) -> 518916.45 | U46: 568643.46 | V46: 598000 | X46: 429698.44 | Y46: =+IF(U46="N/A","N/A",MIN(U46:X46)) -> 429698.44 | Z46: =+IF(U46="N/A","N/A",ROUND(AVERAGE(U46:X46),0)) -> 532114 | AA46: =+IF(Y46="N/A","N/A",AVERAGE(Y46:Z46)) -> 480906.22 | AC46: 567092.82 | AD46: 599366.4 | AF46: 428526.69 | AG46: =+IF(AC46="N/A","N/A",MIN(AC46:AF46)) -> 428526.69 | AH46: =+IF(AC46="N/A","N/A",ROUND(AVERAGE(AC46:AF46),0)) -> 531662 | AI46: =+IF(AG46="N/A","N/A",AVERAGE(AG46:AH46)) -> 480094.34 | AK46: 573376.18 | AL46: 606007.35 | AN46: 433274.74 | AO46: =+IF(AK46="N/A","N/A",MIN(AK46:AN46)) -> 433274.74 | AP46: =+IF(AK46="N/A","N/A",ROUND(AVERAGE(AK46:AN46),0)) -> 537553 | AQ46: =+IF(AO46="N/A","N/A",AVERAGE(AO46:AP46)) -> 485413.87 | AS46: 567092.82 | AT46: 599366.4 | AV46: 428526.69 | AW46: =+IF(AS46="N/A","N/A",MIN(AS46:AV46)) -> 428526.69 | AX46: =+IF(AS46="N/A","N/A",ROUND(AVERAGE(AS46:AV46),0)) -> 531662 | AY46: =+IF(AW46="N/A","N/A",AVERAGE(AW46:AX46)) -> 480094.34 | BA46: 578100 | BB46: 611000 | BD46: 436844.32 | BE46: =+IF(BA46="N/A","N/A",MIN(BA46:BD46)) -> 436844.32 | BF46: =+IF(BA46="N/A","N/A",ROUND(AVERAGE(BA46:BD46),0)) -> 541981 | BG46: =+IF(BE46="N/A","N/A",AVERAGE(BE46:BF46)) -> 489412.66 | BI46: 578100 | BJ46: 611000 | BL46: 436844.32 | BM46: =+IF(BI46="N/A","N/A",MIN(BI46:BL46)) -> 436844.32 | BN46: =+IF(BI46="N/A","N/A",ROUND(AVERAGE(BI46:BL46),0)) -> 541981 | BO46: =+IF(BM46="N/A","N/A",AVERAGE(BM46:BN46)) -> 489412.66 | BQ46: 768750 | BR46: 812500 | BT46: 580910 | BU46: =+IF(BQ46="N/A","N/A",MIN(BQ46:BT46)) -> 580910 | BV46: =+IF(BQ46="N/A","N/A",ROUND(AVERAGE(BQ46:BT46),0)) -> 720720 | BW46: =+IF(BU46="N/A","N/A",AVERAGE(BU46:BV46)) -> 650815 | BY46: 574000 | BZ46: 606666.67 | CB46: 433746.13 | CC46: =+IF(BY46="N/A","N/A",MIN(BY46:CB46)) -> 433746.13 | CD46: =+IF(BY46="N/A","N/A",ROUND(AVERAGE(BY46:CB46),0)) -> 538138 | CE46: =+IF(CC46="N/A","N/A",AVERAGE(CC46:CD46)) -> 485942.07 | CG46: 611335.69 | CH46: 646127.15 | CJ46: 461959.04 | CK46: =+IF(CG46="N/A","N/A",MIN(CG46:CJ46)) -> 461959.04 | CL46: =+IF(CG46="N/A","N/A",ROUND(AVERAGE(CG46:CJ46),0)) -> 573141 | CM46: =+IF(CK46="N/A","N/A",AVERAGE(CK46:CL46)) -> 517550.02 | CO46: 547021.8 | CP46: 578153.12 | CR46: 413359.91 | CS46: =+IF(CO46="N/A","N/A",MIN(CO46:CR46)) -> 413359.91 | CT46: =+IF(CO46="N/A","N/A",ROUND(AVERAGE(CO46:CR46),0)) -> 512845 | CU46: =+IF(CS46="N/A","N/A",AVERAGE(CS46:CT46)) -> 463102.46 | CW46: 537100 | CX46: 567666.67 | CZ46: 405862.45 | DA46: =+IF(CW46="N/A","N/A",MIN(CW46:CZ46)) -> 405862.45 | DB46: =+IF(CW46="N/A","N/A",ROUND(AVERAGE(CW46:CZ46),0)) -> 503543 | DC46: =+IF(DA46="N/A","N/A",AVERAGE(DA46:DB46)) -> 454702.73 | DE46: 492553.69 | DF46: 520585.2 | DH46: 372200.8 | DI46: =+IF(DE46="N/A","N/A",MIN(DE46:DH46)) -> 372200.8 | DJ46: =+IF(DE46="N/A","N/A",ROUND(AVERAGE(DE46:DH46),0)) -> 461780 | DK46: =+IF(DI46="N/A","N/A",AVERAGE(DI46:DJ46)) -> 416990.4 | DM46: 559348.42 | DN46: 591181.26 | DP46: 422674.59 | DQ46: =+IF(DM46="N/A","N/A",MIN(DM46:DP46)) -> 422674.59 | DR46: =+IF(DM46="N/A","N/A",ROUND(AVERAGE(DM46:DP46),0)) -> 524401 | DS46: =+IF(DQ46="N/A","N/A",AVERAGE(DQ46:DR46)) -> 473537.8 | DV46: 584755.28 | DY46: =+IF(DU46="N/A","N/A",MIN(DU46:DX46)) -> 584755.28 | DZ46: =+IF(DU46="N/A","N/A",ROUND(AVERAGE(DU46:DX46),0)) -> 584755 | EA46: =+IF(DY46="N/A","N/A",AVERAGE(DY46:DZ46)) -> 584755.14 | ED46: 613166.67 | EG46: =+IF(EC46="N/A","N/A",MIN(EC46:EF46)) -> 613166.67 | EH46: =+IF(EC46="N/A","N/A",ROUND(AVERAGE(EC46:EF46),0)) -> 613167 | EI46: =+IF(EG46="N/A","N/A",AVERAGE(EG46:EH46)) -> 613166.83 | EL46: 606666.67 | EO46: =+IF(EK46="N/A","N/A",MIN(EK46:EN46)) -> 606666.67 | EP46: =+IF(EK46="N/A","N/A",ROUND(AVERAGE(EK46:EN46),0)) -> 606667 | EQ46: =+IF(EO46="N/A","N/A",AVERAGE(EO46:EP46)) -> 606666.83
A47: 30 | B47: Cauchos Barra Estabilizadora | C47: 1 | E47: 105505.04 | F47: 111509.39 | H47: 79725.441 | I47: =+IF(E47="N/A","N/A",MIN(E47:H47)) -> 79725.441 | J47: =+IF(E47="N/A","N/A",ROUND(AVERAGE(E47:H47),0)) -> 98913 | K47: =+IF(I47="N/A","N/A",AVERAGE(I47:J47)) -> 89319.22 | M47: 135300 | N47: 143000 | P47: 102240.16 | Q47: =+IF(M47="N/A","N/A",MIN(M47:P47)) -> 102240.16 | R47: =+IF(M47="N/A","N/A",ROUND(AVERAGE(M47:P47),0)) -> 126847 | S47: =+IF(Q47="N/A","N/A",AVERAGE(Q47:R47)) -> 114543.58 | U47: 106135.63 | V47: 106166.67 | X47: 80201.948 | Y47: =+IF(U47="N/A","N/A",MIN(U47:X47)) -> 80201.948 | Z47: =+IF(U47="N/A","N/A",ROUND(AVERAGE(U47:X47),0)) -> 97501 | AA47: =+IF(Y47="N/A","N/A",AVERAGE(Y47:Z47)) -> 88851.474 | AC47: 74042.683 | AD47: 78256.494 | AF47: 55950.745 | AG47: =+IF(AC47="N/A","N/A",MIN(AC47:AF47)) -> 55950.745 | AH47: =+IF(AC47="N/A","N/A",ROUND(AVERAGE(AC47:AF47),0)) -> 69417 | AI47: =+IF(AG47="N/A","N/A",AVERAGE(AG47:AH47)) -> 62683.872 | AK47: 184532.26 | AL47: 195034.09 | AN47: 139442.77 | AO47: =+IF(AK47="N/A","N/A",MIN(AK47:AN47)) -> 139442.77 | AP47: =+IF(AK47="N/A","N/A",ROUND(AVERAGE(AK47:AN47),0)) -> 173003 | AQ47: =+IF(AO47="N/A","N/A",AVERAGE(AO47:AP47)) -> 156222.89 | AS47: 76387.588 | AT47: 80734.849 | AV47: 57722.685 | AW47: =+IF(AS47="N/A","N/A",MIN(AS47:AV47)) -> 57722.685 | AX47: =+IF(AS47="N/A","N/A",ROUND(AVERAGE(AS47:AV47),0)) -> 71615 | AY47: =+IF(AW47="N/A","N/A",AVERAGE(AW47:AX47)) -> 64668.842 | BA47: 252150 | BB47: 266500 | BD47: 190538.48 | BE47: =+IF(BA47="N/A","N/A",MIN(BA47:BD47)) -> 190538.48 | BF47: =+IF(BA47="N/A","N/A",ROUND(AVERAGE(BA47:BD47),0)) -> 236396 | BG47: =+IF(BE47="N/A","N/A",AVERAGE(BE47:BF47)) -> 213467.24 | BI47: 252150 | BJ47: 266500 | BL47: 190538.48 | BM47: =+IF(BI47="N/A","N/A",MIN(BI47:BL47)) -> 190538.48 | BN47: =+IF(BI47="N/A","N/A",ROUND(AVERAGE(BI47:BL47),0)) -> 236396 | BO47: =+IF(BM47="N/A","N/A",AVERAGE(BM47:BN47)) -> 213467.24 | BQ47: 252150 | BR47: 266500 | BT47: 190538.48 | BU47: =+IF(BQ47="N/A","N/A",MIN(BQ47:BT47)) -> 190538.48 | BV47: =+IF(BQ47="N/A","N/A",ROUND(AVERAGE(BQ47:BT47),0)) -> 236396 | BW47: =+IF(BU47="N/A","N/A",AVERAGE(BU47:BV47)) -> 213467.24 | BY47: 104550 | BZ47: 110500 | CB47: 79003.76 | CC47: =+IF(BY47="N/A","N/A",MIN(BY47:CB47)) -> 79003.76 | CD47: =+IF(BY47="N/A","N/A",ROUND(AVERAGE(BY47:CB47),0)) -> 98018 | CE47: =+IF(CC47="N/A","N/A",AVERAGE(CC47:CD47)) -> 88510.88 | CG47: 182421.84 | CH47: 192803.57 | CJ47: 137848.03 | CK47: =+IF(CG47="N/A","N/A",MIN(CG47:CJ47)) -> 137848.03 | CL47: =+IF(CG47="N/A","N/A",ROUND(AVERAGE(CG47:CJ47),0)) -> 171024 | CM47: =+IF(CK47="N/A","N/A",AVERAGE(CK47:CL47)) -> 154436.01 | CO47: 119397.65 | CP47: 126192.64 | CR47: 90223.468 | CS47: =+IF(CO47="N/A","N/A",MIN(CO47:CR47)) -> 90223.468 | CT47: =+IF(CO47="N/A","N/A",ROUND(AVERAGE(CO47:CR47),0)) -> 111938 | CU47: =+IF(CS47="N/A","N/A",AVERAGE(CS47:CT47)) -> 101080.73 | CW47: 170150 | CX47: 179833.33 | CZ47: 128574.75 | DA47: =+IF(CW47="N/A","N/A",MIN(CW47:CZ47)) -> 128574.75 | DB47: =+IF(CW47="N/A","N/A",ROUND(AVERAGE(CW47:CZ47),0)) -> 159519 | DC47: =+IF(DA47="N/A","N/A",AVERAGE(DA47:DB47)) -> 144046.87 | DE47: 93040.254 | DF47: 98335.228 | DH47: 70306.36 | DI47: =+IF(DE47="N/A","N/A",MIN(DE47:DH47)) -> 70306.36 | DJ47: =+IF(DE47="N/A","N/A",ROUND(AVERAGE(DE47:DH47),0)) -> 87227 | DK47: =+IF(DI47="N/A","N/A",AVERAGE(DI47:DJ47)) -> 78766.68 | DM47: 93040.254 | DN47: 98335.228 | DP47: 70306.36 | DQ47: =+IF(DM47="N/A","N/A",MIN(DM47:DP47)) -> 70306.36 | DR47: =+IF(DM47="N/A","N/A",ROUND(AVERAGE(DM47:DP47),0)) -> 87227 | DS47: =+IF(DQ47="N/A","N/A",AVERAGE(DQ47:DR47)) -> 78766.68 | DV47: 134113.37 | DY47: =+IF(DU47="N/A","N/A",MIN(DU47:DX47)) -> 134113.37 | DZ47: =+IF(DU47="N/A","N/A",ROUND(AVERAGE(DU47:DX47),0)) -> 134113 | EA47: =+IF(DY47="N/A","N/A",AVERAGE(DY47:DZ47)) -> 134113.18 | ED47: 180916.67 | EG47: =+IF(EC47="N/A","N/A",MIN(EC47:EF47)) -> 180916.67 | EH47: =+IF(EC47="N/A","N/A",ROUND(AVERAGE(EC47:EF47),0)) -> 180917 | EI47: =+IF(EG47="N/A","N/A",AVERAGE(EG47:EH47)) -> 180916.83 | EL47: 110500 | EO47: =+IF(EK47="N/A","N/A",MIN(EK47:EN47)) -> 110500 | EP47: =+IF(EK47="N/A","N/A",ROUND(AVERAGE(EK47:EN47),0)) -> 110500 | EQ47: =+IF(EO47="N/A","N/A",AVERAGE(EO47:EP47)) -> 110500
A48: 31 | B48: Buje Barra Estabilizadora | C48: 1 | E48: 94239.698 | F48: 99602.933 | H48: 71212.726 | I48: =+IF(E48="N/A","N/A",MIN(E48:H48)) -> 71212.726 | J48: =+IF(E48="N/A","N/A",ROUND(AVERAGE(E48:H48),0)) -> 88352 | K48: =+IF(I48="N/A","N/A",AVERAGE(I48:J48)) -> 79782.363 | M48: 109675 | N48: 115916.67 | P48: 82876.493 | Q48: =+IF(M48="N/A","N/A",MIN(M48:P48)) -> 82876.493 | R48: =+IF(M48="N/A","N/A",ROUND(AVERAGE(M48:P48),0)) -> 102823 | S48: =+IF(Q48="N/A","N/A",AVERAGE(Q48:R48)) -> 92849.747 | U48: 70808.428 | V48: 105083.33 | X48: 53506.763 | Y48: =+IF(U48="N/A","N/A",MIN(U48:X48)) -> 53506.763 | Z48: =+IF(U48="N/A","N/A",ROUND(AVERAGE(U48:X48),0)) -> 76466 | AA48: =+IF(Y48="N/A","N/A",AVERAGE(Y48:Z48)) -> 64986.382 | AC48: 71209.055 | AD48: 75261.603 | AF48: 53809.499 | AG48: =+IF(AC48="N/A","N/A",MIN(AC48:AF48)) -> 53809.499 | AH48: =+IF(AC48="N/A","N/A",ROUND(AVERAGE(AC48:AF48),0)) -> 66760 | AI48: =+IF(AG48="N/A","N/A",AVERAGE(AG48:AH48)) -> 60284.75 | AK48: 199588.31 | AL48: 210946.99 | AN48: 150819.96 | AO48: =+IF(AK48="N/A","N/A",MIN(AK48:AN48)) -> 150819.96 | AP48: =+IF(AK48="N/A","N/A",ROUND(AVERAGE(AK48:AN48),0)) -> 187118 | AQ48: =+IF(AO48="N/A","N/A",AVERAGE(AO48:AP48)) -> 168968.98 | AS48: 75052.805 | AT48: 79324.103 | AV48: 56714.049 | AW48: =+IF(AS48="N/A","N/A",MIN(AS48:AV48)) -> 56714.049 | AX48: =+IF(AS48="N/A","N/A",ROUND(AVERAGE(AS48:AV48),0)) -> 70364 | AY48: =+IF(AW48="N/A","N/A",AVERAGE(AW48:AX48)) -> 63539.025 | BA48: 252150 | BB48: 266500 | BD48: 190538.48 | BE48: =+IF(BA48="N/A","N/A",MIN(BA48:BD48)) -> 190538.48 | BF48: =+IF(BA48="N/A","N/A",ROUND(AVERAGE(BA48:BD48),0)) -> 236396 | BG48: =+IF(BE48="N/A","N/A",AVERAGE(BE48:BF48)) -> 213467.24 | BI48: 252150 | BJ48: 266500 | BL48: 190538.48 | BM48: =+IF(BI48="N/A","N/A",MIN(BI48:BL48)) -> 190538.48 | BN48: =+IF(BI48="N/A","N/A",ROUND(AVERAGE(BI48:BL48),0)) -> 236396 | BO48: =+IF(BM48="N/A","N/A",AVERAGE(BM48:BN48)) -> 213467.24 | BQ48: 100450 | BR48: 106166.67 | BT48: 75905.573 | BU48: =+IF(BQ48="N/A","N/A",MIN(BQ48:BT48)) -> 75905.573 | BV48: =+IF(BQ48="N/A","N/A",ROUND(AVERAGE(BQ48:BT48),0)) -> 94174 | BW48: =+IF(BU48="N/A","N/A",AVERAGE(BU48:BV48)) -> 85039.787 | BY48: 109675 | BZ48: 115916.67 | CB48: 82876.493 | CC48: =+IF(BY48="N/A","N/A",MIN(BY48:CB48)) -> 82876.493 | CD48: =+IF(BY48="N/A","N/A",ROUND(AVERAGE(BY48:CB48),0)) -> 102823 | CE48: =+IF(CC48="N/A","N/A",AVERAGE(CC48:CD48)) -> 92849.747 | CG48: 197230.58 | CH48: 208455.08 | CJ48: 149038.33 | CK48: =+IF(CG48="N/A","N/A",MIN(CG48:CJ48)) -> 149038.33 | CL48: =+IF(CG48="N/A","N/A",ROUND(AVERAGE(CG48:CJ48),0)) -> 184908 | CM48: =+IF(CK48="N/A","N/A",AVERAGE(CK48:CL48)) -> 166973.16 | CO48: 99912.406 | CP48: 105598.48 | CR48: 75499.338 | CS48: =+IF(CO48="N/A","N/A",MIN(CO48:CR48)) -> 75499.338 | CT48: =+IF(CO48="N/A","N/A",ROUND(AVERAGE(CO48:CR48),0)) -> 93670 | CU48: =+IF(CS48="N/A","N/A",AVERAGE(CS48:CT48)) -> 84584.669 | CW48: 131200 | CX48: 138666.67 | CZ48: 99141.973 | DA48: =+IF(CW48="N/A","N/A",MIN(CW48:CZ48)) -> 99141.973 | DB48: =+IF(CW48="N/A","N/A",ROUND(AVERAGE(CW48:CZ48),0)) -> 123003 | DC48: =+IF(DA48="N/A","N/A",AVERAGE(DA48:DB48)) -> 111072.49 | DE48: 75015.476 | DF48: 79284.649 | DH48: 56685.841 | DI48: =+IF(DE48="N/A","N/A",MIN(DE48:DH48)) -> 56685.841 | DJ48: =+IF(DE48="N/A","N/A",ROUND(AVERAGE(DE48:DH48),0)) -> 70329 | DK48: =+IF(DI48="N/A","N/A",AVERAGE(DI48:DJ48)) -> 63507.42 | DM48: 83210.333 | DN48: 87945.88 | DP48: 62878.328 | DQ48: =+IF(DM48="N/A","N/A",MIN(DM48:DP48)) -> 62878.328 | DR48: =+IF(DM48="N/A","N/A",ROUND(AVERAGE(DM48:DP48),0)) -> 78012 | DS48: =+IF(DQ48="N/A","N/A",AVERAGE(DQ48:DR48)) -> 70445.164 | DV48: 83775.676 | DY48: =+IF(DU48="N/A","N/A",MIN(DU48:DX48)) -> 83775.676 | DZ48: =+IF(DU48="N/A","N/A",ROUND(AVERAGE(DU48:DX48),0)) -> 83776 | EA48: =+IF(DY48="N/A","N/A",AVERAGE(DY48:DZ48)) -> 83775.838 | ED48: 147333.33 | EG48: =+IF(EC48="N/A","N/A",MIN(EC48:EF48)) -> 147333.33 | EH48: =+IF(EC48="N/A","N/A",ROUND(AVERAGE(EC48:EF48),0)) -> 147333 | EI48: =+IF(EG48="N/A","N/A",AVERAGE(EG48:EH48)) -> 147333.17 | EL48: 115916.67 | EO48: =+IF(EK48="N/A","N/A",MIN(EK48:EN48)) -> 115916.67 | EP48: =+IF(EK48="N/A","N/A",ROUND(AVERAGE(EK48:EN48),0)) -> 115917 | EQ48: =+IF(EO48="N/A","N/A",AVERAGE(EO48:EP48)) -> 115916.83
A49: 32 | B49: Muñeco Barra Estabilizadora | C49: 1 | E49: 193848.74 | F49: 204880.78 | H49: 146482.82 | I49: =+IF(E49="N/A","N/A",MIN(E49:H49)) -> 146482.82 | J49: =+IF(E49="N/A","N/A",ROUND(AVERAGE(E49:H49),0)) -> 181737 | K49: =+IF(I49="N/A","N/A",AVERAGE(I49:J49)) -> 164109.91 | M49: 317750 | N49: 335833.33 | P49: 240109.47 | Q49: =+IF(M49="N/A","N/A",MIN(M49:P49)) -> 240109.47 | R49: =+IF(M49="N/A","N/A",ROUND(AVERAGE(M49:P49),0)) -> 297898 | S49: =+IF(Q49="N/A","N/A",AVERAGE(Q49:R49)) -> 269003.73 | U49: 177025.03 | V49: 275166.67 | X49: 133769.9 | Y49: =+IF(U49="N/A","N/A",MIN(U49:X49)) -> 133769.9 | Z49: =+IF(U49="N/A","N/A",ROUND(AVERAGE(U49:X49),0)) -> 195321 | AA49: =+IF(Y49="N/A","N/A",AVERAGE(Y49:Z49)) -> 164545.45 | AC49: 169990.31 | AD49: 179664.56 | AF49: 128454.08 | AG49: =+IF(AC49="N/A","N/A",MIN(AC49:AF49)) -> 128454.08 | AH49: =+IF(AC49="N/A","N/A",ROUND(AVERAGE(AC49:AF49),0)) -> 159370 | AI49: =+IF(AG49="N/A","N/A",AVERAGE(AG49:AH49)) -> 143912.04 | AK49: 170913.38 | AL49: 180640.15 | AN49: 129151.6 | AO49: =+IF(AK49="N/A","N/A",MIN(AK49:AN49)) -> 129151.6 | AP49: =+IF(AK49="N/A","N/A",ROUND(AVERAGE(AK49:AN49),0)) -> 160235 | AQ49: =+IF(AO49="N/A","N/A",AVERAGE(AO49:AP49)) -> 144693.3 | AS49: 177677.81 | AT49: 187789.56 | AV49: 134263.18 | AW49: =+IF(AS49="N/A","N/A",MIN(AS49:AV49)) -> 134263.18 | AX49: =+IF(AS49="N/A","N/A",ROUND(AVERAGE(AS49:AV49),0)) -> 166577 | AY49: =+IF(AW49="N/A","N/A",AVERAGE(AW49:AX49)) -> 150420.09 | BA49: 231650 | BB49: 244833.33 | BD49: 175047.55 | BE49: =+IF(BA49="N/A","N/A",MIN(BA49:BD49)) -> 175047.55 | BF49: =+IF(BA49="N/A","N/A",ROUND(AVERAGE(BA49:BD49),0)) -> 217177 | BG49: =+IF(BE49="N/A","N/A",AVERAGE(BE49:BF49)) -> 196112.27 | BI49: 231650 | BJ49: 244833.33 | BL49: 175047.55 | BM49: =+IF(BI49="N/A","N/A",MIN(BI49:BL49)) -> 175047.55 | BN49: =+IF(BI49="N/A","N/A",ROUND(AVERAGE(BI49:BL49),0)) -> 217177 | BO49: =+IF(BM49="N/A","N/A",AVERAGE(BM49:BN49)) -> 196112.27 | BQ49: 313650 | BR49: 331500 | BT49: 237011.28 | BU49: =+IF(BQ49="N/A","N/A",MIN(BQ49:BT49)) -> 237011.28 | BV49: =+IF(BQ49="N/A","N/A",ROUND(AVERAGE(BQ49:BT49),0)) -> 294054 | BW49: =+IF(BU49="N/A","N/A",AVERAGE(BU49:BV49)) -> 265532.64 | BY49: 260350 | BZ49: 275166.67 | CB49: 196734.85 | CC49: =+IF(BY49="N/A","N/A",MIN(BY49:CB49)) -> 196734.85 | CD49: =+IF(BY49="N/A","N/A",ROUND(AVERAGE(BY49:CB49),0)) -> 244084 | CE49: =+IF(CC49="N/A","N/A",AVERAGE(CC49:CD49)) -> 220409.43 | CG49: 188840.18 | CH49: 199587.18 | CJ49: 142698.08 | CK49: =+IF(CG49="N/A","N/A",MIN(CG49:CJ49)) -> 142698.08 | CL49: =+IF(CG49="N/A","N/A",ROUND(AVERAGE(CG49:CJ49),0)) -> 177042 | CM49: =+IF(CK49="N/A","N/A",AVERAGE(CK49:CL49)) -> 159870.04 | CO49: 211017.96 | CP49: 223027.11 | CR49: 159456.84 | CS49: =+IF(CO49="N/A","N/A",MIN(CO49:CR49)) -> 159456.84 | CT49: =+IF(CO49="N/A","N/A",ROUND(AVERAGE(CO49:CR49),0)) -> 197834 | CU49: =+IF(CS49="N/A","N/A",AVERAGE(CS49:CT49)) -> 178645.42 | CW49: 270600 | CX49: 286000 | CZ49: 204480.32 | DA49: =+IF(CW49="N/A","N/A",MIN(CW49:CZ49)) -> 204480.32 | DB49: =+IF(CW49="N/A","N/A",ROUND(AVERAGE(CW49:CZ49),0)) -> 253693 | DC49: =+IF(DA49="N/A","N/A",AVERAGE(DA49:DB49)) -> 229086.66 | DE49: 179410.84 | DF49: 189621.21 | DH49: 135572.75 | DI49: =+IF(DE49="N/A","N/A",MIN(DE49:DH49)) -> 135572.75 | DJ49: =+IF(DE49="N/A","N/A",ROUND(AVERAGE(DE49:DH49),0)) -> 168202 | DK49: =+IF(DI49="N/A","N/A",AVERAGE(DI49:DJ49)) -> 151887.37 | DM49: 190431.89 | DN49: 201269.48 | DP49: 143900.87 | DQ49: =+IF(DM49="N/A","N/A",MIN(DM49:DP49)) -> 143900.87 | DR49: =+IF(DM49="N/A","N/A",ROUND(AVERAGE(DM49:DP49),0)) -> 178534 | DS49: =+IF(DQ49="N/A","N/A",AVERAGE(DQ49:DR49)) -> 161217.43 | DV49: 204974.62 | DY49: =+IF(DU49="N/A","N/A",MIN(DU49:DX49)) -> 204974.62 | DZ49: =+IF(DU49="N/A","N/A",ROUND(AVERAGE(DU49:DX49),0)) -> 204975 | EA49: =+IF(DY49="N/A","N/A",AVERAGE(DY49:DZ49)) -> 204974.81 | ED49: 316333.33 | EG49: =+IF(EC49="N/A","N/A",MIN(EC49:EF49)) -> 316333.33 | EH49: =+IF(EC49="N/A","N/A",ROUND(AVERAGE(EC49:EF49),0)) -> 316333 | EI49: =+IF(EG49="N/A","N/A",AVERAGE(EG49:EH49)) -> 316333.17 | EL49: 275166.67 | EO49: =+IF(EK49="N/A","N/A",MIN(EK49:EN49)) -> 275166.67 | EP49: =+IF(EK49="N/A","N/A",ROUND(AVERAGE(EK49:EN49),0)) -> 275167 | EQ49: =+IF(EO49="N/A","N/A",AVERAGE(EO49:EP49)) -> 275166.83
A50: 33 | B50: Rotula Inferior | C50: 1 | E50: 317222.49 | F50: 335275.8 | H50: 239710.85 | I50: =+IF(E50="N/A","N/A",MIN(E50:H50)) -> 239710.85 | J50: =+IF(E50="N/A","N/A",ROUND(AVERAGE(E50:H50),0)) -> 297403 | K50: =+IF(I50="N/A","N/A",AVERAGE(I50:J50)) -> 268556.93 | M50: 371050 | N50: 392166.67 | P50: 280385.89 | Q50: =+IF(M50="N/A","N/A",MIN(M50:P50)) -> 280385.89 | R50: =+IF(M50="N/A","N/A",ROUND(AVERAGE(M50:P50),0)) -> 347868 | S50: =+IF(Q50="N/A","N/A",AVERAGE(Q50:R50)) -> 314126.95 | U50: 260308.16 | V50: 327166.67 | X50: 196703.24 | Y50: =+IF(U50="N/A","N/A",MIN(U50:X50)) -> 196703.24 | Z50: =+IF(U50="N/A","N/A",ROUND(AVERAGE(U50:X50),0)) -> 261393 | AA50: =+IF(Y50="N/A","N/A",AVERAGE(Y50:Z50)) -> 229048.12 | AC50: 256078.54 | AD50: 270652.12 | AF50: 193507.1 | AG50: =+IF(AC50="N/A","N/A",MIN(AC50:AF50)) -> 193507.1 | AH50: =+IF(AC50="N/A","N/A",ROUND(AVERAGE(AC50:AF50),0)) -> 240079 | AI50: =+IF(AG50="N/A","N/A",AVERAGE(AG50:AH50)) -> 216793.05 | AK50: 236730.95 | AL50: 250203.44 | AN50: 178886.99 | AO50: =+IF(AK50="N/A","N/A",MIN(AK50:AN50)) -> 178886.99 | AP50: =+IF(AK50="N/A","N/A",ROUND(AVERAGE(AK50:AN50),0)) -> 221940 | AQ50: =+IF(AO50="N/A","N/A",AVERAGE(AO50:AP50)) -> 200413.5 | AS50: 258346.14 | AT50: 273048.76 | AV50: 195220.62 | AW50: =+IF(AS50="N/A","N/A",MIN(AS50:AV50)) -> 195220.62 | AX50: =+IF(AS50="N/A","N/A",ROUND(AVERAGE(AS50:AV50),0)) -> 242205 | AY50: =+IF(AW50="N/A","N/A",AVERAGE(AW50:AX50)) -> 218712.81 | BA50: 248050 | BB50: 262166.67 | BD50: 187440.29 | BE50: =+IF(BA50="N/A","N/A",MIN(BA50:BD50)) -> 187440.29 | BF50: =+IF(BA50="N/A","N/A",ROUND(AVERAGE(BA50:BD50),0)) -> 232552 | BG50: =+IF(BE50="N/A","N/A",AVERAGE(BE50:BF50)) -> 209996.15 | BI50: 248050 | BJ50: 262166.67 | BL50: 187440.29 | BM50: =+IF(BI50="N/A","N/A",MIN(BI50:BL50)) -> 187440.29 | BN50: =+IF(BI50="N/A","N/A",ROUND(AVERAGE(BI50:BL50),0)) -> 232552 | BO50: =+IF(BM50="N/A","N/A",AVERAGE(BM50:BN50)) -> 209996.15 | BQ50: 272650 | BR50: 288166.67 | BT50: 206029.41 | BU50: =+IF(BQ50="N/A","N/A",MIN(BQ50:BT50)) -> 206029.41 | BV50: =+IF(BQ50="N/A","N/A",ROUND(AVERAGE(BQ50:BT50),0)) -> 255615 | BW50: =+IF(BU50="N/A","N/A",AVERAGE(BU50:BV50)) -> 230822.21 | BY50: 325950 | BZ50: 344500 | CB50: 246305.84 | CC50: =+IF(BY50="N/A","N/A",MIN(BY50:CB50)) -> 246305.84 | CD50: =+IF(BY50="N/A","N/A",ROUND(AVERAGE(BY50:CB50),0)) -> 305585 | CE50: =+IF(CC50="N/A","N/A",AVERAGE(CC50:CD50)) -> 275945.42 | CG50: 242011.66 | CH50: 255784.68 | CJ50: 182877.39 | CK50: =+IF(CG50="N/A","N/A",MIN(CG50:CJ50)) -> 182877.39 | CL50: =+IF(CG50="N/A","N/A",ROUND(AVERAGE(CG50:CJ50),0)) -> 226891 | CM50: =+IF(CK50="N/A","N/A",AVERAGE(CK50:CL50)) -> 204884.2 | CO50: 343916.99 | CP50: 363489.5 | CR50: 259882.69 | CS50: =+IF(CO50="N/A","N/A",MIN(CO50:CR50)) -> 259882.69 | CT50: =+IF(CO50="N/A","N/A",ROUND(AVERAGE(CO50:CR50),0)) -> 322430 | CU50: =+IF(CS50="N/A","N/A",AVERAGE(CS50:CT50)) -> 291156.34 | CW50: 379250 | CX50: 400833.33 | CZ50: 286582.27 | DA50: =+IF(CW50="N/A","N/A",MIN(CW50:CZ50)) -> 286582.27 | DB50: =+IF(CW50="N/A","N/A",ROUND(AVERAGE(CW50:CZ50),0)) -> 355555 | DC50: =+IF(DA50="N/A","N/A",AVERAGE(DA50:DB50)) -> 321068.63 | DE50: 253245.99 | DF50: 267658.37 | DH50: 191366.67 | DI50: =+IF(DE50="N/A","N/A",MIN(DE50:DH50)) -> 191366.67 | DJ50: =+IF(DE50="N/A","N/A",ROUND(AVERAGE(DE50:DH50),0)) -> 237424 | DK50: =+IF(DI50="N/A","N/A",AVERAGE(DI50:DJ50)) -> 214395.34 | DM50: 313597.31 | DN50: 331444.32 | DP50: 236971.47 | DQ50: =+IF(DM50="N/A","N/A",MIN(DM50:DP50)) -> 236971.47 | DR50: =+IF(DM50="N/A","N/A",ROUND(AVERAGE(DM50:DP50),0)) -> 294004 | DS50: =+IF(DQ50="N/A","N/A",AVERAGE(DQ50:DR50)) -> 265487.73 | DV50: 300309.95 | DY50: =+IF(DU50="N/A","N/A",MIN(DU50:DX50)) -> 300309.95 | DZ50: =+IF(DU50="N/A","N/A",ROUND(AVERAGE(DU50:DX50),0)) -> 300310 | EA50: =+IF(DY50="N/A","N/A",AVERAGE(DY50:DZ50)) -> 300309.98 | ED50: 395416.67 | EG50: =+IF(EC50="N/A","N/A",MIN(EC50:EF50)) -> 395416.67 | EH50: =+IF(EC50="N/A","N/A",ROUND(AVERAGE(EC50:EF50),0)) -> 395417 | EI50: =+IF(EG50="N/A","N/A",AVERAGE(EG50:EH50)) -> 395416.83 | EL50: 344500 | EO50: =+IF(EK50="N/A","N/A",MIN(EK50:EN50)) -> 344500 | EP50: =+IF(EK50="N/A","N/A",ROUND(AVERAGE(EK50:EN50),0)) -> 344500 | EQ50: =+IF(EO50="N/A","N/A",AVERAGE(EO50:EP50)) -> 344500
A51: 34 | B51: Rotula Superior | C51: 1 | E51: 324519.61 | F51: 342988.2 | H51: 245224.96 | I51: =+IF(E51="N/A","N/A",MIN(E51:H51)) -> 245224.96 | J51: =+IF(E51="N/A","N/A",ROUND(AVERAGE(E51:H51),0)) -> 304244 | K51: =+IF(I51="N/A","N/A",AVERAGE(I51:J51)) -> 274734.48 | M51: 391550 | N51: 413833.33 | P51: 295876.83 | Q51: =+IF(M51="N/A","N/A",MIN(M51:P51)) -> 295876.83 | R51: =+IF(M51="N/A","N/A",ROUND(AVERAGE(M51:P51),0)) -> 367087 | S51: =+IF(Q51="N/A","N/A",AVERAGE(Q51:R51)) -> 331481.91 | U51: N/A | V51: N/A | W51: N/A | X51: N/A | Y51: N/A | Z51: N/A | AA51: N/A | AC51: N/A | AD51: N/A | AE51: N/A | AF51: N/A | AG51: N/A | AH51: N/A | AI51: N/A | AK51: 302168.05 | AL51: 319364.61 | AN51: 228334.88 | AO51: =+IF(AK51="N/A","N/A",MIN(AK51:AN51)) -> 228334.88 | AP51: =+IF(AK51="N/A","N/A",ROUND(AVERAGE(AK51:AN51),0)) -> 283289 | AQ51: =+IF(AO51="N/A","N/A",AVERAGE(AO51:AP51)) -> 255811.94 | AS51: N/A | AT51: N/A | AU51: N/A | AV51: N/A | AW51: N/A | AX51: N/A | AY51: N/A | BA51: 350550 | BB51: 370500 | BD51: 264894.96 | BE51: =+IF(BA51="N/A","N/A",MIN(BA51:BD51)) -> 264894.96 | BF51: =+IF(BA51="N/A","N/A",ROUND(AVERAGE(BA51:BD51),0)) -> 328648 | BG51: =+IF(BE51="N/A","N/A",AVERAGE(BE51:BF51)) -> 296771.48 | BI51: 330050 | BJ51: 348833.33 | BL51: 249404.03 | BM51: =+IF(BI51="N/A","N/A",MIN(BI51:BL51)) -> 249404.03 | BN51: =+IF(BI51="N/A","N/A",ROUND(AVERAGE(BI51:BL51),0)) -> 309429 | BO51: =+IF(BM51="N/A","N/A",AVERAGE(BM51:BN51)) -> 279416.51 | BQ51: 381300 | BR51: 403000 | BT51: 288131.36 | BU51: =+IF(BQ51="N/A","N/A",MIN(BQ51:BT51)) -> 288131.36 | BV51: =+IF(BQ51="N/A","N/A",ROUND(AVERAGE(BQ51:BT51),0)) -> 357477 | BW51: =+IF(BU51="N/A","N/A",AVERAGE(BU51:BV51)) -> 322804.18 | BY51: N/A | BZ51: N/A | CA51: N/A | CB51: N/A | CC51: N/A | CD51: N/A | CE51: N/A | CG51: N/A | CH51: N/A | CI51: N/A | CJ51: N/A | CK51: N/A | CL51: N/A | CM51: N/A | CO51: N/A | CP51: N/A | CQ51: N/A | CR51: N/A | CS51: N/A | CT51: N/A | CU51: N/A | CW51: N/A | CX51: N/A | CY51: N/A | CZ51: N/A | DA51: N/A | DB51: N/A | DC51: N/A | DE51: N/A | DF51: N/A | DG51: N/A | DH51: N/A | DI51: N/A | DJ51: N/A | DK51: N/A | DM51: N/A | DN51: N/A | DO51: N/A | DP51: N/A | DQ51: N/A | DR51: N/A | DS51: N/A | DU51: N/A | DV51: N/A | DX51: N/A | DY51: N/A | DZ51: N/A | EA51: N/A | ED51: 431166.67 | EG51: =+IF(EC51="N/A","N/A",MIN(EC51:EF51)) -> 431166.67 | EH51: =+IF(EC51="N/A","N/A",ROUND(AVERAGE(EC51:EF51),0)) -> 431167 | EI51: =+IF(EG51="N/A","N/A",AVERAGE(EG51:EH51)) -> 431166.83 | EK51: N/A | EL51: N/A | EM51: N/A | EN51: N/A | EO51: N/A | EP51: N/A | EQ51: N/A
A52: 35 | B52: Juego Bujes Tijeras Superior (par) | C52: 1 | E52: 231779.58 | F52: 244970.29 | H52: 175145.46 | I52: =+IF(E52="N/A","N/A",MIN(E52:H52)) -> 175145.46 | J52: =+IF(E52="N/A","N/A",ROUND(AVERAGE(E52:H52),0)) -> 217298 | K52: =+IF(I52="N/A","N/A",AVERAGE(I52:J52)) -> 196221.73 | M52: 309550 | N52: 327166.67 | P52: 233913.09 | Q52: =+IF(M52="N/A","N/A",MIN(M52:P52)) -> 233913.09 | R52: =+IF(M52="N/A","N/A",ROUND(AVERAGE(M52:P52),0)) -> 290210 | S52: =+IF(Q52="N/A","N/A",AVERAGE(Q52:R52)) -> 262061.55 | U52: N/A | V52: N/A | W52: N/A | X52: N/A | Y52: N/A | Z52: N/A | AA52: N/A | AC52: N/A | AD52: N/A | AE52: N/A | AF52: N/A | AG52: N/A | AH52: N/A | AI52: N/A | AK52: 289125.27 | AL52: 305579.55 | AN52: 218479.03 | AO52: =+IF(AK52="N/A","N/A",MIN(AK52:AN52)) -> 218479.03 | AP52: =+IF(AK52="N/A","N/A",ROUND(AVERAGE(AK52:AN52),0)) -> 271061 | AQ52: =+IF(AO52="N/A","N/A",AVERAGE(AO52:AP52)) -> 244770.02 | AS52: N/A | AT52: N/A | AU52: N/A | AV52: N/A | AW52: N/A | AX52: N/A | AY52: N/A | BA52: 381300 | BB52: 403000 | BD52: 288131.36 | BE52: =+IF(BA52="N/A","N/A",MIN(BA52:BD52)) -> 288131.36 | BF52: =+IF(BA52="N/A","N/A",ROUND(AVERAGE(BA52:BD52),0)) -> 357477 | BG52: =+IF(BE52="N/A","N/A",AVERAGE(BE52:BF52)) -> 322804.18 | BI52: 381300 | BJ52: 403000 | BL52: 288131.36 | BM52: =+IF(BI52="N/A","N/A",MIN(BI52:BL52)) -> 288131.36 | BN52: =+IF(BI52="N/A","N/A",ROUND(AVERAGE(BI52:BL52),0)) -> 357477 | BO52: =+IF(BM52="N/A","N/A",AVERAGE(BM52:BN52)) -> 322804.18 | BQ52: 457150 | BR52: 483166.67 | BT52: 345447.81 | BU52: =+IF(BQ52="N/A","N/A",MIN(BQ52:BT52)) -> 345447.81 | BV52: =+IF(BQ52="N/A","N/A",ROUND(AVERAGE(BQ52:BT52),0)) -> 428588 | BW52: =+IF(BU52="N/A","N/A",AVERAGE(BU52:BV52)) -> 387017.91 | BY52: N/A | BZ52: N/A | CA52: N/A | CB52: N/A | CC52: N/A | CD52: N/A | CE52: N/A | CG52: N/A | CH52: N/A | CI52: N/A | CJ52: N/A | CK52: N/A | CL52: N/A | CM52: N/A | CO52: 191686.78 | CP52: 202595.78 | CR52: 144849.13 | CS52: =+IF(CO52="N/A","N/A",MIN(CO52:CR52)) -> 144849.13 | CT52: =+IF(CO52="N/A","N/A",ROUND(AVERAGE(CO52:CR52),0)) -> 179711 | CU52: =+IF(CS52="N/A","N/A",AVERAGE(CS52:CT52)) -> 162280.06 | CW52: 325950 | CX52: 344500 | CZ52: 246305.84 | DA52: =+IF(CW52="N/A","N/A",MIN(CW52:CZ52)) -> 246305.84 | DB52: =+IF(CW52="N/A","N/A",ROUND(AVERAGE(CW52:CZ52),0)) -> 305585 | DC52: =+IF(DA52="N/A","N/A",AVERAGE(DA52:DB52)) -> 275945.42 | DE52: N/A | DF52: N/A | DG52: N/A | DH52: N/A | DI52: N/A | DJ52: N/A | DK52: N/A | DM52: N/A | DN52: N/A | DO52: N/A | DP52: N/A | DQ52: N/A | DR52: N/A | DS52: N/A | DU52: N/A | DV52: N/A | DX52: N/A | DY52: N/A | DZ52: N/A | EA52: N/A | ED52: 489666.67 | EG52: =+IF(EC52="N/A","N/A",MIN(EC52:EF52)) -> 489666.67 | EH52: =+IF(EC52="N/A","N/A",ROUND(AVERAGE(EC52:EF52),0)) -> 489667 | EI52: =+IF(EG52="N/A","N/A",AVERAGE(EG52:EH52)) -> 489666.83 | EK52: N/A | EL52: N/A | EM52: N/A | EN52: N/A | EO52: N/A | EP52: N/A | EQ52: N/A
A53: 36 | B53: Juego Bujes Tijeras Inferior (par) | C53: 1 | E53: 261541.6 | F53: 276426.08 | H53: 197635.29 | I53: =+IF(E53="N/A","N/A",MIN(E53:H53)) -> 197635.29 | J53: =+IF(E53="N/A","N/A",ROUND(AVERAGE(E53:H53),0)) -> 245201 | K53: =+IF(I53="N/A","N/A",AVERAGE(I53:J53)) -> 221418.15 | M53: 350550 | N53: 370500 | P53: 264894.96 | Q53: =+IF(M53="N/A","N/A",MIN(M53:P53)) -> 264894.96 | R53: =+IF(M53="N/A","N/A",ROUND(AVERAGE(M53:P53),0)) -> 328648 | S53: =+IF(Q53="N/A","N/A",AVERAGE(Q53:R53)) -> 296771.48 | U53: 179884.94 | V53: 227500 | X53: 135931.01 | Y53: =+IF(U53="N/A","N/A",MIN(U53:X53)) -> 135931.01 | Z53: =+IF(U53="N/A","N/A",ROUND(AVERAGE(U53:X53),0)) -> 181105 | AA53: =+IF(Y53="N/A","N/A",AVERAGE(Y53:Z53)) -> 158518 | AC53: 181291.88 | AD53: 191609.31 | AF53: 136994.17 | AG53: =+IF(AC53="N/A","N/A",MIN(AC53:AF53)) -> 136994.17 | AH53: =+IF(AC53="N/A","N/A",ROUND(AVERAGE(AC53:AF53),0)) -> 169965 | AI53: =+IF(AG53="N/A","N/A",AVERAGE(AG53:AH53)) -> 153479.58 | AK53: 273771.77 | AL53: 289352.28 | AN53: 206877.08 | AO53: =+IF(AK53="N/A","N/A",MIN(AK53:AN53)) -> 206877.08 | AP53: =+IF(AK53="N/A","N/A",ROUND(AVERAGE(AK53:AN53),0)) -> 256667 | AQ53: =+IF(AO53="N/A","N/A",AVERAGE(AO53:AP53)) -> 231772.04 | AS53: 178946.98 | AT53: 189130.95 | AV53: 135222.23 | AW53: =+IF(AS53="N/A","N/A",MIN(AS53:AV53)) -> 135222.23 | AX53: =+IF(AS53="N/A","N/A",ROUND(AVERAGE(AS53:AV53),0)) -> 167767 | AY53: =+IF(AW53="N/A","N/A",AVERAGE(AW53:AX53)) -> 151494.61 | BA53: 352600 | BB53: 372666.67 | BD53: 266444.05 | BE53: =+IF(BA53="N/A","N/A",MIN(BA53:BD53)) -> 266444.05 | BF53: =+IF(BA53="N/A","N/A",ROUND(AVERAGE(BA53:BD53),0)) -> 330570 | BG53: =+IF(BE53="N/A","N/A",AVERAGE(BE53:BF53)) -> 298507.03 | BI53: 352600 | BJ53: 372666.67 | BL53: 266444.05 | BM53: =+IF(BI53="N/A","N/A",MIN(BI53:BL53)) -> 266444.05 | BN53: =+IF(BI53="N/A","N/A",ROUND(AVERAGE(BI53:BL53),0)) -> 330570 | BO53: =+IF(BM53="N/A","N/A",AVERAGE(BM53:BN53)) -> 298507.03 | BQ53: 434600 | BR53: 459333.33 | BT53: 328407.79 | BU53: =+IF(BQ53="N/A","N/A",MIN(BQ53:BT53)) -> 328407.79 | BV53: =+IF(BQ53="N/A","N/A",ROUND(AVERAGE(BQ53:BT53),0)) -> 407447 | BW53: =+IF(BU53="N/A","N/A",AVERAGE(BU53:BV53)) -> 367927.39 | BY53: 219350 | BZ53: 231833.33 | CB53: 165752.99 | CC53: =+IF(BY53="N/A","N/A",MIN(BY53:CB53)) -> 165752.99 | CD53: =+IF(BY53="N/A","N/A",ROUND(AVERAGE(BY53:CB53),0)) -> 205645 | CE53: =+IF(CC53="N/A","N/A",AVERAGE(CC53:CD53)) -> 185698.99 | CG53: 239693.33 | CH53: 253334.42 | CJ53: 181125.53 | CK53: =+IF(CG53="N/A","N/A",MIN(CG53:CJ53)) -> 181125.53 | CL53: =+IF(CG53="N/A","N/A",ROUND(AVERAGE(CG53:CJ53),0)) -> 224718 | CM53: =+IF(CK53="N/A","N/A",AVERAGE(CK53:CL53)) -> 202921.77 | CO53: 226796.36 | CP53: 239703.47 | CR53: 171379.86 | CS53: =+IF(CO53="N/A","N/A",MIN(CO53:CR53)) -> 171379.86 | CT53: =+IF(CO53="N/A","N/A",ROUND(AVERAGE(CO53:CR53),0)) -> 212627 | CU53: =+IF(CS53="N/A","N/A",AVERAGE(CS53:CT53)) -> 192003.43 | CW53: 358750 | CX53: 379166.67 | CZ53: 271091.33 | DA53: =+IF(CW53="N/A","N/A",MIN(CW53:CZ53)) -> 271091.33 | DB53: =+IF(CW53="N/A","N/A",ROUND(AVERAGE(CW53:CZ53),0)) -> 336336 | DC53: =+IF(DA53="N/A","N/A",AVERAGE(DA53:DB53)) -> 303713.67 | DE53: 180007.82 | DF53: 190252.17 | DH53: 136023.86 | DI53: =+IF(DE53="N/A","N/A",MIN(DE53:DH53)) -> 136023.86 | DJ53: =+IF(DE53="N/A","N/A",ROUND(AVERAGE(DE53:DH53),0)) -> 168761 | DK53: =+IF(DI53="N/A","N/A",AVERAGE(DI53:DJ53)) -> 152392.43 | DM53: 182352.72 | DN53: 192730.52 | DP53: 137795.8 | DQ53: =+IF(DM53="N/A","N/A",MIN(DM53:DP53)) -> 137795.8 | DR53: =+IF(DM53="N/A","N/A",ROUND(AVERAGE(DM53:DP53),0)) -> 170960 | DS53: =+IF(DQ53="N/A","N/A",AVERAGE(DQ53:DR53)) -> 154377.9 | DV53: 193372.29 | DY53: =+IF(DU53="N/A","N/A",MIN(DU53:DX53)) -> 193372.29 | DZ53: =+IF(DU53="N/A","N/A",ROUND(AVERAGE(DU53:DX53),0)) -> 193372 | EA53: =+IF(DY53="N/A","N/A",AVERAGE(DY53:DZ53)) -> 193372.15 | ED53: 459333.33 | EG53: =+IF(EC53="N/A","N/A",MIN(EC53:EF53)) -> 459333.33 | EH53: =+IF(EC53="N/A","N/A",ROUND(AVERAGE(EC53:EF53),0)) -> 459333 | EI53: =+IF(EG53="N/A","N/A",AVERAGE(EG53:EH53)) -> 459333.17 | EL53: 231833.33 | EO53: =+IF(EK53="N/A","N/A",MIN(EK53:EN53)) -> 231833.33 | EP53: =+IF(EK53="N/A","N/A",ROUND(AVERAGE(EK53:EN53),0)) -> 231833 | EQ53: =+IF(EO53="N/A","N/A",AVERAGE(EO53:EP53)) -> 231833.17
A54: 37 | B54: Buje Muelle | C54: 1 | E54: 97495.312 | F54: 103043.83 | H54: 73672.847 | I54: =+IF(E54="N/A","N/A",MIN(E54:H54)) -> 73672.847 | J54: =+IF(E54="N/A","N/A",ROUND(AVERAGE(E54:H54),0)) -> 91404 | K54: =+IF(I54="N/A","N/A",AVERAGE(I54:J54)) -> 82538.424 | M54: 157850 | N54: 166833.33 | P54: 119280.19 | Q54: =+IF(M54="N/A","N/A",MIN(M54:P54)) -> 119280.19 | R54: =+IF(M54="N/A","N/A",ROUND(AVERAGE(M54:P54),0)) -> 147988 | S54: =+IF(Q54="N/A","N/A",AVERAGE(Q54:R54)) -> 133634.09 | U54: N/A | V54: N/A | W54: N/A | X54: N/A | Y54: N/A | Z54: N/A | AA54: N/A | AC54: N/A | AD54: N/A | AE54: N/A | AF54: N/A | AG54: N/A | AH54: N/A | AI54: N/A | AK54: 113367.44 | AL54: 119819.24 | AN54: 85666.703 | AO54: =+IF(AK54="N/A","N/A",MIN(AK54:AN54)) -> 85666.703 | AP54: =+IF(AK54="N/A","N/A",ROUND(AVERAGE(AK54:AN54),0)) -> 106284 | AQ54: =+IF(AO54="N/A","N/A",AVERAGE(AO54:AP54)) -> 95975.351 | AS54: N/A | AT54: N/A | AU54: N/A | AV54: N/A | AW54: N/A | AX54: N/A | AY54: N/A | BA54: 145550 | BB54: 153833.33 | BD54: 109985.63 | BE54: =+IF(BA54="N/A","N/A",MIN(BA54:BD54)) -> 109985.63 | BF54: =+IF(BA54="N/A","N/A",ROUND(AVERAGE(BA54:BD54),0)) -> 136456 | BG54: =+IF(BE54="N/A","N/A",AVERAGE(BE54:BF54)) -> 123220.81 | BI54: 145550 | BJ54: 153833.33 | BL54: 109985.63 | BM54: =+IF(BI54="N/A","N/A",MIN(BI54:BL54)) -> 109985.63 | BN54: =+IF(BI54="N/A","N/A",ROUND(AVERAGE(BI54:BL54),0)) -> 136456 | BO54: =+IF(BM54="N/A","N/A",AVERAGE(BM54:BN54)) -> 123220.81 | BQ54: N/A | BR54: N/A | BS54: N/A | BT54: N/A | BU54: N/A | BV54: N/A | BW54: N/A | BY54: N/A | BZ54: N/A | CA54: N/A | CB54: N/A | CC54: N/A | CD54: N/A | CE54: N/A | CG54: N/A | CH54: N/A | CI54: N/A | CJ54: N/A | CK54: N/A | CL54: N/A | CM54: N/A | CO54: N/A | CP54: N/A | CQ54: N/A | CR54: N/A | CS54: N/A | CT54: N/A | CU54: N/A | CW54: N/A | CX54: N/A | CY54: N/A | CZ54: N/A | DA54: N/A | DB54: N/A | DC54: N/A | DE54: N/A | DF54: N/A | DG54: N/A | DH54: N/A | DI54: N/A | DJ54: N/A | DK54: N/A | DM54: N/A | DN54: N/A | DO54: N/A | DP54: N/A | DQ54: N/A | DR54: N/A | DS54: N/A | DU54: N/A | DV54: N/A | DX54: N/A | DY54: N/A | DZ54: N/A | EA54: N/A | EC54: N/A | ED54: N/A | EE54: N/A | EF54: N/A | EG54: N/A | EH54: N/A | EI54: N/A | EK54: N/A | EL54: N/A | EM54: N/A | EN54: N/A | EO54: N/A | EP54: N/A | EQ54: N/A
A55: 38 | B55: Guardapolvo Semieje | C55: 1 | E55: 120063.12 | F55: 126895.98 | H55: 90726.332 | I55: =+IF(E55="N/A","N/A",MIN(E55:H55)) -> 90726.332 | J55: =+IF(E55="N/A","N/A",ROUND(AVERAGE(E55:H55),0)) -> 112562 | K55: =+IF(I55="N/A","N/A",AVERAGE(I55:J55)) -> 101644.17 | M55: 141450 | N55: 149500 | P55: 106887.44 | Q55: =+IF(M55="N/A","N/A",MIN(M55:P55)) -> 106887.44 | R55: =+IF(M55="N/A","N/A",ROUND(AVERAGE(M55:P55),0)) -> 132612 | S55: =+IF(Q55="N/A","N/A",AVERAGE(Q55:R55)) -> 119749.72 | U55: 104025.18 | V55: 125666.67 | X55: 78607.178 | Y55: =+IF(U55="N/A","N/A",MIN(U55:X55)) -> 78607.178 | Z55: =+IF(U55="N/A","N/A",ROUND(AVERAGE(U55:X55),0)) -> 102766 | AA55: =+IF(Y55="N/A","N/A",AVERAGE(Y55:Z55)) -> 90686.589 | AC55: 110094.62 | AD55: 116360.16 | AF55: 83193.579 | AG55: =+IF(AC55="N/A","N/A",MIN(AC55:AF55)) -> 83193.579 | AH55: =+IF(AC55="N/A","N/A",ROUND(AVERAGE(AC55:AF55),0)) -> 103216 | AI55: =+IF(AG55="N/A","N/A",AVERAGE(AG55:AH55)) -> 93204.789 | AK55: 125379.12 | AL55: 132514.52 | AN55: 94743.396 | AO55: =+IF(AK55="N/A","N/A",MIN(AK55:AN55)) -> 94743.396 | AP55: =+IF(AK55="N/A","N/A",ROUND(AVERAGE(AK55:AN55),0)) -> 117546 | AQ55: =+IF(AO55="N/A","N/A",AVERAGE(AO55:AP55)) -> 106144.7 | AS55: 105482.12 | AT55: 111485.16 | AV55: 79708.119 | AW55: =+IF(AS55="N/A","N/A",MIN(AS55:AV55)) -> 79708.119 | AX55: =+IF(AS55="N/A","N/A",ROUND(AVERAGE(AS55:AV55),0)) -> 98892 | AY55: =+IF(AW55="N/A","N/A",AVERAGE(AW55:AX55)) -> 89300.059 | BA55: 155800 | BB55: 164666.67 | BD55: 117731.09 | BE55: =+IF(BA55="N/A","N/A",MIN(BA55:BD55)) -> 117731.09 | BF55: =+IF(BA55="N/A","N/A",ROUND(AVERAGE(BA55:BD55),0)) -> 146066 | BG55: =+IF(BE55="N/A","N/A",AVERAGE(BE55:BF55)) -> 131898.55 | BI55: 155800 | BJ55: 164666.67 | BL55: 117731.09 | BM55: =+IF(BI55="N/A","N/A",MIN(BI55:BL55)) -> 117731.09 | BN55: =+IF(BI55="N/A","N/A",ROUND(AVERAGE(BI55:BL55),0)) -> 146066 | BO55: =+IF(BM55="N/A","N/A",AVERAGE(BM55:BN55)) -> 131898.55 | BQ55: 170150 | BR55: 179833.33 | BT55: 128574.75 | BU55: =+IF(BQ55="N/A","N/A",MIN(BQ55:BT55)) -> 128574.75 | BV55: =+IF(BQ55="N/A","N/A",ROUND(AVERAGE(BQ55:BT55),0)) -> 159519 | BW55: =+IF(BU55="N/A","N/A",AVERAGE(BU55:BV55)) -> 144046.87 | BY55: 116850 | BZ55: 123500 | CB55: 88298.32 | CC55: =+IF(BY55="N/A","N/A",MIN(BY55:CB55)) -> 88298.32 | CD55: =+IF(BY55="N/A","N/A",ROUND(AVERAGE(BY55:CB55),0)) -> 109549 | CE55: =+IF(CC55="N/A","N/A",AVERAGE(CC55:CD55)) -> 98923.66 | CG55: 147908.53 | CH55: 156326.09 | CJ55: 111767.87 | CK55: =+IF(CG55="N/A","N/A",MIN(CG55:CJ55)) -> 111767.87 | CL55: =+IF(CG55="N/A","N/A",ROUND(AVERAGE(CG55:CJ55),0)) -> 138667 | CM55: =+IF(CK55="N/A","N/A",AVERAGE(CK55:CL55)) -> 125217.43 | CO55: 119191.64 | CP55: 125974.9 | CR55: 90067.792 | CS55: =+IF(CO55="N/A","N/A",MIN(CO55:CR55)) -> 90067.792 | CT55: =+IF(CO55="N/A","N/A",ROUND(AVERAGE(CO55:CR55),0)) -> 111745 | CU55: =+IF(CS55="N/A","N/A",AVERAGE(CS55:CT55)) -> 100906.4 | CW55: 135300 | CX55: 143000 | CZ55: 102240.16 | DA55: =+IF(CW55="N/A","N/A",MIN(CW55:CZ55)) -> 102240.16 | DB55: =+IF(CW55="N/A","N/A",ROUND(AVERAGE(CW55:CZ55),0)) -> 126847 | DC55: =+IF(DA55="N/A","N/A",AVERAGE(DA55:DB55)) -> 114543.58 | DE55: 106198.9 | DF55: 112242.74 | DH55: 80249.76 | DI55: =+IF(DE55="N/A","N/A",MIN(DE55:DH55)) -> 80249.76 | DJ55: =+IF(DE55="N/A","N/A",ROUND(AVERAGE(DE55:DH55),0)) -> 99564 | DK55: =+IF(DI55="N/A","N/A",AVERAGE(DI55:DJ55)) -> 89906.88 | DM55: 108429.14 | DN55: 114599.9 | DP55: 81935.052 | DQ55: =+IF(DM55="N/A","N/A",MIN(DM55:DP55)) -> 81935.052 | DR55: =+IF(DM55="N/A","N/A",ROUND(AVERAGE(DM55:DP55),0)) -> 101655 | DS55: =+IF(DQ55="N/A","N/A",AVERAGE(DQ55:DR55)) -> 91795.026 | DV55: 101820.31 | DY55: =+IF(DU55="N/A","N/A",MIN(DU55:DX55)) -> 101820.31 | DZ55: =+IF(DU55="N/A","N/A",ROUND(AVERAGE(DU55:DX55),0)) -> 101820 | EA55: =+IF(DY55="N/A","N/A",AVERAGE(DY55:DZ55)) -> 101820.16 | ED55: 173333.33 | EG55: =+IF(EC55="N/A","N/A",MIN(EC55:EF55)) -> 173333.33 | EH55: =+IF(EC55="N/A","N/A",ROUND(AVERAGE(EC55:EF55),0)) -> 173333 | EI55: =+IF(EG55="N/A","N/A",AVERAGE(EG55:EH55)) -> 173333.17 | EL55: 123500 | EO55: =+IF(EK55="N/A","N/A",MIN(EK55:EN55)) -> 123500 | EP55: =+IF(EK55="N/A","N/A",ROUND(AVERAGE(EK55:EN55),0)) -> 123500 | EQ55: =+IF(EO55="N/A","N/A",AVERAGE(EO55:EP55)) -> 123500
A56: 39 | B56: Guardapolvo Brazo De Direccion | C56: 1 | E56: 66305.281 | F56: 70078.753 | H56: 50103.936 | I56: =+IF(E56="N/A","N/A",MIN(E56:H56)) -> 50103.936 | J56: =+IF(E56="N/A","N/A",ROUND(AVERAGE(E56:H56),0)) -> 62163 | K56: =+IF(I56="N/A","N/A",AVERAGE(I56:J56)) -> 56133.468 | M56: 71750 | N56: 75833.333 | P56: 54218.267 | Q56: =+IF(M56="N/A","N/A",MIN(M56:P56)) -> 54218.267 | R56: =+IF(M56="N/A","N/A",ROUND(AVERAGE(M56:P56),0)) -> 67267 | S56: =+IF(Q56="N/A","N/A",AVERAGE(Q56:R56)) -> 60742.633 | U56: N/A | V56: N/A | W56: N/A | X56: N/A | Y56: N/A | Z56: N/A | AA56: N/A | AC56: N/A | AD56: N/A | AE56: N/A | AF56: N/A | AG56: N/A | AH56: N/A | AI56: N/A | AK56: N/A | AL56: N/A | AM56: N/A | AN56: N/A | AO56: N/A | AP56: N/A | AQ56: N/A | AS56: N/A | AT56: N/A | AU56: N/A | AV56: N/A | AW56: N/A | AX56: N/A | AY56: N/A | BA56: 75850 | BB56: 80166.667 | BD56: 57316.453 | BE56: =+IF(BA56="N/A","N/A",MIN(BA56:BD56)) -> 57316.453 | BF56: =+IF(BA56="N/A","N/A",ROUND(AVERAGE(BA56:BD56),0)) -> 71111 | BG56: =+IF(BE56="N/A","N/A",AVERAGE(BE56:BF56)) -> 64213.727 | BI56: 75850 | BJ56: 80166.667 | BL56: 57316.453 | BM56: =+IF(BI56="N/A","N/A",MIN(BI56:BL56)) -> 57316.453 | BN56: =+IF(BI56="N/A","N/A",ROUND(AVERAGE(BI56:BL56),0)) -> 71111 | BO56: =+IF(BM56="N/A","N/A",AVERAGE(BM56:BN56)) -> 64213.727 | BQ56: 79950 | BR56: 84500 | BT56: 60414.64 | BU56: =+IF(BQ56="N/A","N/A",MIN(BQ56:BT56)) -> 60414.64 | BV56: =+IF(BQ56="N/A","N/A",ROUND(AVERAGE(BQ56:BT56),0)) -> 74955 | BW56: =+IF(BU56="N/A","N/A",AVERAGE(BU56:BV56)) -> 67684.82 | BY56: N/A | BZ56: N/A | CA56: N/A | CB56: N/A | CC56: N/A | CD56: N/A | CE56: N/A | CG56: 77653.396 | CH56: 82072.695 | CJ56: 58679.199 | CK56: =+IF(CG56="N/A","N/A",MIN(CG56:CJ56)) -> 58679.199 | CL56: =+IF(CG56="N/A","N/A",ROUND(AVERAGE(CG56:CJ56),0)) -> 72802 | CM56: =+IF(CK56="N/A","N/A",AVERAGE(CK56:CL56)) -> 65740.6 | CO56: 79190.896 | CP56: 83697.695 | CR56: 59841.019 | CS56: =+IF(CO56="N/A","N/A",MIN(CO56:CR56)) -> 59841.019 | CT56: =+IF(CO56="N/A","N/A",ROUND(AVERAGE(CO56:CR56),0)) -> 74243 | CU56: =+IF(CS56="N/A","N/A",AVERAGE(CS56:CT56)) -> 67042.01 | CW56: 82000 | CX56: 86666.667 | CZ56: 61963.733 | DA56: =+IF(CW56="N/A","N/A",MIN(CW56:CZ56)) -> 61963.733 | DB56: =+IF(CW56="N/A","N/A",ROUND(AVERAGE(CW56:CZ56),0)) -> 76877 | DC56: =+IF(DA56="N/A","N/A",AVERAGE(DA56:DB56)) -> 69420.367 | DE56: N/A | DF56: N/A | DG56: N/A | DH56: N/A | DI56: N/A | DJ56: N/A | DK56: N/A | DM56: N/A | DN56: N/A | DO56: N/A | DP56: N/A | DQ56: N/A | DR56: N/A | DS56: N/A | DU56: N/A | DV56: N/A | DX56: N/A | DY56: N/A | DZ56: N/A | EA56: N/A | ED56: 86666.667 | EG56: =+IF(EC56="N/A","N/A",MIN(EC56:EF56)) -> 86666.667 | EH56: =+IF(EC56="N/A","N/A",ROUND(AVERAGE(EC56:EF56),0)) -> 86667 | EI56: =+IF(EG56="N/A","N/A",AVERAGE(EG56:EH56)) -> 86666.833 | EK56: N/A | EL56: N/A | EM56: N/A | EN56: N/A | EO56: N/A | EP56: N/A | EQ56: N/A
A57: 40 | B57: Buje Colgante De Muelle | C57: 1 | E57: 69404.471 | F57: 73354.319 | H57: 52445.855 | I57: =+IF(E57="N/A","N/A",MIN(E57:H57)) -> 52445.855 | J57: =+IF(E57="N/A","N/A",ROUND(AVERAGE(E57:H57),0)) -> 65068 | K57: =+IF(I57="N/A","N/A",AVERAGE(I57:J57)) -> 58756.928 | M57: 86100 | N57: 91000 | P57: 65061.92 | Q57: =+IF(M57="N/A","N/A",MIN(M57:P57)) -> 65061.92 | R57: =+IF(M57="N/A","N/A",ROUND(AVERAGE(M57:P57),0)) -> 80721 | S57: =+IF(Q57="N/A","N/A",AVERAGE(Q57:R57)) -> 72891.46 | U57: N/A | V57: N/A | W57: N/A | X57: N/A | Y57: N/A | Z57: N/A | AA57: N/A | AC57: N/A | AD57: N/A | AE57: N/A | AF57: N/A | AG57: N/A | AH57: N/A | AI57: N/A | AK57: 78608.485 | AL57: 83082.138 | AN57: 59400.917 | AO57: =+IF(AK57="N/A","N/A",MIN(AK57:AN57)) -> 59400.917 | AP57: =+IF(AK57="N/A","N/A",ROUND(AVERAGE(AK57:AN57),0)) -> 73697 | AQ57: =+IF(AO57="N/A","N/A",AVERAGE(AO57:AP57)) -> 66548.958 | AS57: N/A | AT57: N/A | AU57: N/A | AV57: N/A | AW57: N/A | AX57: N/A | AY57: N/A | BA57: 106600 | BB57: 112666.67 | BD57: 80552.853 | BE57: =+IF(BA57="N/A","N/A",MIN(BA57:BD57)) -> 80552.853 | BF57: =+IF(BA57="N/A","N/A",ROUND(AVERAGE(BA57:BD57),0)) -> 99940 | BG57: =+IF(BE57="N/A","N/A",AVERAGE(BE57:BF57)) -> 90246.427 | BI57: 106600 | BJ57: 112666.67 | BL57: 80552.853 | BM57: =+IF(BI57="N/A","N/A",MIN(BI57:BL57)) -> 80552.853 | BN57: =+IF(BI57="N/A","N/A",ROUND(AVERAGE(BI57:BL57),0)) -> 99940 | BO57: =+IF(BM57="N/A","N/A",AVERAGE(BM57:BN57)) -> 90246.427 | BQ57: N/A | BR57: N/A | BS57: N/A | BT57: N/A | BU57: N/A | BV57: N/A | BW57: N/A | BY57: N/A | BZ57: N/A | CA57: N/A | CB57: N/A | CC57: N/A | CD57: N/A | CE57: N/A | CG57: N/A | CH57: N/A | CI57: N/A | CJ57: N/A | CK57: N/A | CL57: N/A | CM57: N/A | CO57: N/A | CP57: N/A | CQ57: N/A | CR57: N/A | CS57: N/A | CT57: N/A | CU57: N/A | CW57: N/A | CX57: N/A | CY57: N/A | CZ57: N/A | DA57: N/A | DB57: N/A | DC57: N/A | DE57: N/A | DF57: N/A | DG57: N/A | DH57: N/A | DI57: N/A | DJ57: N/A | DK57: N/A | DM57: N/A | DN57: N/A | DO57: N/A | DP57: N/A | DQ57: N/A | DR57: N/A | DS57: N/A | DU57: N/A | DV57: N/A | DX57: N/A | DY57: N/A | DZ57: N/A | EA57: N/A | EC57: N/A | ED57: N/A | EE57: N/A | EF57: N/A | EG57: N/A | EH57: N/A | EI57: N/A | EK57: N/A | EL57: N/A | EM57: N/A | EN57: N/A | EO57: N/A | EP57: N/A | EQ57: N/A
A58: 41 | B58: Bujes Muelles Traseros | C58: 1 | E58: 143134.51 | F58: 151280.37 | H58: 108160.35 | I58: =+IF(E58="N/A","N/A",MIN(E58:H58)) -> 108160.35 | J58: =+IF(E58="N/A","N/A",ROUND(AVERAGE(E58:H58),0)) -> 134192 | K58: =+IF(I58="N/A","N/A",AVERAGE(I58:J58)) -> 121176.17 | M58: 165025 | N58: 174416.67 | P58: 124702.01 | Q58: =+IF(M58="N/A","N/A",MIN(M58:P58)) -> 124702.01 | R58: =+IF(M58="N/A","N/A",ROUND(AVERAGE(M58:P58),0)) -> 154715 | S58: =+IF(Q58="N/A","N/A",AVERAGE(Q58:R58)) -> 139708.51 | U58: N/A | V58: N/A | W58: N/A | X58: N/A | Y58: N/A | Z58: N/A | AA58: N/A | AC58: N/A | AD58: N/A | AE58: N/A | AF58: N/A | AG58: N/A | AH58: N/A | AI58: N/A | AK58: 156058.35 | AL58: 164939.72 | AN58: 117926.32 | AO58: =+IF(AK58="N/A","N/A",MIN(AK58:AN58)) -> 117926.32 | AP58: =+IF(AK58="N/A","N/A",ROUND(AVERAGE(AK58:AN58),0)) -> 146308 | AQ58: =+IF(AO58="N/A","N/A",AVERAGE(AO58:AP58)) -> 132117.16 | AS58: N/A | AT58: N/A | AU58: N/A | AV58: N/A | AW58: N/A | AX58: N/A | AY58: N/A | BA58: 188600 | BB58: 199333.33 | BD58: 142516.59 | BE58: =+IF(BA58="N/A","N/A",MIN(BA58:BD58)) -> 142516.59 | BF58: =+IF(BA58="N/A","N/A",ROUND(AVERAGE(BA58:BD58),0)) -> 176817 | BG58: =+IF(BE58="N/A","N/A",AVERAGE(BE58:BF58)) -> 159666.79 | BI58: 188600 | BJ58: 199333.33 | BL58: 142516.59 | BM58: =+IF(BI58="N/A","N/A",MIN(BI58:BL58)) -> 142516.59 | BN58: =+IF(BI58="N/A","N/A",ROUND(AVERAGE(BI58:BL58),0)) -> 176817 | BO58: =+IF(BM58="N/A","N/A",AVERAGE(BM58:BN58)) -> 159666.79 | BQ58: N/A | BR58: N/A | BS58: N/A | BT58: N/A | BU58: N/A | BV58: N/A | BW58: N/A | BY58: N/A | BZ58: N/A | CA58: N/A | CB58: N/A | CC58: N/A | CD58: N/A | CE58: N/A | CG58: N/A | CH58: N/A | CI58: N/A | CJ58: N/A | CK58: N/A | CL58: N/A | CM58: N/A | CO58: N/A | CP58: N/A | CQ58: N/A | CR58: N/A | CS58: N/A | CT58: N/A | CU58: N/A | CW58: N/A | CX58: N/A | CY58: N/A | CZ58: N/A | DA58: N/A | DB58: N/A | DC58: N/A | DE58: N/A | DF58: N/A | DG58: N/A | DH58: N/A | DI58: N/A | DJ58: N/A | DK58: N/A | DM58: N/A | DN58: N/A | DO58: N/A | DP58: N/A | DQ58: N/A | DR58: N/A | DS58: N/A | DU58: N/A | DV58: N/A | DX58: N/A | DY58: N/A | DZ58: N/A | EA58: N/A | EC58: N/A | ED58: N/A | EE58: N/A | EF58: N/A | EG58: N/A | EH58: N/A | EI58: N/A | EK58: N/A | EL58: N/A | EM58: N/A | EN58: N/A | EO58: N/A | EP58: N/A | EQ58: N/A
A59: 42 | B59: Antiruido De Muelles | C59: 1 | E59: 56776.036 | F59: 60007.193 | H59: 42903.112 | I59: =+IF(E59="N/A","N/A",MIN(E59:H59)) -> 42903.112 | J59: =+IF(E59="N/A","N/A",ROUND(AVERAGE(E59:H59),0)) -> 53229 | K59: =+IF(I59="N/A","N/A",AVERAGE(I59:J59)) -> 48066.056 | M59: 65600 | N59: 69333.333 | P59: 49570.987 | Q59: =+IF(M59="N/A","N/A",MIN(M59:P59)) -> 49570.987 | R59: =+IF(M59="N/A","N/A",ROUND(AVERAGE(M59:P59),0)) -> 61501 | S59: =+IF(Q59="N/A","N/A",AVERAGE(Q59:R59)) -> 55535.993 | U59: N/A | V59: N/A | W59: N/A | X59: N/A | Y59: N/A | Z59: N/A | AA59: N/A | AC59: N/A | AD59: N/A | AE59: N/A | AF59: N/A | AG59: N/A | AH59: N/A | AI59: N/A | AK59: 61702.462 | AL59: 65213.984 | AN59: 46625.791 | AO59: =+IF(AK59="N/A","N/A",MIN(AK59:AN59)) -> 46625.791 | AP59: =+IF(AK59="N/A","N/A",ROUND(AVERAGE(AK59:AN59),0)) -> 57847 | AQ59: =+IF(AO59="N/A","N/A",AVERAGE(AO59:AP59)) -> 52236.396 | AS59: N/A | AT59: N/A | AU59: N/A | AV59: N/A | AW59: N/A | AX59: N/A | AY59: N/A | BA59: 77900 | BB59: 82333.333 | BD59: 58865.547 | BE59: =+IF(BA59="N/A","N/A",MIN(BA59:BD59)) -> 58865.547 | BF59: =+IF(BA59="N/A","N/A",ROUND(AVERAGE(BA59:BD59),0)) -> 73033 | BG59: =+IF(BE59="N/A","N/A",AVERAGE(BE59:BF59)) -> 65949.273 | BI59: 77900 | BJ59: 82333.333 | BL59: 58865.547 | BM59: =+IF(BI59="N/A","N/A",MIN(BI59:BL59)) -> 58865.547 | BN59: =+IF(BI59="N/A","N/A",ROUND(AVERAGE(BI59:BL59),0)) -> 73033 | BO59: =+IF(BM59="N/A","N/A",AVERAGE(BM59:BN59)) -> 65949.273 | BQ59: N/A | BR59: N/A | BS59: N/A | BT59: N/A | BU59: N/A | BV59: N/A | BW59: N/A | BY59: N/A | BZ59: N/A | CA59: N/A | CB59: N/A | CC59: N/A | CD59: N/A | CE59: N/A | CG59: N/A | CH59: N/A | CI59: N/A | CJ59: N/A | CK59: N/A | CL59: N/A | CM59: N/A | CO59: N/A | CP59: N/A | CQ59: N/A | CR59: N/A | CS59: N/A | CT59: N/A | CU59: N/A | CW59: N/A | CX59: N/A | CY59: N/A | CZ59: N/A | DA59: N/A | DB59: N/A | DC59: N/A | DE59: N/A | DF59: N/A | DG59: N/A | DH59: N/A | DI59: N/A | DJ59: N/A | DK59: N/A | DM59: N/A | DN59: N/A | DO59: N/A | DP59: N/A | DQ59: N/A | DR59: N/A | DS59: N/A | DU59: N/A | DV59: N/A | DX59: N/A | DY59: N/A | DZ59: N/A | EA59: N/A | EC59: N/A | ED59: N/A | EE59: N/A | EF59: N/A | EG59: N/A | EH59: N/A | EI59: N/A | EK59: N/A | EL59: N/A | EM59: N/A | EN59: N/A | EO59: N/A | EP59: N/A | EQ59: N/A
A60: 43 | B60: Brazo Auxiliar | C60: 1 | E60: N/A | F60: N/A | G60: N/A | H60: N/A | I60: N/A | J60: N/A | K60: N/A | M60: N/A | N60: N/A | O60: N/A | P60: N/A | Q60: N/A | R60: N/A | S60: N/A | U60: N/A | V60: N/A | W60: N/A | X60: N/A | Y60: N/A | Z60: N/A | AA60: N/A | AC60: N/A | AD60: N/A | AE60: N/A | AF60: N/A | AG60: N/A | AH60: N/A | AI60: N/A | AK60: 396505.8 | AL60: 419071.17 | AN60: 299621.7 | AO60: =+IF(AK60="N/A","N/A",MIN(AK60:AN60)) -> 299621.7 | AP60: =+IF(AK60="N/A","N/A",ROUND(AVERAGE(AK60:AN60),0)) -> 371733 | AQ60: =+IF(AO60="N/A","N/A",AVERAGE(AO60:AP60)) -> 335677.35 | AS60: N/A | AT60: N/A | AU60: N/A | AV60: N/A | AW60: N/A | AX60: N/A | AY60: N/A | BA60: 457150 | BB60: 483166.67 | BD60: 345447.81 | BE60: =+IF(BA60="N/A","N/A",MIN(BA60:BD60)) -> 345447.81 | BF60: =+IF(BA60="N/A","N/A",ROUND(AVERAGE(BA60:BD60),0)) -> 428588 | BG60: =+IF(BE60="N/A","N/A",AVERAGE(BE60:BF60)) -> 387017.91 | BI60: 457150 | BJ60: 483166.67 | BL60: 345447.81 | BM60: =+IF(BI60="N/A","N/A",MIN(BI60:BL60)) -> 345447.81 | BN60: =+IF(BI60="N/A","N/A",ROUND(AVERAGE(BI60:BL60),0)) -> 428588 | BO60: =+IF(BM60="N/A","N/A",AVERAGE(BM60:BN60)) -> 387017.91 | BQ60: N/A | BR60: N/A | BS60: N/A | BT60: N/A | BU60: N/A | BV60: N/A | BW60: N/A | BY60: N/A | BZ60: N/A | CA60: N/A | CB60: N/A | CC60: N/A | CD60: N/A | CE60: N/A | CG60: N/A | CH60: N/A | CI60: N/A | CJ60: N/A | CK60: N/A | CL60: N/A | CM60: N/A | CO60: N/A | CP60: N/A | CQ60: N/A | CR60: N/A | CS60: N/A | CT60: N/A | CU60: N/A | CW60: N/A | CX60: N/A | CY60: N/A | CZ60: N/A | DA60: N/A | DB60: N/A | DC60: N/A | DE60: N/A | DF60: N/A | DG60: N/A | DH60: N/A | DI60: N/A | DJ60: N/A | DK60: N/A | DM60: N/A | DN60: N/A | DO60: N/A | DP60: N/A | DQ60: N/A | DR60: N/A | DS60: N/A | DU60: N/A | DV60: N/A | DX60: N/A | DY60: N/A | DZ60: N/A | EA60: N/A | EC60: N/A | ED60: N/A | EE60: N/A | EF60: N/A | EG60: N/A | EH60: N/A | EI60: N/A | EK60: N/A | EL60: N/A | EM60: N/A | EN60: N/A | EO60: N/A | EP60: N/A | EQ60: N/A
A61: 44 | B61: Tijera Superior | C61: 1 | E61: 737876.11 | F61: 779869.06 | H61: 557579.99 | I61: =+IF(E61="N/A","N/A",MIN(E61:H61)) -> 557579.99 | J61: =+IF(E61="N/A","N/A",ROUND(AVERAGE(E61:H61),0)) -> 691775 | K61: =+IF(I61="N/A","N/A",AVERAGE(I61:J61)) -> 624677.49 | M61: 1137750 | N61: 1202500 | P61: 859746.8 | Q61: =+IF(M61="N/A","N/A",MIN(M61:P61)) -> 859746.8 | R61: =+IF(M61="N/A","N/A",ROUND(AVERAGE(M61:P61),0)) -> 1066666 | S61: =+IF(Q61="N/A","N/A",AVERAGE(Q61:R61)) -> 963206.4 | U61: N/A | V61: N/A | W61: N/A | X61: N/A | Y61: N/A | Z61: N/A | AA61: N/A | AC61: N/A | AD61: N/A | AE61: N/A | AF61: N/A | AG61: N/A | AH61: N/A | AI61: N/A | AK61: 742394.35 | AL61: 784644.43 | AN61: 560994.21 | AO61: =+IF(AK61="N/A","N/A",MIN(AK61:AN61)) -> 560994.21 | AP61: =+IF(AK61="N/A","N/A",ROUND(AVERAGE(AK61:AN61),0)) -> 696011 | AQ61: =+IF(AO61="N/A","N/A",AVERAGE(AO61:AP61)) -> 628502.61 | AS61: N/A | AT61: N/A | AU61: N/A | AV61: N/A | AW61: N/A | AX61: N/A | AY61: N/A | BA61: 1076250 | BB61: 1137500 | BD61: 813274 | BE61: =+IF(BA61="N/A","N/A",MIN(BA61:BD61)) -> 813274 | BF61: =+IF(BA61="N/A","N/A",ROUND(AVERAGE(BA61:BD61),0)) -> 1009008 | BG61: =+IF(BE61="N/A","N/A",AVERAGE(BE61:BF61)) -> 911141 | BI61: 1096750 | BJ61: 1159166.7 | BL61: 828764.93 | BM61: =+IF(BI61="N/A","N/A",MIN(BI61:BL61)) -> 828764.93 | BN61: =+IF(BI61="N/A","N/A",ROUND(AVERAGE(BI61:BL61),0)) -> 1028227 | BO61: =+IF(BM61="N/A","N/A",AVERAGE(BM61:BN61)) -> 928495.97 | BQ61: 1316100 | BR61: 1391000 | BT61: 994517.92 | BU61: =+IF(BQ61="N/A","N/A",MIN(BQ61:BT61)) -> 994517.92 | BV61: =+IF(BQ61="N/A","N/A",ROUND(AVERAGE(BQ61:BT61),0)) -> 1233873 | BW61: =+IF(BU61="N/A","N/A",AVERAGE(BU61:BV61)) -> 1114195.5 | BY61: N/A | BZ61: N/A | CA61: N/A | CB61: N/A | CC61: N/A | CD61: N/A | CE61: N/A | CG61: N/A | CH61: N/A | CI61: N/A | CJ61: N/A | CK61: N/A | CL61: N/A | CM61: N/A | CO61: N/A | CP61: N/A | CQ61: N/A | CR61: N/A | CS61: N/A | CT61: N/A | CU61: N/A | CW61: N/A | CX61: N/A | CY61: N/A | CZ61: N/A | DA61: N/A | DB61: N/A | DC61: N/A | DE61: N/A | DF61: N/A | DG61: N/A | DH61: N/A | DI61: N/A | DJ61: N/A | DK61: N/A | DM61: N/A | DN61: N/A | DO61: N/A | DP61: N/A | DQ61: N/A | DR61: N/A | DS61: N/A | DU61: N/A | DV61: N/A | DX61: N/A | DY61: N/A | DZ61: N/A | EA61: N/A | ED61: 1440833.3 | EG61: =+IF(EC61="N/A","N/A",MIN(EC61:EF61)) -> 1440833.3 | EH61: =+IF(EC61="N/A","N/A",ROUND(AVERAGE(EC61:EF61),0)) -> 1440833 | EI61: =+IF(EG61="N/A","N/A",AVERAGE(EG61:EH61)) -> 1440833.2 | EK61: N/A | EL61: N/A | EM61: N/A | EN61: N/A | EO61: N/A | EP61: N/A | EQ61: N/A
A62: 45 | B62: Tijera Inferior | C62: 1 | E62: 980146.61 | F62: 1035927.3 | H62: 740652.97 | I62: =+IF(E62="N/A","N/A",MIN(E62:H62)) -> 740652.97 | J62: =+IF(E62="N/A","N/A",ROUND(AVERAGE(E62:H62),0)) -> 918909 | K62: =+IF(I62="N/A","N/A",AVERAGE(I62:J62)) -> 829780.98 | M62: 1527250 | N62: 1614166.7 | P62: 1154074.5 | Q62: =+IF(M62="N/A","N/A",MIN(M62:P62)) -> 1154074.5 | R62: =+IF(M62="N/A","N/A",ROUND(AVERAGE(M62:P62),0)) -> 1431830 | S62: =+IF(Q62="N/A","N/A",AVERAGE(Q62:R62)) -> 1292952.3 | U62: 672976.31 | V62: 1072500 | X62: 508538.1 | Y62: =+IF(U62="N/A","N/A",MIN(U62:X62)) -> 508538.1 | Z62: =+IF(U62="N/A","N/A",ROUND(AVERAGE(U62:X62),0)) -> 751338 | AA62: =+IF(Y62="N/A","N/A",AVERAGE(Y62:Z62)) -> 629938.05 | AC62: 666898.94 | AD62: 704852.54 | AF62: 503945.71 | AG62: =+IF(AC62="N/A","N/A",MIN(AC62:AF62)) -> 503945.71 | AH62: =+IF(AC62="N/A","N/A",ROUND(AVERAGE(AC62:AF62),0)) -> 625232 | AI62: =+IF(AG62="N/A","N/A",AVERAGE(AG62:AH62)) -> 564588.86 | AK62: 798308.88 | AL62: 843741.09 | AN62: 603246.32 | AO62: =+IF(AK62="N/A","N/A",MIN(AK62:AN62)) -> 603246.32 | AP62: =+IF(AK62="N/A","N/A",ROUND(AVERAGE(AK62:AN62),0)) -> 748432 | AQ62: =+IF(AO62="N/A","N/A",AVERAGE(AO62:AP62)) -> 675839.16 | AS62: 670549.42 | AT62: 708710.77 | AV62: 506704.21 | AW62: =+IF(AS62="N/A","N/A",MIN(AS62:AV62)) -> 506704.21 | AX62: =+IF(AS62="N/A","N/A",ROUND(AVERAGE(AS62:AV62),0)) -> 628655 | AY62: =+IF(AW62="N/A","N/A",AVERAGE(AW62:AX62)) -> 567679.61 | BA62: 1197200 | BB62: 1265333.3 | BD62: 904670.51 | BE62: =+IF(BA62="N/A","N/A",MIN(BA62:BD62)) -> 904670.51 | BF62: =+IF(BA62="N/A","N/A",ROUND(AVERAGE(BA62:BD62),0)) -> 1122401 | BG62: =+IF(BE62="N/A","N/A",AVERAGE(BE62:BF62)) -> 1013535.8 | BI62: 1217700 | BJ62: 1287000 | BL62: 920161.44 | BM62: =+IF(BI62="N/A","N/A",MIN(BI62:BL62)) -> 920161.44 | BN62: =+IF(BI62="N/A","N/A",ROUND(AVERAGE(BI62:BL62),0)) -> 1141620 | BO62: =+IF(BM62="N/A","N/A",AVERAGE(BM62:BN62)) -> 1030890.7 | BQ62: 1519050 | BR62: 1605500 | BT62: 1147878.2 | BU62: =+IF(BQ62="N/A","N/A",MIN(BQ62:BT62)) -> 1147878.2 | BV62: =+IF(BQ62="N/A","N/A",ROUND(AVERAGE(BQ62:BT62),0)) -> 1424143 | BW62: =+IF(BU62="N/A","N/A",AVERAGE(BU62:BV62)) -> 1286010.6 | BY62: 1033200 | BZ62: 1092000 | CB62: 780743.04 | CC62: =+IF(BY62="N/A","N/A",MIN(BY62:CB62)) -> 780743.04 | CD62: =+IF(BY62="N/A","N/A",ROUND(AVERAGE(BY62:CB62),0)) -> 968648 | CE62: =+IF(CC62="N/A","N/A",AVERAGE(CC62:CD62)) -> 874695.52 | CG62: 1070519.8 | CH62: 1131443.7 | CJ62: 808943.96 | CK62: =+IF(CG62="N/A","N/A",MIN(CG62:CJ62)) -> 808943.96 | CL62: =+IF(CG62="N/A","N/A",ROUND(AVERAGE(CG62:CJ62),0)) -> 1003636 | CM62: =+IF(CK62="N/A","N/A",AVERAGE(CK62:CL62)) -> 906289.98 | CO62: 775302.41 | CP62: 819425.31 | CR62: 585861.36 | CS62: =+IF(CO62="N/A","N/A",MIN(CO62:CR62)) -> 585861.36 | CT62: =+IF(CO62="N/A","N/A",ROUND(AVERAGE(CO62:CR62),0)) -> 726863 | CU62: =+IF(CS62="N/A","N/A",AVERAGE(CS62:CT62)) -> 656362.18 | CW62: 971700 | CX62: 1027000 | CZ62: 734270.24 | DA62: =+IF(CW62="N/A","N/A",MIN(CW62:CZ62)) -> 734270.24 | DB62: =+IF(CW62="N/A","N/A",ROUND(AVERAGE(CW62:CZ62),0)) -> 910990 | DC62: =+IF(DA62="N/A","N/A",AVERAGE(DA62:DB62)) -> 822630.12 | DE62: 596230.36 | DF62: 630162.17 | DH62: 450544.62 | DI62: =+IF(DE62="N/A","N/A",MIN(DE62:DH62)) -> 450544.62 | DJ62: =+IF(DE62="N/A","N/A",ROUND(AVERAGE(DE62:DH62),0)) -> 558979 | DK62: =+IF(DI62="N/A","N/A",AVERAGE(DI62:DJ62)) -> 504761.81 | DM62: 675321.9 | DN62: 713754.85 | DP62: 510310.56 | DQ62: =+IF(DM62="N/A","N/A",MIN(DM62:DP62)) -> 510310.56 | DR62: =+IF(DM62="N/A","N/A",ROUND(AVERAGE(DM62:DP62),0)) -> 633129 | DS62: =+IF(DQ62="N/A","N/A",AVERAGE(DQ62:DR62)) -> 571719.78 | DV62: 704775.77 | DY62: =+IF(DU62="N/A","N/A",MIN(DU62:DX62)) -> 704775.77 | DZ62: =+IF(DU62="N/A","N/A",ROUND(AVERAGE(DU62:DX62),0)) -> 704776 | EA62: =+IF(DY62="N/A","N/A",AVERAGE(DY62:DZ62)) -> 704775.89 | ED62: 1627166.7 | EG62: =+IF(EC62="N/A","N/A",MIN(EC62:EF62)) -> 1627166.7 | EH62: =+IF(EC62="N/A","N/A",ROUND(AVERAGE(EC62:EF62),0)) -> 1627167 | EI62: =+IF(EG62="N/A","N/A",AVERAGE(EG62:EH62)) -> 1627166.8 | EL62: 1092000 | EO62: =+IF(EK62="N/A","N/A",MIN(EK62:EN62)) -> 1092000 | EP62: =+IF(EK62="N/A","N/A",ROUND(AVERAGE(EK62:EN62),0)) -> 1092000 | EQ62: =+IF(EO62="N/A","N/A",AVERAGE(EO62:EP62)) -> 1092000
A63: 46 | B63: Base Superior Amortiguador Delantero | C63: 1 | E63: N/A | F63: N/A | G63: N/A | H63: N/A | I63: N/A | J63: N/A | K63: N/A | M63: N/A | N63: N/A | O63: N/A | P63: N/A | Q63: N/A | R63: N/A | S63: N/A | U63: 331549.37 | V63: 437666.67 | X63: 250537.03 | Y63: =+IF(U63="N/A","N/A",MIN(U63:X63)) -> 250537.03 | Z63: =+IF(U63="N/A","N/A",ROUND(AVERAGE(U63:X63),0)) -> 339918 | AA63: =+IF(Y63="N/A","N/A",AVERAGE(Y63:Z63)) -> 295227.52 | AC63: 334107.51 | AD63: 353121.75 | AF63: 252470.1 | AG63: =+IF(AC63="N/A","N/A",MIN(AC63:AF63)) -> 252470.1 | AH63: =+IF(AC63="N/A","N/A",ROUND(AVERAGE(AC63:AF63),0)) -> 313233 | AI63: =+IF(AG63="N/A","N/A",AVERAGE(AG63:AH63)) -> 282851.55 | AK63: N/A | AL63: N/A | AM63: N/A | AN63: N/A | AO63: N/A | AP63: N/A | AQ63: N/A | AS63: 320690.86 | AT63: 338941.56 | AV63: 242331.74 | AW63: =+IF(AS63="N/A","N/A",MIN(AS63:AV63)) -> 242331.74 | AX63: =+IF(AS63="N/A","N/A",ROUND(AVERAGE(AS63:AV63),0)) -> 300655 | AY63: =+IF(AW63="N/A","N/A",AVERAGE(AW63:AX63)) -> 271493.37 | BA63: 336200 | BB63: 355333.33 | BD63: 254051.31 | BE63: =+IF(BA63="N/A","N/A",MIN(BA63:BD63)) -> 254051.31 | BF63: =+IF(BA63="N/A","N/A",ROUND(AVERAGE(BA63:BD63),0)) -> 315195 | BG63: =+IF(BE63="N/A","N/A",AVERAGE(BE63:BF63)) -> 284623.15 | BI63: 356700 | BJ63: 377000 | BL63: 269542.24 | BM63: =+IF(BI63="N/A","N/A",MIN(BI63:BL63)) -> 269542.24 | BN63: =+IF(BI63="N/A","N/A",ROUND(AVERAGE(BI63:BL63),0)) -> 334414 | BO63: =+IF(BM63="N/A","N/A",AVERAGE(BM63:BN63)) -> 301978.12 | BQ63: 405900 | BR63: 429000 | BT63: 306720.48 | BU63: =+IF(BQ63="N/A","N/A",MIN(BQ63:BT63)) -> 306720.48 | BV63: =+IF(BQ63="N/A","N/A",ROUND(AVERAGE(BQ63:BT63),0)) -> 380540 | BW63: =+IF(BU63="N/A","N/A",AVERAGE(BU63:BV63)) -> 343630.24 | BY63: 414100 | BZ63: 437666.67 | CB63: 312916.85 | CC63: =+IF(BY63="N/A","N/A",MIN(BY63:CB63)) -> 312916.85 | CD63: =+IF(BY63="N/A","N/A",ROUND(AVERAGE(BY63:CB63),0)) -> 388228 | CE63: =+IF(CC63="N/A","N/A",AVERAGE(CC63:CD63)) -> 350572.43 | CG63: 332338.08 | CH63: 351251.62 | CJ63: 251133.02 | CK63: =+IF(CG63="N/A","N/A",MIN(CG63:CJ63)) -> 251133.02 | CL63: =+IF(CG63="N/A","N/A",ROUND(AVERAGE(CG63:CJ63),0)) -> 311574 | CM63: =+IF(CK63="N/A","N/A",AVERAGE(CK63:CL63)) -> 281353.51 | CO63: 375731.62 | CP63: 397114.72 | CR63: 283923.58 | CS63: =+IF(CO63="N/A","N/A",MIN(CO63:CR63)) -> 283923.58 | CT63: =+IF(CO63="N/A","N/A",ROUND(AVERAGE(CO63:CR63),0)) -> 352257 | CU63: =+IF(CS63="N/A","N/A",AVERAGE(CS63:CT63)) -> 318090.29 | CW63: 438700 | CX63: 463666.67 | CZ63: 331505.97 | DA63: =+IF(CW63="N/A","N/A",MIN(CW63:CZ63)) -> 331505.97 | DB63: =+IF(CW63="N/A","N/A",ROUND(AVERAGE(CW63:CZ63),0)) -> 411291 | DC63: =+IF(DA63="N/A","N/A",AVERAGE(DA63:DB63)) -> 371398.49 | DE63: 299039.58 | DF63: 316058.09 | DH63: 225970.84 | DI63: =+IF(DE63="N/A","N/A",MIN(DE63:DH63)) -> 225970.84 | DJ63: =+IF(DE63="N/A","N/A",ROUND(AVERAGE(DE63:DH63),0)) -> 280356 | DK63: =+IF(DI63="N/A","N/A",AVERAGE(DI63:DJ63)) -> 253163.42 | DM63: 359128.36 | DN63: 379566.56 | DP63: 271377.24 | DQ63: =+IF(DM63="N/A","N/A",MIN(DM63:DP63)) -> 271377.24 | DR63: =+IF(DM63="N/A","N/A",ROUND(AVERAGE(DM63:DP63),0)) -> 336691 | DS63: =+IF(DQ63="N/A","N/A",AVERAGE(DQ63:DR63)) -> 304034.12 | DV63: 407293.03 | DY63: =+IF(DU63="N/A","N/A",MIN(DU63:DX63)) -> 407293.03 | DZ63: =+IF(DU63="N/A","N/A",ROUND(AVERAGE(DU63:DX63),0)) -> 407293 | EA63: =+IF(DY63="N/A","N/A",AVERAGE(DY63:DZ63)) -> 407293.02 | ED63: 522166.67 | EG63: =+IF(EC63="N/A","N/A",MIN(EC63:EF63)) -> 522166.67 | EH63: =+IF(EC63="N/A","N/A",ROUND(AVERAGE(EC63:EF63),0)) -> 522167 | EI63: =+IF(EG63="N/A","N/A",AVERAGE(EG63:EH63)) -> 522166.83 | EL63: 437666.67 | EO63: =+IF(EK63="N/A","N/A",MIN(EK63:EN63)) -> 437666.67 | EP63: =+IF(EK63="N/A","N/A",ROUND(AVERAGE(EK63:EN63),0)) -> 437667 | EQ63: =+IF(EO63="N/A","N/A",AVERAGE(EO63:EP63)) -> 437666.83
A64: 47 | B64: Base Superior Amortiguador Trasero | C64: 1 | E64: N/A | F64: N/A | G64: N/A | H64: N/A | I64: N/A | J64: N/A | K64: N/A | M64: N/A | N64: N/A | O64: N/A | P64: N/A | Q64: N/A | R64: N/A | S64: N/A | U64: 318194.31 | V64: 413833.33 | X64: 240445.21 | Y64: =+IF(U64="N/A","N/A",MIN(U64:X64)) -> 240445.21 | Z64: =+IF(U64="N/A","N/A",ROUND(AVERAGE(U64:X64),0)) -> 324158 | AA64: =+IF(Y64="N/A","N/A",AVERAGE(Y64:Z64)) -> 282301.61 | AC64: 311746.29 | AD64: 329487.95 | AF64: 235572.73 | AG64: =+IF(AC64="N/A","N/A",MIN(AC64:AF64)) -> 235572.73 | AH64: =+IF(AC64="N/A","N/A",ROUND(AVERAGE(AC64:AF64),0)) -> 292269 | AI64: =+IF(AG64="N/A","N/A",AVERAGE(AG64:AH64)) -> 263920.87 | AK64: N/A | AL64: N/A | AM64: N/A | AN64: N/A | AO64: N/A | AP64: N/A | AQ64: N/A | AS64: 298329.65 | AT64: 315307.76 | AV64: 225434.37 | AW64: =+IF(AS64="N/A","N/A",MIN(AS64:AV64)) -> 225434.37 | AX64: =+IF(AS64="N/A","N/A",ROUND(AVERAGE(AS64:AV64),0)) -> 279691 | AY64: =+IF(AW64="N/A","N/A",AVERAGE(AW64:AX64)) -> 252562.69 | BA64: 336200 | BB64: 355333.33 | BD64: 254051.31 | BE64: =+IF(BA64="N/A","N/A",MIN(BA64:BD64)) -> 254051.31 | BF64: =+IF(BA64="N/A","N/A",ROUND(AVERAGE(BA64:BD64),0)) -> 315195 | BG64: =+IF(BE64="N/A","N/A",AVERAGE(BE64:BF64)) -> 284623.15 | BI64: 356700 | BJ64: 377000 | BL64: 269542.24 | BM64: =+IF(BI64="N/A","N/A",MIN(BI64:BL64)) -> 269542.24 | BN64: =+IF(BI64="N/A","N/A",ROUND(AVERAGE(BI64:BL64),0)) -> 334414 | BO64: =+IF(BM64="N/A","N/A",AVERAGE(BM64:BN64)) -> 301978.12 | BQ64: 405900 | BR64: 429000 | BT64: 306720.48 | BU64: =+IF(BQ64="N/A","N/A",MIN(BQ64:BT64)) -> 306720.48 | BV64: =+IF(BQ64="N/A","N/A",ROUND(AVERAGE(BQ64:BT64),0)) -> 380540 | BW64: =+IF(BU64="N/A","N/A",AVERAGE(BU64:BV64)) -> 343630.24 | BY64: 391550 | BZ64: 413833.33 | CB64: 295876.83 | CC64: =+IF(BY64="N/A","N/A",MIN(BY64:CB64)) -> 295876.83 | CD64: =+IF(BY64="N/A","N/A",ROUND(AVERAGE(BY64:CB64),0)) -> 367087 | CE64: =+IF(CC64="N/A","N/A",AVERAGE(CC64:CD64)) -> 331481.91 | CG64: 327043.98 | CH64: 345656.24 | CJ64: 247132.51 | CK64: =+IF(CG64="N/A","N/A",MIN(CG64:CJ64)) -> 247132.51 | CL64: =+IF(CG64="N/A","N/A",ROUND(AVERAGE(CG64:CJ64),0)) -> 306611 | CM64: =+IF(CK64="N/A","N/A",AVERAGE(CK64:CL64)) -> 276871.76 | CO64: 265810.22 | CP64: 280937.63 | CR64: 200860.89 | CS64: =+IF(CO64="N/A","N/A",MIN(CO64:CR64)) -> 200860.89 | CT64: =+IF(CO64="N/A","N/A",ROUND(AVERAGE(CO64:CR64),0)) -> 249203 | CU64: =+IF(CS64="N/A","N/A",AVERAGE(CS64:CT64)) -> 225031.95 | CW64: 336200 | CX64: 355333.33 | CZ64: 254051.31 | DA64: =+IF(CW64="N/A","N/A",MIN(CW64:CZ64)) -> 254051.31 | DB64: =+IF(CW64="N/A","N/A",ROUND(AVERAGE(CW64:CZ64),0)) -> 315195 | DC64: =+IF(DA64="N/A","N/A",AVERAGE(DA64:DB64)) -> 284623.15 | DE64: 250567.86 | DF64: 264827.82 | DH64: 189342.93 | DI64: =+IF(DE64="N/A","N/A",MIN(DE64:DH64)) -> 189342.93 | DJ64: =+IF(DE64="N/A","N/A",ROUND(AVERAGE(DE64:DH64),0)) -> 234913 | DK64: =+IF(DI64="N/A","N/A",AVERAGE(DI64:DJ64)) -> 212127.96 | DM64: 275911.44 | DN64: 291613.72 | DP64: 208493.94 | DQ64: =+IF(DM64="N/A","N/A",MIN(DM64:DP64)) -> 208493.94 | DR64: =+IF(DM64="N/A","N/A",ROUND(AVERAGE(DM64:DP64),0)) -> 258673 | DS64: =+IF(DQ64="N/A","N/A",AVERAGE(DQ64:DR64)) -> 233583.47 | DV64: 297685.59 | DY64: =+IF(DU64="N/A","N/A",MIN(DU64:DX64)) -> 297685.59 | DZ64: =+IF(DU64="N/A","N/A",ROUND(AVERAGE(DU64:DX64),0)) -> 297686 | EA64: =+IF(DY64="N/A","N/A",AVERAGE(DY64:DZ64)) -> 297685.79 | EC64: N/A | ED64: N/A | EE64: N/A | EF64: N/A | EG64: N/A | EH64: N/A | EI64: N/A | EL64: 413833.33 | EO64: =+IF(EK64="N/A","N/A",MIN(EK64:EN64)) -> 413833.33 | EP64: =+IF(EK64="N/A","N/A",ROUND(AVERAGE(EK64:EN64),0)) -> 413833 | EQ64: =+IF(EO64="N/A","N/A",AVERAGE(EO64:EP64)) -> 413833.17
B65: SISTEMA DE TRANSMISIÓN | P65: 0 | AV65: 0
A66: 48 | B66: Guardapolvo Semieje | C66: 1 | E66: 104688.12 | F66: 110645.98 | H66: 79108.132 | I66: =+IF(E66="N/A","N/A",MIN(E66:H66)) -> 79108.132 | J66: =+IF(E66="N/A","N/A",ROUND(AVERAGE(E66:H66),0)) -> 98147 | K66: =+IF(I66="N/A","N/A",AVERAGE(I66:J66)) -> 88627.566 | M66: 112750 | N66: 119166.67 | P66: 85200.133 | Q66: =+IF(M66="N/A","N/A",MIN(M66:P66)) -> 85200.133 | R66: =+IF(M66="N/A","N/A",ROUND(AVERAGE(M66:P66),0)) -> 105706 | S66: =+IF(Q66="N/A","N/A",AVERAGE(Q66:R66)) -> 95453.067 | U66: 90135.893 | V66: 99666.667 | X66: 68111.664 | Y66: =+IF(U66="N/A","N/A",MIN(U66:X66)) -> 68111.664 | Z66: =+IF(U66="N/A","N/A",ROUND(AVERAGE(U66:X66),0)) -> 85971 | AA66: =+IF(Y66="N/A","N/A",AVERAGE(Y66:Z66)) -> 77041.332 | AC66: 91349.78 | AD66: 96548.548 | AF66: 69028.944 | AG66: =+IF(AC66="N/A","N/A",MIN(AC66:AF66)) -> 69028.944 | AH66: =+IF(AC66="N/A","N/A",ROUND(AVERAGE(AC66:AF66),0)) -> 85642 | AI66: =+IF(AG66="N/A","N/A",AVERAGE(AG66:AH66)) -> 77335.472 | AK66: 111541.62 | AL66: 117889.52 | AN66: 84287.016 | AO66: =+IF(AK66="N/A","N/A",MIN(AK66:AN66)) -> 84287.016 | AP66: =+IF(AK66="N/A","N/A",ROUND(AVERAGE(AK66:AN66),0)) -> 104573 | AQ66: =+IF(AO66="N/A","N/A",AVERAGE(AO66:AP66)) -> 94430.008 | AS66: 91349.78 | AT66: 96548.548 | AV66: 69028.944 | AW66: =+IF(AS66="N/A","N/A",MIN(AS66:AV66)) -> 69028.944 | AX66: =+IF(AS66="N/A","N/A",ROUND(AVERAGE(AS66:AV66),0)) -> 85642 | AY66: =+IF(AW66="N/A","N/A",AVERAGE(AW66:AX66)) -> 77335.472 | BA66: 116850 | BB66: 123500 | BD66: 88298.32 | BE66: =+IF(BA66="N/A","N/A",MIN(BA66:BD66)) -> 88298.32 | BF66: =+IF(BA66="N/A","N/A",ROUND(AVERAGE(BA66:BD66),0)) -> 109549 | BG66: =+IF(BE66="N/A","N/A",AVERAGE(BE66:BF66)) -> 98923.66 | BI66: 116850 | BJ66: 123500 | BL66: 88298.32 | BM66: =+IF(BI66="N/A","N/A",MIN(BI66:BL66)) -> 88298.32 | BN66: =+IF(BI66="N/A","N/A",ROUND(AVERAGE(BI66:BL66),0)) -> 109549 | BO66: =+IF(BM66="N/A","N/A",AVERAGE(BM66:BN66)) -> 98923.66 | BQ66: 110700 | BR66: 117000 | BT66: 83651.04 | BU66: =+IF(BQ66="N/A","N/A",MIN(BQ66:BT66)) -> 83651.04 | BV66: =+IF(BQ66="N/A","N/A",ROUND(AVERAGE(BQ66:BT66),0)) -> 103784 | BW66: =+IF(BU66="N/A","N/A",AVERAGE(BU66:BV66)) -> 93717.52 | BY66: 96350 | BZ66: 101833.33 | CB66: 72807.387 | CC66: =+IF(BY66="N/A","N/A",MIN(BY66:CB66)) -> 72807.387 | CD66: =+IF(BY66="N/A","N/A",ROUND(AVERAGE(BY66:CB66),0)) -> 90330 | CE66: =+IF(CC66="N/A","N/A",AVERAGE(CC66:CD66)) -> 81568.693 | CG66: 109966.64 | CH66: 116224.9 | CJ66: 83096.872 | CK66: =+IF(CG66="N/A","N/A",MIN(CG66:CJ66)) -> 83096.872 | CL66: =+IF(CG66="N/A","N/A",ROUND(AVERAGE(CG66:CJ66),0)) -> 103096 | CM66: =+IF(CK66="N/A","N/A",AVERAGE(CK66:CL66)) -> 93096.436 | CO66: 111504.14 | CP66: 117849.9 | CR66: 84258.692 | CS66: =+IF(CO66="N/A","N/A",MIN(CO66:CR66)) -> 84258.692 | CT66: =+IF(CO66="N/A","N/A",ROUND(AVERAGE(CO66:CR66),0)) -> 104538 | CU66: =+IF(CS66="N/A","N/A",AVERAGE(CS66:CT66)) -> 94398.346 | CW66: 118900 | CX66: 125666.67 | CZ66: 89847.413 | DA66: =+IF(CW66="N/A","N/A",MIN(CW66:CZ66)) -> 89847.413 | DB66: =+IF(CW66="N/A","N/A",ROUND(AVERAGE(CW66:CZ66),0)) -> 111471 | DC66: =+IF(DA66="N/A","N/A",AVERAGE(DA66:DB66)) -> 100659.21 | DE66: 95962.28 | DF66: 101423.55 | DH66: 72514.404 | DI66: =+IF(DE66="N/A","N/A",MIN(DE66:DH66)) -> 72514.404 | DJ66: =+IF(DE66="N/A","N/A",ROUND(AVERAGE(DE66:DH66),0)) -> 89967 | DK66: =+IF(DI66="N/A","N/A",AVERAGE(DI66:DJ66)) -> 81240.702 | DM66: 96408.328 | DN66: 101894.98 | DP66: 72851.462 | DQ66: =+IF(DM66="N/A","N/A",MIN(DM66:DP66)) -> 72851.462 | DR66: =+IF(DM66="N/A","N/A",ROUND(AVERAGE(DM66:DP66),0)) -> 90385 | DS66: =+IF(DQ66="N/A","N/A",AVERAGE(DQ66:DR66)) -> 81618.231 | DV66: 100140.58 | DY66: =+IF(DU66="N/A","N/A",MIN(DU66:DX66)) -> 100140.58 | DZ66: =+IF(DU66="N/A","N/A",ROUND(AVERAGE(DU66:DX66),0)) -> 100141 | EA66: =+IF(DY66="N/A","N/A",AVERAGE(DY66:DZ66)) -> 100140.79 | ED66: 145166.67 | EG66: =+IF(EC66="N/A","N/A",MIN(EC66:EF66)) -> 145166.67 | EH66: =+IF(EC66="N/A","N/A",ROUND(AVERAGE(EC66:EF66),0)) -> 145167 | EI66: =+IF(EG66="N/A","N/A",AVERAGE(EG66:EH66)) -> 145166.83 | EL66: 101833.33 | EO66: =+IF(EK66="N/A","N/A",MIN(EK66:EN66)) -> 101833.33 | EP66: =+IF(EK66="N/A","N/A",ROUND(AVERAGE(EK66:EN66),0)) -> 101833 | EQ66: =+IF(EO66="N/A","N/A",AVERAGE(EO66:EP66)) -> 101833.17
A67: 49 | B67: Cruceta | C67: 1 | E67: 207485.77 | F67: 219293.9 | H67: 156787.72 | I67: =+IF(E67="N/A","N/A",MIN(E67:H67)) -> 156787.72 | J67: =+IF(E67="N/A","N/A",ROUND(AVERAGE(E67:H67),0)) -> 194522 | K67: =+IF(I67="N/A","N/A",AVERAGE(I67:J67)) -> 175654.86 | M67: 297250 | N67: 314166.67 | P67: 224618.53 | Q67: =+IF(M67="N/A","N/A",MIN(M67:P67)) -> 224618.53 | R67: =+IF(M67="N/A","N/A",ROUND(AVERAGE(M67:P67),0)) -> 278678 | S67: =+IF(Q67="N/A","N/A",AVERAGE(Q67:R67)) -> 251648.27 | U67: N/A | V67: N/A | W67: N/A | X67: N/A | Y67: N/A | Z67: N/A | AA67: N/A | AC67: N/A | AD67: N/A | AE67: N/A | AF67: N/A | AG67: N/A | AH67: N/A | AI67: N/A | AK67: 244642 | AL67: 258564.71 | AN67: 184865.02 | AO67: =+IF(AK67="N/A","N/A",MIN(AK67:AN67)) -> 184865.02 | AP67: =+IF(AK67="N/A","N/A",ROUND(AVERAGE(AK67:AN67),0)) -> 229357 | AQ67: =+IF(AO67="N/A","N/A",AVERAGE(AO67:AP67)) -> 207111.01 | AS67: N/A | AT67: N/A | AU67: N/A | AV67: N/A | AW67: N/A | AX67: N/A | AY67: N/A | BA67: 284950 | BB67: 301166.67 | BD67: 215323.97 | BE67: =+IF(BA67="N/A","N/A",MIN(BA67:BD67)) -> 215323.97 | BF67: =+IF(BA67="N/A","N/A",ROUND(AVERAGE(BA67:BD67),0)) -> 267147 | BG67: =+IF(BE67="N/A","N/A",AVERAGE(BE67:BF67)) -> 241235.49 | BI67: 284950 | BJ67: 301166.67 | BL67: 215323.97 | BM67: =+IF(BI67="N/A","N/A",MIN(BI67:BL67)) -> 215323.97 | BN67: =+IF(BI67="N/A","N/A",ROUND(AVERAGE(BI67:BL67),0)) -> 267147 | BO67: =+IF(BM67="N/A","N/A",AVERAGE(BM67:BN67)) -> 241235.49 | BQ67: 303400 | BR67: 320666.67 | BT67: 229265.81 | BU67: =+IF(BQ67="N/A","N/A",MIN(BQ67:BT67)) -> 229265.81 | BV67: =+IF(BQ67="N/A","N/A",ROUND(AVERAGE(BQ67:BT67),0)) -> 284444 | BW67: =+IF(BU67="N/A","N/A",AVERAGE(BU67:BV67)) -> 256854.91 | BY67: N/A | BZ67: N/A | CA67: N/A | CB67: N/A | CC67: N/A | CD67: N/A | CE67: N/A | CG67: 255052.33 | CH67: 269567.5 | CJ67: 192731.64 | CK67: =+IF(CG67="N/A","N/A",MIN(CG67:CJ67)) -> 192731.64 | CL67: =+IF(CG67="N/A","N/A",ROUND(AVERAGE(CG67:CJ67),0)) -> 239117 | CM67: =+IF(CK67="N/A","N/A",AVERAGE(CK67:CL67)) -> 215924.32 | CO67: 228777.06 | CP67: 241796.89 | CR67: 172876.59 | CS67: =+IF(CO67="N/A","N/A",MIN(CO67:CR67)) -> 172876.59 | CT67: =+IF(CO67="N/A","N/A",ROUND(AVERAGE(CO67:CR67),0)) -> 214484 | CU67: =+IF(CS67="N/A","N/A",AVERAGE(CS67:CT67)) -> 193680.3 | CW67: 272650 | CX67: 288166.67 | CZ67: 206029.41 | DA67: =+IF(CW67="N/A","N/A",MIN(CW67:CZ67)) -> 206029.41 | DB67: =+IF(CW67="N/A","N/A",ROUND(AVERAGE(CW67:CZ67),0)) -> 255615 | DC67: =+IF(DA67="N/A","N/A",AVERAGE(DA67:DB67)) -> 230822.21 | DE67: N/A | DF67: N/A | DG67: N/A | DH67: N/A | DI67: N/A | DJ67: N/A | DK67: N/A | DM67: N/A | DN67: N/A | DO67: N/A | DP67: N/A | DQ67: N/A | DR67: N/A | DS67: N/A | DU67: N/A | DV67: N/A | DX67: N/A | DY67: N/A | DZ67: N/A | EA67: N/A | ED67: 335833.33 | EG67: =+IF(EC67="N/A","N/A",MIN(EC67:EF67)) -> 335833.33 | EH67: =+IF(EC67="N/A","N/A",ROUND(AVERAGE(EC67:EF67),0)) -> 335833 | EI67: =+IF(EG67="N/A","N/A",AVERAGE(EG67:EH67)) -> 335833.17 | EK67: N/A | EL67: N/A | EM67: N/A | EN67: N/A | EO67: N/A | EP67: N/A | EQ67: N/A
A68: 50 | B68: Retenedor Eje De Cardan | C68: 1 | E68: 134509.92 | F68: 142164.96 | H68: 101643.13 | I68: =+IF(E68="N/A","N/A",MIN(E68:H68)) -> 101643.13 | J68: =+IF(E68="N/A","N/A",ROUND(AVERAGE(E68:H68),0)) -> 126106 | K68: =+IF(I68="N/A","N/A",AVERAGE(I68:J68)) -> 113874.57 | M68: 176300 | N68: 186333.33 | P68: 133222.03 | Q68: =+IF(M68="N/A","N/A",MIN(M68:P68)) -> 133222.03 | R68: =+IF(M68="N/A","N/A",ROUND(AVERAGE(M68:P68),0)) -> 165285 | S68: =+IF(Q68="N/A","N/A",AVERAGE(Q68:R68)) -> 149253.51 | U68: N/A | V68: N/A | W68: N/A | X68: N/A | Y68: N/A | Z68: N/A | AA68: N/A | AC68: N/A | AD68: N/A | AE68: N/A | AF68: N/A | AG68: N/A | AH68: N/A | AI68: N/A | AK68: 144567.9 | AL68: 152795.34 | AN68: 109243.5 | AO68: =+IF(AK68="N/A","N/A",MIN(AK68:AN68)) -> 109243.5 | AP68: =+IF(AK68="N/A","N/A",ROUND(AVERAGE(AK68:AN68),0)) -> 135536 | AQ68: =+IF(AO68="N/A","N/A",AVERAGE(AO68:AP68)) -> 122389.75 | AS68: N/A | AT68: N/A | AU68: N/A | AV68: N/A | AW68: N/A | AX68: N/A | AY68: N/A | BA68: 180400 | BB68: 190666.67 | BD68: 136320.21 | BE68: =+IF(BA68="N/A","N/A",MIN(BA68:BD68)) -> 136320.21 | BF68: =+IF(BA68="N/A","N/A",ROUND(AVERAGE(BA68:BD68),0)) -> 169129 | BG68: =+IF(BE68="N/A","N/A",AVERAGE(BE68:BF68)) -> 152724.61 | BI68: 180400 | BJ68: 190666.67 | BL68: 136320.21 | BM68: =+IF(BI68="N/A","N/A",MIN(BI68:BL68)) -> 136320.21 | BN68: =+IF(BI68="N/A","N/A",ROUND(AVERAGE(BI68:BL68),0)) -> 169129 | BO68: =+IF(BM68="N/A","N/A",AVERAGE(BM68:BN68)) -> 152724.61 | BQ68: 192700 | BR68: 203666.67 | BT68: 145614.77 | BU68: =+IF(BQ68="N/A","N/A",MIN(BQ68:BT68)) -> 145614.77 | BV68: =+IF(BQ68="N/A","N/A",ROUND(AVERAGE(BQ68:BT68),0)) -> 180660 | BW68: =+IF(BU68="N/A","N/A",AVERAGE(BU68:BV68)) -> 163137.39 | BY68: N/A | BZ68: N/A | CA68: N/A | CB68: N/A | CC68: N/A | CD68: N/A | CE68: N/A | CG68: 157651.64 | CH68: 166623.69 | CJ68: 119130.3 | CK68: =+IF(CG68="N/A","N/A",MIN(CG68:CJ68)) -> 119130.3 | CL68: =+IF(CG68="N/A","N/A",ROUND(AVERAGE(CG68:CJ68),0)) -> 147802 | CM68: =+IF(CK68="N/A","N/A",AVERAGE(CK68:CL68)) -> 133466.15 | CO68: 131045.16 | CP68: 138503.02 | CR68: 99024.968 | CS68: =+IF(CO68="N/A","N/A",MIN(CO68:CR68)) -> 99024.968 | CT68: =+IF(CO68="N/A","N/A",ROUND(AVERAGE(CO68:CR68),0)) -> 122858 | CU68: =+IF(CS68="N/A","N/A",AVERAGE(CS68:CT68)) -> 110941.48 | CW68: 153750 | CX68: 162500 | CZ68: 116182 | DA68: =+IF(CW68="N/A","N/A",MIN(CW68:CZ68)) -> 116182 | DB68: =+IF(CW68="N/A","N/A",ROUND(AVERAGE(CW68:CZ68),0)) -> 144144 | DC68: =+IF(DA68="N/A","N/A",AVERAGE(DA68:DB68)) -> 130163 | DE68: N/A | DF68: N/A | DG68: N/A | DH68: N/A | DI68: N/A | DJ68: N/A | DK68: N/A | DM68: N/A | DN68: N/A | DO68: N/A | DP68: N/A | DQ68: N/A | DR68: N/A | DS68: N/A | DU68: N/A | DV68: N/A | DX68: N/A | DY68: N/A | DZ68: N/A | EA68: N/A | ED68: 203666.67 | EG68: =+IF(EC68="N/A","N/A",MIN(EC68:EF68)) -> 203666.67 | EH68: =+IF(EC68="N/A","N/A",ROUND(AVERAGE(EC68:EF68),0)) -> 203667 | EI68: =+IF(EG68="N/A","N/A",AVERAGE(EG68:EH68)) -> 203666.83 | EK68: N/A | EL68: N/A | EM68: N/A | EN68: N/A | EO68: N/A | EP68: N/A | EQ68: N/A
